Workbook

Sheet Lote 1. Laboratorio 
A1: PROYECCION ECONOMICA LOTE 1. LABORATORIO | J1: COTIZACION 1 AVANTIKA | N1: COTIZACION 2 DEP S.A.S | R1: PROMEDIO
A2: ITEM | B2: Código UNSPC | C2: NOMBRE DEL PRODUCTO | D2: DESCRIPCIÓN DETALLADA DEL PRODUCTO | E2: Ilustración del Producto | F2: UNIDAD DE MEDIDA | G2: CANTIDAD | H2: OBSERVACIONES | I2: PROGRAMA DE FORMACION | J2: VALOR UNITARIO SIN IMPUESTO | K2: IMPUESTO APLICABLE | L2: VALOR UNITARIO CON IMPUESTO | M2: VALOR TOTAL CON IMPUESTO | N2: VALOR UNITARIO SIN IMPUESTO | O2: IMPUESTO APLICABLE | P2: VALOR UNITARIO CON IMPUESTO | Q2: VALOR TOTAL CON IMPUESTO | R2: VALOR UNITARIO CON IMPUESTO | S2: VALOR TOTAL CON IMPUESTO
A3: 1 | B3: 12161500 | C3: Material de Referencia Certificado para LECHE ENTERA LIQUIDA ó LECHE ENTERA EN POLVO en los parametros Proteína,Grasa,Acidez titulable | D3: Caracteristicas del item: Proteina 3,0% a 4,0% ; Grasa 2,8% a 5,0% Cantidad leche entera liquida: 200 mL ó Cantidad leche entera en polvo: 80 g fecha de vencimiento: 1 a 3 meses | F3: mL | G3: 2 | H3: De acuerdo a la norma ISO IEC 17025 en el numeral 6,4,1 El laboratorio debe tener acceso al equipamiento (incluidos pero sin limitarse a instrumentos de medición software patrones de medición materiales de referencia datos de referencia reactivos consumibles o aparatos auxiliares) que se requiere para el correcto desempeño de las actividades de laboratorio y que pueden influir en los resultados, NOTA 1 Existen muchos nombres para designar los materiales de referencia y los materiales de referencia certificados incluyendo patrones de referencia patrones de calibración materiales de referencia patrón y materiales de control de calidad, La Norma ISO 17034 contiene información adicional sobre productores de materiales de referencia (PMR), Los PMR que cumplan los requisitos de la Norma ISO 17034 se consideran competentes, Los materiales de referencia de PMR que cumplan con los requisitos de la Norma ISO 17034 se proporcionan con una hoja de información o certificado de producto que especifica entre otras características la homogeneidad y la estabilidad para las propiedades especificadas y para los materiales de referencia certificados las propiedades especificadas con valores certificados su incertidumbre de medición y la trazabilidad metrológica asociadas, NOTA 2 La Guía ISO 33 proporciona orientación para la selección y uso de los materiales de referencia, La Guía ISO 80 proporciona orientación para la preparación interna de los materiales de referencia utilizados para el control de la calidad, por lo cual es necesario adquirir este reactivo estandar para la verificación y /o validaión de la matriz leche liquida ó leche en polvo | I3: Proyecto SENNOVA 920868 | J3: 4697000 | K3: 0.19 | L3: =+(J3*K3)+J3 -> 5589430 | M3: =+L3*G3 -> 11178860 | R3: =+AVERAGE(L3,P3) -> 5589430 | S3: =+R3*G3 -> 11178860
A4: 2 | B4: 12161500 | C4: Material de Referencia Certificado para LECHE ENTERA LIQUIDA ó LECHE ENTERA EN POLVO ó SUERO EN POLVO en parametro pH | D4: Caracteristicas del item: pH Cantidad leche liquida: 100 mL ó cantidad leche en polvo: 80 g ó cantidad suero en polvo:80 g fecha de vencimiento: 1 a 3 meses | F4: mL | G4: 1 | H4: De acuerdo a la norma ISO IEC 17025 en el numeral 6,4,1 El laboratorio debe tener acceso al equipamiento (incluidos pero sin limitarse a instrumentos de medición software patrones de medición materiales de referencia datos de referencia reactivos consumibles o aparatos auxiliares) que se requiere para el correcto desempeño de las actividades de laboratorio y que pueden influir en los resultados, NOTA 1 Existen muchos nombres para designar los materiales de referencia y los materiales de referencia certificados incluyendo patrones de referencia patrones de calibración materiales de referencia patrón y materiales de control de calidad, La Norma ISO 17034 contiene información adicional sobre productores de materiales de referencia (PMR), Los PMR que cumplan los requisitos de la Norma ISO 17034 se consideran competentes, Los materiales de referencia de PMR que cumplan con los requisitos de la Norma ISO 17034 se proporcionan con una hoja de información o certificado de producto que especifica entre otras características la homogeneidad y la estabilidad para las propiedades especificadas y para los materiales de referencia certificados las propiedades especificadas con valores certificados su incertidumbre de medición y la trazabilidad metrológica asociadas, NOTA 2 La Guía ISO 33 proporciona orientación para la selección y uso de los materiales de referencia, La Guía ISO 80 proporciona orientación para la preparación interna de los materiales de referencia utilizados para el control de la calidad, por lo cual es necesario adquirir este reactivo estandar para la verificación y /o validaión de la matriz leche liquida ó leche en polvo | I4: Proyecto SENNOVA 920868 | J4: 4697000 | K4: 0.19 | L4: =+(J4*K4)+J4 -> 5589430 | M4: =+L4*G4 -> 5589430 | R4: =+AVERAGE(L4,P4) -> 5589430 | S4: =+R4*G4 -> 5589430
A5: 3 | B5: 12161500 | C5: Material de Referencia Certificado para LECHE LIQUIDA ENTERA ó LECHE ENTERA EN POLVO en el parametro Vitamina A | D5: cacteristicas del item: Vitamina A Cantidad leche entera liquida: 50 mL ó Cantidad leche entera en polvo: 20 g fecha de vencimiento: 1 a 3 meses | F5: g | G5: 1 | H5: De acuerdo a la norma ISO IEC 17025 en el numeral 6,4,1 El laboratorio debe tener acceso al equipamiento (incluidos pero sin limitarse a instrumentos de medición software patrones de medición materiales de referencia datos de referencia reactivos consumibles o aparatos auxiliares) que se requiere para el correcto desempeño de las actividades de laboratorio y que pueden influir en los resultados, NOTA 1 Existen muchos nombres para designar los materiales de referencia y los materiales de referencia certificados incluyendo patrones de referencia patrones de calibración materiales de referencia patrón y materiales de control de calidad, La Norma ISO 17034 contiene información adicional sobre productores de materiales de referencia (PMR), Los PMR que cumplan los requisitos de la Norma ISO 17034 se consideran competentes, Los materiales de referencia de PMR que cumplan con los requisitos de la Norma ISO 17034 se proporcionan con una hoja de información o certificado de producto que especifica entre otras características la homogeneidad y la estabilidad para las propiedades especificadas y para los materiales de referencia certificados las propiedades especificadas con valores certificados su incertidumbre de medición y la trazabilidad metrológica asociadas, NOTA 2 La Guía ISO 33 proporciona orientación para la selección y uso de los materiales de referencia, La Guía ISO 80 proporciona orientación para la preparación interna de los materiales de referencia utilizados para el control de la calidad, por lo cual es necesario adquirir este reactivo estandar para la verificación y /o validaión de la matriz leche liquida | I5: Proyecto SENNOVA 920868 | J5: 4697000 | K5: 0.19 | L5: =+(J5*K5)+J5 -> 5589430 | M5: =+L5*G5 -> 5589430 | R5: =+AVERAGE(L5,P5) -> 5589430 | S5: =+R5*G5 -> 5589430
A6: 4 | B6: 41121701 | C6: Frasco Mojonnier 21-23 mL | D6: Frasco Mojonnier 21-23 mL con tapon de caucho (tamaño5) | F6: mL | G6: 12 | H6: El laboratorio de Alimentos Y Bebidas Del Centro De Comercio Y Servicios Regional Atlántico con el fin ampliar la oferta de servicios y seindo apoyo al CVA busca desarrollar la metodologia determinación de grasa en derivados lacteos (leche yogurt entre otros) AOAC 989,05 ya que el laboratorio cuenta con mucho de los reactivos solo se necesitan los frascos Mojonnier, | I6: Proyecto SENNOVA 920868 | J6: 95000 | K6: 0.19 | L6: =+(J6*K6)+J6 -> 113050 | M6: =+L6*G6 -> 1356600 | N6: 103600 | O6: =+N6*19% -> 19684 | P6: =+N6+O6 -> 123284 | Q6: =+P6*G6 -> 1479408 | R6: =+AVERAGE(L6,P6) -> 118167 | S6: =+R6*G6 -> 1418004
A7: 5 | B7: 39101616 | C7: Lámpara de cátodo hueco de elemento de sodio (Na) | D7: P,N 5610128800 Lámpara de cátodo hueco de elemento único sin codificar de sodio (Na) para todos los instrumentos AAS con conector de base octal | F7: N,A | G7: 1 | H7: El laboratorio de Alimentos Y Bebidas Del Centro De Valor Agregados Regional Atlántico cuenta con un Espectrofometro de absorción Atomica modelo 200 serie AA 240 FS AA; placa SENA: 930214920, El equipo se utiliza en el laboratorio para la Determinación de metales en alimentos esta lampara de Cátodo hueco del elemento Sodio (Na) nos permitira determinar este metal que es vigilacia y obligatorio por la nueva resolución de etiquetado nutriciona 810 de 2021 se hace necesario darle continuidad a este servicio, Metodo de referencia AOAC 999,11 | I7: Proyecto SENNOVA 920868 | J7: 5540000 | K7: 0.19 | L7: =+(J7*K7)+J7 -> 6592600 | M7: =+L7*G7 -> 6592600 | N7: 6038600 | O7: =+N7*19% -> 1147334 | P7: =+N7+O7 -> 7185934 | Q7: =+P7*G7 -> 7185934 | R7: =+AVERAGE(L7,P7) -> 6889267 | S7: =+R7*G7 -> 6889267
A8: 6 | B8: 12161500 | C8: Solución estándar de zinc para AAS 1000 mg/L de Zn, x100mL (Reactivo) | D8: Solución estándar de zinc para AA: concentracion: 1000 mg/L de Zn, Presentación: 100 mL fecha de vencimiento: no menor a 2 años | F8: mL | G8: 1 | H8: El laboratorio de Alimentos Y Bebidas Del Centro De Valor Agregados Regional Atlántico cuenta con un Espectrofometro de absorción Atomica modelo 200 serie AA 240 FS AA; placa SENA: 930214920, El equipo se utiliza en el laboratorio para la Determinación de metales en alimentos esta reactivo estandar de Zn nos permitira evaluar el metal zinc que es de vigilacia y obligatorio por la nueva resolución de etiquetado nutriciona 810 de 2021 se hace necesario darle continuidad a este servicio, Metodo de referencia AOAC 999,11 | I8: Proyecto SENNOVA 920868 | J8: 450000 | K8: 0.19 | L8: =+(J8*K8)+J8 -> 535500 | M8: =+L8*G8 -> 535500 | N8: 477000 | O8: =+N8*19% -> 90630 | P8: =+N8+O8 -> 567630 | Q8: =+P8*G8 -> 567630 | R8: =+AVERAGE(L8,P8) -> 551565 | S8: =+R8*G8 -> 551565
A9: 7 | B9: 12161500 | C9: Solución estándar de sodio para AAS 1000 mg/L de Na, x100mL (Reactivo) | D9: Solución estándar de sodio para AA: concentracion: 1000 mg/L de Na, Presentación: 100 mL fecha de vencimiento: no menor a 2 años | F9: mL | G9: 1 | H9: El laboratorio de Alimentos Y Bebidas Del Centro De Valor Agregados Regional Atlántico cuenta con un Espectrofometro de absorción Atomica modelo 200 serie AA 240 FS AA; placa SENA: 930214920, El equipo se utiliza en el laboratorio para la Determinación de metales en alimentos esta reactivo estandar de Na nos permitira evaluar el metal sodio que es de vigilacia y obligatorio por la nueva resolución de etiquetado nutriciona 810 de 2021 se hace necesario darle continuidad a este servicio, Metodo de referencia AOAC 966,16 | I9: Proyecto SENNOVA 920868 | J9: 450001 | K9: 0.19 | L9: =+(J9*K9)+J9 -> 535501.19 | M9: =+L9*G9 -> 535501.19 | N9: 477001 | O9: =+N9*19% -> 90630.19 | P9: =+N9+O9 -> 567631.19 | Q9: =+P9*G9 -> 567631.19 | R9: =+AVERAGE(L9,P9) -> 551566.19 | S9: =+R9*G9 -> 551566.19
A10: 8 | B10: 12161500 | C10: Solución estándar de calcio para AAS 1000 mg/L de Ca, x100mL (Reactivo) | D10: Solución estándar de calcio para AA: concentracion: 1000 mg/L de Ca, Presentación: 100 mL fecha de vencimiento: no menor a 2 años | F10: mL | G10: 1 | H10: El laboratorio de Alimentos Y Bebidas Del Centro De Valor Agregados Regional Atlántico cuenta con un Espectrofometro de absorción Atomica modelo 200 serie AA 240 FS AA; placa SENA: 930214920, El equipo se utiliza en el laboratorio para la Determinación de metales en alimentos esta reactivo estandar de Ca nos permitira evaluar el metal calcio que es de vigilacia y obligatorio por la nueva resolución de etiquetado nutriciona 810 de 2021 se hace necesario darle continuidad a este servicio, Metodo de referencia AOAC 991,25 | I10: Proyecto SENNOVA 920868 | J10: 450002 | K10: 0.19 | L10: =+(J10*K10)+J10 -> 535502.38 | M10: =+L10*G10 -> 535502.38 | N10: 477002 | O10: =+N10*19% -> 90630.38 | P10: =+N10+O10 -> 567632.38 | Q10: =+P10*G10 -> 567632.38 | R10: =+AVERAGE(L10,P10) -> 551567.38 | S10: =+R10*G10 -> 551567.38
A11: 9 | B11: 12161500 | C11: Fenolftaleina indicador ACSReag, Ph Eur x 25gramos (Reactivo) | D11: Fenolftaleina: indicador ACSReag, Ph Eur concentracion: Grado analitico Presentación: 25 g fecha de vencimiento: no menor a 2 años | F11: g | G11: 1 | H11: El laboratorio de Alimentos Y Bebidas Del Centro De Comercio Y Servicios Regional Atlántico con el fin ampliar la oferta de servicios y seindo apoyo al CVA busca desarrollar la metodologia determinación de acidez proteina entre otros, Este reactivo es necesario para la determinación de alcalinidad, Este material es necesario para la determinación de acidez y proteina en alimentos | I11: Proyecto SENNOVA 920868 | J11: 200200 | K11: 0.19 | L11: =+(J11*K11)+J11 -> 238238 | M11: =+L11*G11 -> 238238 | N11: 210300 | O11: =+N11*19% -> 39957 | P11: =+N11+O11 -> 250257 | Q11: =+P11*G11 -> 250257 | R11: =+AVERAGE(L11,P11) -> 244247.5 | S11: =+R11*G11 -> 244247.5
A12: 10 | B12: 12161500 | C12: Hidroxido de Amonio 30% G,A X2,5L (Reactivo) | D12: Hidróxido amónico ACS concentración: 28-30 % Presentación: 2,5 L fecha de vencimiento: no menor a 2 años | F12: L | G12: 1 | H12: El laboratorio de Alimentos Y Bebidas Del Centro De Comercio Y Servicios Regional Atlántico con el fin ampliar la oferta de servicios y seindo apoyo al CVA busca desarrollar la metodologia determinación de grasa en derivados lacteos (leche yogurt entre otros) AOAC 989,05 ya que el laboratorio cuenta con mucho de los reactivos solo se necesita hidroxido d eamonio, | I12: Proyecto SENNOVA 920868 | J12: 328000 | K12: 0.19 | L12: =+(J12*K12)+J12 -> 390320 | M12: =+L12*G12 -> 390320 | N12: 357600 | O12: =+N12*19% -> 67944 | P12: =+N12+O12 -> 425544 | Q12: =+P12*G12 -> 425544 | R12: =+AVERAGE(L12,P12) -> 407932 | S12: =+R12*G12 -> 407932
A13: 11 | B13: 12161500 | C13: ACETONA grado HPLC X2,5 Litros (Reactivo) | D13: Acetona para cromatografía líquida LiChrosolv®, Fórmula química CH₃COCH₃ masa molar 5808 g/mol y número CAS 67-64-1, Presentación: 2,5 L fecha de vencimiento: no menor a 2 años | F13: L | G13: 1 | H13: El laboratorio de Alimentos Y Bebidas Del Centro De Comercio Y Servicios Regional Atlántico Cuenta con un equipo Cormatografo UHPLC Marca THERMO SCIENTIFIC, con el fin ampliar la oferta de servicios y siendo apoyo al CVA busca desarrollar la metodologia determinación de vitamina A en Leche liquida con el metodo de referencia AOAC 992,04, Por lo cual necesita este reactivo Acetona HPLC 95% para preparación de las soluciones y estandares de trabajo, | I13: Proyecto SENNOVA 920868 | J13: 756000 | K13: 0.19 | L13: =+(J13*K13)+J13 -> 899640 | M13: =+L13*G13 -> 899640 | N13: 809000 | O13: =+N13*19% -> 153710 | P13: =+N13+O13 -> 962710 | Q13: =+P13*G13 -> 962710 | R13: =+AVERAGE(L13,P13) -> 931175 | S13: =+R13*G13 -> 931175
A14: 12 | B14: 41121701 | C14: PARTE CENTRAL SOXLETH 500 ML | D14: 500 Ml Soxhlet Extractor Condensador Para Graham Laboratory x 2 unidades | F14: N,A | G14: 2 | H14: El laboratorio de Alimentos Y Bebidas Del Centro De Comercio Y Servicios Regional Atlántico con el fin ampliar la oferta de servicios y seindo apoyo al CVA busca desarrollar la metodologia determinación de grasa en derivados lacteos (leche yogurt entre otros) AOAC 989,05 ya que el laboratorio cuenta con mucho de los reactivos solo se necesitan los Condensadores (esmerilado que permita acoplar el condensador a la flauta) | I14: Proyecto SENNOVA 920868 | J14: 582000 | K14: 0.19 | L14: =+(J14*K14)+J14 -> 692580 | M14: =+L14*G14 -> 1385160 | N14: 634400 | O14: =+N14*19% -> 120536 | P14: =+N14+O14 -> 754936 | Q14: =+P14*G14 -> 1509872 | R14: =+AVERAGE(L14,P14) -> 723758 | S14: =+R14*G14 -> 1447516
A15: 13 | B15: 41121701 | C15: Condensador SOXHLET 1 ESMERILADO 45/40 300 mm | D15: 500 Ml Soxhlet Extractor Condensador Para Graham Laboratory x 2 unidades | F15: N,A | G15: 2 | H15: El laboratorio de Alimentos Y Bebidas Del Centro De Comercio Y Servicios Regional Atlántico con el fin ampliar la oferta de servicios y seindo apoyo al CVA busca desarrollar la metodologia determinación de grasa en derivados lacteos (leche yogurt entre otros) AOAC 989,05 ya que el laboratorio cuenta con mucho de los reactivos solo se necesitan los Condensadores (esmerilado que permita acoplar el condensador a la flauta) | I15: Proyecto SENNOVA 920868 | J15: 328000 | K15: 0.19 | L15: =+(J15*K15)+J15 -> 390320 | M15: =+L15*G15 -> 780640 | N15: 344400 | O15: =+N15*19% -> 65436 | P15: =+N15+O15 -> 409836 | Q15: =+P15*G15 -> 819672 | R15: =+AVERAGE(L15,P15) -> 400078 | S15: =+R15*G15 -> 800156
A16: 14 | B16: 41103206 | C16: Detergente pH neutro | D16: Detergente pH neutro concentracion: Generico Presentación: 5 Litros fecha de vencimiento: no menor a 2 años | F16: L | G16: 1 | H16: Este reactivo es necesario adquirirlo para la preparación de soluciones de limpieza acuosas de materiales por inmersión y/o acción mecánica para la remoción completa de residuos contaminantes en materiales de laboratorio de vidrio cuarzo plásticos, Especialmente indicado para materiales sensibles a álcalis como aluminio zinc o aleaciones, | I16: Proyecto SENNOVA 920868 | J16: 82000 | K16: 0.19 | L16: =+(J16*K16)+J16 -> 97580 | M16: =+L16*G16 -> 97580 | N16: 86100 | O16: =+N16*19% -> 16359 | P16: =+N16+O16 -> 102459 | Q16: =+P16*G16 -> 102459 | R16: =+AVERAGE(L16,P16) -> 100019.5 | S16: =+R16*G16 -> 100019.5
A17: 15 | B17: 42131606 | C17: Careta 3m Media Cara 6200+filtros 6003 V, Organic Y Gas Acid | D17: Tipo de máscara: Media cara en elastómero Material: Elastómero Materiales filtrados: Vapores orgánicos y Gases ácidos Peso: 200 g Filtros compatibles: serie 6000serie 2000serie 7000 Cantidad de filtros: 2 Incluye filtros: Sí | F17: N,A | G17: 2 | H17: El laboratorio de Alimentos Y Bebidas Del Centro De Comercio Y Servicios Regional Atlántico Cuenta con un equipo Cabina extractora pero se hace necesario el uso de CARETA (MASCAR DE GASES) este material es necesario para la seguridad del personal de laboratorio en las ejecuciones de analisis que requieres reactivos que generan vapores, | I17: Proyecto SENNOVA 920868 | J17: 185200 | K17: 0.19 | L17: =+(J17*K17)+J17 -> 220388 | M17: =+L17*G17 -> 440776 | N17: 196400 | O17: =+N17*19% -> 37316 | P17: =+N17+O17 -> 233716 | Q17: =+P17*G17 -> 467432 | R17: =+AVERAGE(L17,P17) -> 227052 | S17: =+R17*G17 -> 454104
... A36: 34 | B36: 51212011 | C36: Pimpinas | D36: Recipiente plastico con capacidad para 5 galones | F36: Unidades | G36: 5 | H36: El laboratorio de Alimentos Y Bebidas Del Centro De Comercio Y Servicios Regional Atlántico tiene actividades que generan residuos quimicos peligrosos liquido, este Consumible requerido para colectar residuos peligrosos tales como: acidos basicos organicos y aquellos generados por los equipos Cromatografo HPLC Y Espectrofotometro de absorción atomica en las instalaciones del laboratorio de alimentos y bebidas, | I36: Proyecto SENNOVA 920868 | J36: 31000 | K36: 0.19 | L36: =+(J36*K36)+J36 -> 36890 | M36: =+L36*G36 -> 184450 | N36: 33500 | O36: =+N36*19% -> 6365 | P36: =+N36+O36 -> 39865 | Q36: =+P36*G36 -> 199325 | R36: =+AVERAGE(L36,P36) -> 38377.5 | S36: =+R36*G36 -> 191887.5
A37: 35 | C37: DATALOGGER DE TEMPERATURA Y HUMEDAD CON PANTALLA LCD | D37: El Datalogger de temperatura y humedad está diseñado con un sensor de alta precisión para temperatura y humedad, Este registrador de datos cuenta con características de alta precisión respuesta rápida y estabilidad, Es ampliamente utilizado para monitorear y recolectar datos de temperatura y humedad ambiental, | F37: Unidades | G37: 1 | H37: El laboratorio de Alimentos Y Bebidas Del Centro De Valor Agregados Regional Atlántico cuenta con un Espectrofometro de absorción Atomica modelo 200 serie AA 240 FS AA; placa SENA: 930214920, El equipo se utiliza en el laboratorio para la Determinación de metales en alimentos este cable de comunicación nos permitirá operar el equipo y darle continuidad a este servicio, Metodo de referencia AOAC 999,11 - Metodo de referencia AOAC 966,16 | I37: Proyecto SENNOVA 920868 | J37: 1256000 | K37: 0.19 | L37: =+(J37*K37)+J37 -> 1494640 | M37: =+L37*G37 -> 1494640 | N37: 1331400 | O37: =+N37*19% -> 252966 | P37: =+N37+O37 -> 1584366 | Q37: =+P37*G37 -> 1584366 | R37: =+AVERAGE(L37,P37) -> 1539503 | S37: =+R37*G37 -> 1539503
A38: 38 | B38: 41111900 | C38: Consumibles de equipo de Absorción atómica Agilent tecnologies | D38: Graphite electrodes for GTA 120 1 pair N° parte 6310003400 | F38: Paquete | G38: 1 | H38: El laboratorio de Alimentos Y Bebidas Del Centro De Valor Agregados Regional Atlántico cuenta con un Espectrofometro de absorción Atomica modelo 200 serie AA 240 FS AA; placa SENA: 930214920, El equipo se utiliza en el laboratorio para la Determinación de metales en alimentos este consumible fue solicitado en la ultima intervención y es necesario para la operación correcta del mismo y darle continuidad a este servicio, Metodo de referencia AOAC 999,11 - Metodo de referencia AOAC 966,16 | I38: Proyecto SENNOVA 920868 | J38: 4126700 | K38: 0.19 | L38: =+(J38*K38)+J38 -> 4910773 | M38: =+L38*G38 -> 4910773 | N38: 4498200 | O38: =+N38*19% -> 854658 | P38: =+N38+O38 -> 5352858 | Q38: =+P38*G38 -> 5352858 | R38: =+AVERAGE(L38,P38) -> 5131815.5 | S38: =+R38*G38 -> 5131815.5
A39: 39 | B39: 41111900 | C39: Consumibles de equipo de Absorción atómica Agilent tecnologies | D39: Mark 7 spray chamber O-ring kit aqueous N° parte 9910093400 | F39: Paquete | G39: 1 | H39: El laboratorio de Alimentos Y Bebidas Del Centro De Valor Agregados Regional Atlántico cuenta con un Espectrofometro de absorción Atomica modelo 200 serie AA 240 FS AA; placa SENA: 930214920, El equipo se utiliza en el laboratorio para la Determinación de metales en alimentos este consumible fue solicitado en la ultima intervención y es necesario para la operación correcta del mismo y darle continuidad a este servicio, Metodo de referencia AOAC 999,11 - Metodo de referencia AOAC 966,16 | I39: Proyecto SENNOVA 920868 | J39: 1080000 | K39: 0.19 | L39: =+(J39*K39)+J39 -> 1285200 | M39: =+L39*G39 -> 1285200 | N39: 1134000 | O39: =+N39*19% -> 215460 | P39: =+N39+O39 -> 1349460 | Q39: =+P39*G39 -> 1349460 | R39: =+AVERAGE(L39,P39) -> 1317330 | S39: =+R39*G39 -> 1317330
A40: 42 | B40: 41121701 | C40: Tubos de 15mL de nalgene para centrifuga con tapa | D40: TUBOS NUNC PARA CENTRÍFUGA ESTÉRILES CÓNICOS MATERIAL POLIPROPILENO 15mL | F40: Paquete | G40: 1 | H40: El laboratorio de Alimentos Y Bebidas Del Centro De Comercio Y Servicios Regional Atlántico con el fin ampliar la oferta de servicios y siendo apoyo al CVA busca desarrollar la metodologia determinación de Vitamina A en leche liquida con el metodo de referencia AOAC 992,04, Este material es necesario para realizacion estos analisis en alimentos | I40: Proyecto SENNOVA 920868 | J40: 65500 | K40: 0.19 | L40: =+(J40*K40)+J40 -> 77945 | M40: =+L40*G40 -> 77945 | N40: 70800 | O40: =+N40*19% -> 13452 | P40: =+N40+O40 -> 84252 | Q40: =+P40*G40 -> 84252 | R40: =+AVERAGE(L40,P40) -> 81098.5 | S40: =+R40*G40 -> 81098.5
A41: 43 | B41: 41111970 | C41: Sensor (termocupla) rigido de termometro digital que soporte 550°C | D41: Sensor de temperatura rigido tipo k que sea compatible para termometro digital Extech instruments tipo EA15 que tenga sonda de aproximadamente 300 mm de diametro, Puerto RS232 | F41: Unidades | G41: 1 | H41: El laboratorio de Alimentos Y Bebidas Del Centro De Comercio Y Servicios Regional Atlántico con el fin ampliar la oferta de servicios y siendo apoyo al CVA busca desarrollar la metodologia determinación de cenizas en derivados lacteos, Este material es necesario para la verificación de las condiciones de temperatura del equipo Horno de Mufla y de esta forma asegurar la calidad de los resultados de los analisis en alimentos, | I41: Proyecto SENNOVA 920868 | J41: 443000 | K41: 0.19 | L41: =+(J41*K41)+J41 -> 527170 | M41: =+L41*G41 -> 527170 | N41: 482900 | O41: =+N41*19% -> 91751 | P41: =+N41+O41 -> 574651 | Q41: =+P41*G41 -> 574651 | R41: =+AVERAGE(L41,P41) -> 550910.5 | S41: =+R41*G41 -> 550910.5
A42: 44 | B42: 41121800 | C42: Matraz volumetrico clase A Actinico 50mL | D42: Matraz aforado de bajo actínico de clase A con tapón cónico estándar de vidrio 50 mL | F42: Unidades | G42: 6 | H42: El laboratorio de Alimentos Y Bebidas Del Centro De Comercio Y Servicios Regional Atlántico con el fin ampliar la oferta de servicios y siendo apoyo al CVA busca desarrollar la metodologia determinación de Vitamina A en leche liquida con el metodo de referencia AOAC 992,04, Este material es necesario para realizacion estos analisis en alimentos | I42: Proyecto SENNOVA 920868 | J42: 153800 | K42: 0.19 | L42: =+(J42*K42)+J42 -> 183022 | M42: =+L42*G42 -> 1098132 | N42: 167700 | O42: =+N42*19% -> 31863 | P42: =+N42+O42 -> 199563 | Q42: =+P42*G42 -> 1197378 | R42: =+AVERAGE(L42,P42) -> 191292.5 | S42: =+R42*G42 -> 1147755
A43: 45 | B43: 41121800 | C43: Matraz volumetrico clase A Actinico 100mL | D43: Matraz aforado de bajo actínico de clase A con tapón cónico estándar de vidrio 100 mL | F43: Unidades | G43: 2 | H43: El laboratorio de Alimentos Y Bebidas Del Centro De Comercio Y Servicios Regional Atlántico con el fin ampliar la oferta de servicios y siendo apoyo al CVA busca desarrollar la metodologia determinación de Vitamina A en leche liquida con el metodo de referencia AOAC 992,04, Este material es necesario para realizacion estos analisis en alimentos | I43: Proyecto SENNOVA 920868 | J43: 183000 | K43: 0.19 | L43: =+(J43*K43)+J43 -> 217770 | M43: =+L43*G43 -> 435540 | N43: 197700 | O43: =+N43*19% -> 37563 | P43: =+N43+O43 -> 235263 | Q43: =+P43*G43 -> 470526 | R43: =+AVERAGE(L43,P43) -> 226516.5 | S43: =+R43*G43 -> 453033
A44: 47 | B44: 12161500 | C44: ACETONITRILO GRADO HPLC Plus ≥99,9% X 4L | D44: Acetonitrilo grado HPLC, concentración: 99 % Presentación: 4 L fecha de vencimiento: no menor a 2 años | F44: Unidades | G44: 1 | H44: El laboratorio de Alimentos Y Bebidas Del Centro De Comercio Y Servicios Regional Atlántico Cuenta con un equipo Cormatografo UHPLC Marca THERMO SCIENTIFIC, con el fin de salvaguardar la integridad de la columna que es primordial en la limpieza y protección de las columnas se necesita este reactivo Acetonitrilo grado HPLC 99,9% para preparación de las soluciones y Limpieza y protección d elas columnas, | I44: Proyecto SENNOVA 920868 | J44: 296000 | K44: 0.19 | L44: =+(J44*K44)+J44 -> 352240 | M44: =+L44*G44 -> 352240 | N44: 322700 | O44: =+N44*19% -> 61313 | P44: =+N44+O44 -> 384013 | Q44: =+P44*G44 -> 384013 | R44: =+AVERAGE(L44,P44) -> 368126.5 | S44: =+R44*G44 -> 368126.5
A45: 48 | B45: 41111900 | C45: ESTANDAR DE CONDUCTIVIDAD 1413 µs/cm x 1L | D45: Estandar de conductividad 1413 µs/cm x 1L , Trazable Con certificado de analisis acreditado como material de referencia ISO 17034, | F45: Unidades | G45: 1 | H45: El laboratorio de Alimentos Y Bebidas Del Centro De Comercio Y Servicios Regional Atlántico Cuenta con un equipo Multiparamétrico para medir la conductividad del agua el laboratorio a traves de este equipo garantiza que el agua de trabajo TIPO I cumpla co las caracteristicas de conductividad, por ende se necesita el ESTANDAR DE CONDUCTIVIDAD 1413 µs/cm y asi asegurar el equipo que nos arroja el resultado | I45: Proyecto SENNOVA 920868 | J45: 834000 | K45: 0.19 | L45: =+(J45*K45)+J45 -> 992460 | M45: =+L45*G45 -> 992460 | N45: 900800 | O45: =+N45*19% -> 171152 | P45: =+N45+O45 -> 1071952 | Q45: =+P45*G45 -> 1071952 | R45: =+AVERAGE(L45,P45) -> 1032206 | S45: =+R45*G45 -> 1032206
A46: 49 | B46: 41121800 | C46: Pipeta Pasteur En Vidrio, RANGO DE VOLUMEN 250 mm, Pipeta Pasteur En Vidrio 230 mm Cja X 250 | D46: pietas pasteur de Vidrio de soda, ISO 7712, Punta fina y estirada, Tubo de aspiración con estrechamiento para tapón de algodón | F46: Unidades | G46: 1 | H46: El laboratorio de Alimentos Y Bebidas Del Centro De Comercio Y Servicios Regional Atlántico Cuenta con un equipo Cormatografo UHPLC Marca THERMO SCIENTIFIC, Este material es necesario para el aseguramiento de la metodologia Determinación de vitaminas en HPLC, | I46: Proyecto SENNOVA 920868 | J46: 101000 | K46: 0.19 | L46: =+(J46*K46)+J46 -> 120190 | M46: =+L46*G46 -> 120190 | N46: 110100 | O46: =+N46*19% -> 20919 | P46: =+N46+O46 -> 131019 | Q46: =+P46*G46 -> 131019 | R46: =+AVERAGE(L46,P46) -> 125604.5 | S46: =+R46*G46 -> 125604.5
M47: =SUM(M3:M46) -> 91047261 | Q47: =SUM(Q6:Q46) -> 73609596 | R47: =SUM(R3:R46) -> 72364499 | S47: =SUM(S3:S46) -> 93507288

Sheet Lote 2. Logistica 
A1: PROYECCION ECONOMICA LOTE 2. LOGISTICA | H1: COTIZACION 1 BISNEXT | L1: COTIZACION 1 SUMINISTROS EC | P1: COTIZACION 1 GD GROUP | T1: PROMEDIO
A2: ITEM | B2: Código UNSPC | C2: NOMBRE DEL PRODUCTO | D2: DESCRIPCIÓN DETALLADA DEL PRODUCTO | E2: UNIDAD DE MEDIDA | F2: CANTIDAD | G2: Programa de Formación | H2: VALOR UNITARIO SIN IMPUESTO | I2: IMPUESTO APLICABLE | J2: VALOR UNITARIO CON IMPUESTO | K2: VALOR TOTAL CON IMPUESTO | L2: VALOR UNITARIO SIN IMPUESTO | M2: IMPUESTO APLICABLE | N2: VALOR UNITARIO CON IMPUESTO | O2: VALOR TOTAL CON IMPUESTO | P2: VALOR UNITARIO SIN IMPUESTO | Q2: IMPUESTO APLICABLE | R2: VALOR UNITARIO CON IMPUESTO | S2: VALOR TOTAL CON IMPUESTO | T2: VALOR UNITARIO CON IMPUESTO | U2: VALOR TOTAL CON IMPUESTO
A3: 1 | B3: 24112404 | C3: CAJAS DE CARTÓN | D3: Cajas de cartón corrugado de aletas simples 40 largo, 40 ancho, 20 alto | E3: Unidad | F3: 36 | G3: Logistica Articulación con la Media | H3: 10000 | I3: 1900 | J3: 11900 | K3: 428400 | L3: 11200 | M3: 2128 | N3: 13328 | O3: 479808 | P3: 9000 | Q3: 1710 | R3: 10710 | S3: 385560 | T3: 11979.333 | U3: 431256
A4: 2 | B4: 56121201 | C4: CANTONERAS | D4: Cantoneras plásticas- Cantoneras de plástico para fleje. Caja Cantoneras Plàsticas 32X40mm x 2000 unid | E4: Caja X 2000 UNIDADES | F4: 1 | G4: Logistica Articulación con la Media | H4: 698400 | I4: 132696 | J4: 831096 | K4: 831096 | L4: 776000 | M4: 147440 | N4: 923440 | O4: 923440 | P4: 628600 | Q4: 119434 | R4: 748034 | S4: 748034 | T4: 834190 | U4: 834190
A5: 3 | B5: 23153020 | C5: CINTA PELIGRO | D5: CINTA PELIGRO Fixser 70 X 100 metros | E5: Unidad | F5: 2 | G5: Logistica Articulación con la Media | H5: 40000 | I5: 7600 | J5: 47600 | K5: 95200 | L5: 44500 | M5: 8455 | N5: 52955 | O5: 105910 | P5: 36000 | Q5: 6840 | R5: 42840 | S5: 85680 | T5: 47798.333 | U5: 95596.667
A6: 4 | B6: 31181700 | C6: EMPAQUES PET PARA ALIMENTOS | D6: EMPAQUES PET PARA ALIMENTOS DE 350 ML PAQUETE X 50 UNIDADES | E6: PAQUETE X 50 UNIDADES | F6: 2 | G6: Logistica Articulación con la Media | H6: 100000 | I6: 19000 | J6: 119000 | K6: 238000 | L6: 111200 | M6: 21128 | N6: 132328 | O6: 264656 | P6: 90000 | Q6: 17100 | R6: 107100 | S6: 214200 | T6: 119476 | U6: 238952
A7: 5 | B7: 31181700 | C7: EMPAQUES-CAJA DE CARTÓN CORRUGADO CON AISLAMIENTO TÉRMICO | D7: CAJA DE CARTON CORRUGADOS PARA ALIMENTOS REFRIGERADOS CON AISLAMIENTO TÉRMICO 30X30X15 CM | E7: Unidad | F7: 30 | G7: Logistica Articulación con la Media | H7: 50000 | I7: 9500 | J7: 59500 | K7: 1785000 | L7: 55600 | M7: 10564 | N7: 66164 | O7: 1984920 | P7: 45000 | Q7: 8550 | R7: 53550 | S7: 1606500 | T7: 59738 | U7: 1792140
A8: 6 | B8: 31181700 | C8: EMPAQUES-CAJA DE CARTÓN CORRUGADO PARA CONGELADOS | D8: CAJA DE CARTON CORRUGADO CON RESINA PARA CONGELADOS 30X40X15 CM | E8: Unidad | F8: 20 | G8: Logistica Articulación con la Media | H8: 50000 | I8: 9500 | J8: 59500 | K8: 1190000 | L8: 50600 | M8: 9614 | N8: 60214 | O8: 1204280 | P8: 49650 | Q8: 9433.5 | R8: 59083.5 | S8: 1181670 | T8: 59599.167 | U8: 1191983.3
A9: 7 | B9: 11162123 | C9: FLEJE O ZUNCHO | D9: Zuncho plástico de polipropileno 1/2X2.0 C5 X 500 MT | E9: Rollo X 500 MT | F9: 4 | G9: Logistica Articulación con la Media | H9: 70000 | I9: 13300 | J9: 83300 | K9: 333200 | L9: 77800 | M9: 14782 | N9: 92582 | O9: 370328 | P9: 63000 | Q9: 11970 | R9: 74970 | S9: 299880 | T9: 83617.333 | U9: 334469.33
A10: 8 | B10: 24121500 | C10: Cajas de Cartón | D10: Cajas 40 Cm Largo * 30 Cm de Ancho * 30 Cm de Alto | E10: CAJA | F10: 100 | G10: Logistica Regular | H10: 20000 | I10: =+(H10*19%) -> 3800 | J10: =+I10+H10 -> 23800 | K10: =+J10*F10 -> 2380000 | L10: 22300 | M10: =+(L10*19%) -> 4237 | N10: =+M10+L10 -> 26537 | O10: =+N10*F10 -> 2653700 | P10: 18000 | Q10: =+(P10*19%) -> 3420 | R10: =+Q10+P10 -> 21420 | S10: =+R10*F10 -> 2142000 | T10: =+AVERAGE(J10,N10,R10) -> 23919 | U10: =+T10*F10 -> 2391900
A11: 9 | B11: 24121500 | C11: Cajas de Cartón | D11: Cajas 20 Ancho * 10 Largo *10 Alto | E11: CAJA | F11: 300 | G11: Logistica Regular | H11: 16000 | I11: =+(H11*19%) -> 3040 | J11: =+I11+H11 -> 19040 | K11: =+J11*F11 -> 5712000 | L11: 17800 | M11: =+(L11*19%) -> 3382 | N11: =+M11+L11 -> 21182 | O11: =+N11*F11 -> 6354600 | P11: 14400 | Q11: =+(P11*19%) -> 2736 | R11: =+Q11+P11 -> 17136 | S11: =+R11*F11 -> 5140800 | T11: =+AVERAGE(J11,N11,R11) -> 19119.333 | U11: =+T11*F11 -> 5735800
A12: 10 | B12: 11162123 | C12: Zunchos por Rollos de 1000 metros | D12: Zunchos por Rollos de 1000 metros | E12: ROLLO X 1000 METROS | F12: 5 | G12: Logistica Regular | H12: 92000 | I12: =+(H12*19%) -> 17480 | J12: =+I12+H12 -> 109480 | K12: =+J12*F12 -> 547400 | L12: 102300 | M12: =+(L12*19%) -> 19437 | N12: =+M12+L12 -> 121737 | O12: =+N12*F12 -> 608685 | P12: 82800 | Q12: =+(P12*19%) -> 15732 | R12: =+Q12+P12 -> 98532 | S12: =+R12*F12 -> 492660 | T12: =+AVERAGE(J12,N12,R12) -> 109916.33 | U12: =+T12*F12 -> 549581.67
A13: 11 | B13: 24111500 | C13: Bolsas de Grapas de 1 Kilos | D13: Bolsas de Grapas de 1 Kilos | E13: BOLSAS | F13: 10 | G13: Logistica Regular | H13: 32000 | I13: =+(H13*19%) -> 6080 | J13: =+I13+H13 -> 38080 | K13: =+J13*F13 -> 380800 | L13: 32650 | M13: =+(L13*19%) -> 6203.5 | N13: =+M13+L13 -> 38853.5 | O13: =+N13*F13 -> 388535 | P13: 29000 | Q13: =+(P13*19%) -> 5510 | R13: =+Q13+P13 -> 34510 | S13: =+R13*F13 -> 345100 | T13: =+AVERAGE(J13,N13,R13) -> 37147.833 | U13: =+T13*F13 -> 371478.33
A14: 12 | B14: 31201503 | C14: Pallets | D14: Cinta Strech de 30 X 450 metros X 3 Unidades | E14: UNIDAD | F14: 50 | G14: Logistica Regular | H14: 42000 | I14: =+(H14*19%) -> 7980 | J14: =+I14+H14 -> 49980 | K14: =+J14*F14 -> 2499000 | L14: 46700 | M14: =+(L14*19%) -> 8873 | N14: =+M14+L14 -> 55573 | O14: =+N14*F14 -> 2778650 | P14: 37800 | Q14: =+(P14*19%) -> 7182 | R14: =+Q14+P14 -> 44982 | S14: =+R14*F14 -> 2249100 | T14: =+AVERAGE(J14,N14,R14) -> 50178.333 | U14: =+T14*F14 -> 2508916.7
A15: 13 | B15: 24111501 | C15: Costales de Fibra (Saco) | D15: Lonas o Costales en fibra nuevas de 50 Kilogramos | E15: UNIDAD | F15: 50 | G15: Logistica Regular | H15: 3600 | I15: =+(H15*19%) -> 684 | J15: =+I15+H15 -> 4284 | K15: =+J15*F15 -> 214200 | L15: 3500 | M15: =+(L15*19%) -> 665 | N15: =+M15+L15 -> 4165 | O15: =+N15*F15 -> 208250 | P15: 3000 | Q15: =+(P15*19%) -> 570 | R15: =+Q15+P15 -> 3570 | S15: =+R15*F15 -> 178500 | T15: =+AVERAGE(J15,N15,R15) -> 4006.3333 | U15: =+T15*F15 -> 200316.67
A16: 14 | B16: 24111500 | C16: Bolsa Big Bag de 1 Tonelada | D16: Bolsa Big Bag de 1 Tonelada | E16: UNIDAD | F16: 10 | G16: Logistica Regular | H16: 110000 | I16: =+(H16*19%) -> 20900 | J16: =+I16+H16 -> 130900 | K16: =+J16*F16 -> 1309000 | L16: 122300 | M16: =+(L16*19%) -> 23237 | N16: =+M16+L16 -> 145537 | O16: =+N16*F16 -> 1455370 | P16: 99000 | Q16: =+(P16*19%) -> 18810 | R16: =+Q16+P16 -> 117810 | S16: =+R16*F16 -> 1178100 | T16: =+AVERAGE(J16,N16,R16) -> 131415.67 | U16: =+T16*F16 -> 1314156.7
A17: 15 | B17: 24111500 | C17: Bidón agua 100 Litros | D17: Bidón agua 100 Litros | E17: UNIDAD | F17: 8 | G17: Logistica Regular | H17: 100000 | I17: =+(H17*19%) -> 19000 | J17: =+I17+H17 -> 119000 | K17: =+J17*F17 -> 952000 | L17: 111200 | M17: =+(L17*19%) -> 21128 | N17: =+M17+L17 -> 132328 | O17: =+N17*F17 -> 1058624 | P17: 90000 | Q17: =+(P17*19%) -> 17100 | R17: =+Q17+P17 -> 107100 | S17: =+R17*F17 -> 856800 | T17: =+AVERAGE(J17,N17,R17) -> 119476 | U17: =+T17*F17 -> 955808
K18: =SUM(K3:K17) -> 18895296 | O18: =SUM(O3:O17) -> 20839756 | S18: =SUM(S3:S17) -> 17104584 | T18: =SUM(T3:T17) -> 1711577 | U18: =SUM(U3:U17) -> 18946545

Sheet Lote 3. Alojamiento y Limpieza
B1: PROYECCION ECONOMICA LOTE 3. ALOJAMIENTO Y LIMPIEZA | J1: COTIZACION 1 BISNEXT | N1: COTIZACION 2 SUMMINISTRO C | R1: COTIZACION 3 GD GROUP | V1: PROMEDIO
B2: ITEM | C2: Código UNSPC | D2: NOMBRE DEL PRODUCTO | E2: DESCRIPCIÓN DETALLADA DEL PRODUCTO | F2: UNIDAD DE MEDIDA | G2: CANTIDAD | H2: Ilustración del Producto | I2: Programa de Formación | J2: VALOR UNITARIO SIN IMPUESTO | K2: IMPUESTO APLICABLE | L2: VALOR UNITARIO CON IMPUESTO | M2: VALOR TOTAL CON IMPUESTO | N2: VALOR UNITARIO SIN IMPUESTO | O2: IMPUESTO APLICABLE | P2: VALOR UNITARIO CON IMPUESTO | Q2: VALOR TOTAL CON IMPUESTO | R2: VALOR UNITARIO SIN IMPUESTO | S2: IMPUESTO APLICABLE | T2: VALOR UNITARIO CON IMPUESTO | U2: VALOR TOTAL CON IMPUESTO | V2: VALOR UNITARIO CON IMPUESTO | W2: VALOR TOTAL CON IMPUESTO
B3: 1 | C3: 52121504 | D3: PROTECTOR DE COLCHÓN KING RETARDA EL PASO DE FLUIDOS | E3: Es un protector de colchón liso, el tratamiento especial en su tela hace que los líquidos que entren en contacto con la superficie del protector se queden en forma de gotas que se deslizan y no penetran rápidamente la tela. Protegiendo y alargando la vida del colchón. Dobladillo elástico de 1cm, ajustable en todo el contorno. Tela antifluido 120gr. 100% Poliéster. Medidas: 2 x 2 x 50 cms de caida Color: Blanco, liso, sin rayas, no satinado, sin adornos | F3: Unidad | G3: 3 | I3: Alijamiento y Limpieza Regular | J3: 220000 | K3: =+J3*19% -> 41800 | L3: =+J3+K3 -> 261800 | M3: =+L3*G3 -> 785400 | N3: 198000 | O3: =+N3*19% -> 37620 | P3: =+N3+O3 -> 235620 | Q3: =+P3*G3 -> 706860 | R3: 244400 | S3: =+R3*19% -> 46436 | T3: =+R3+S3 -> 290836 | U3: =+T3*G3 -> 872508 | V3: =+AVERAGE(L3,P3,T3) -> 262752 | W3: =+V3*G3 -> 788256
B4: 2 | C4: 52121500 | D4: Sábana Hotelera Doble | E4: Sabana Hotelera Plana o Ajustable. Medidas 1,40 x 190 cm. x 40 ó 50 cm de caida lados del colchon, lomo Hilos 200 ó 250 Color blanco , no satinado, no rayas no estampado. | F4: Unidad | G4: 10 | I4: Alijamiento y Limpieza Regular | J4: 104000 | K4: =+J4*19% -> 19760 | L4: =+J4+K4 -> 123760 | M4: =+L4*G4 -> 1237600 | N4: 93600 | O4: =+N4*19% -> 17784 | P4: =+N4+O4 -> 111384 | Q4: =+P4*G4 -> 1113840 | R4: 115500 | S4: =+R4*19% -> 21945 | T4: =+R4+S4 -> 137445 | U4: =+T4*G4 -> 1374450 | V4: =+AVERAGE(L4,P4,T4) -> 124196.33 | W4: =+V4*G4 -> 1241963.3
B5: 3 | C5: 53131600 | D5: Shampoo para habitaciones hoteleras | E5: Linea Econopack Productos empacados en caja plegadiza elaborada en papel ecológico 100% fibra de caña, cubierta con poliestireno termo encogible Fabricante Diversas Envase plastico referencia París / Presentación Bambú con capacidad de 30ml. (caja por 60 unidades) Descripción: liquido Color : amarillo Análisis pH (7 g. en 500 ml.) a 25°C Especificaciones : 6.0 – 7.5 Soluble en agua, Estabilidad libre de particulas | F5: unidades | G5: 30 | I5: Alijamiento y Limpieza Regular | J5: 5200 | K5: =+J5*19% -> 988 | L5: =+J5+K5 -> 6188 | M5: =+L5*G5 -> 185640 | N5: 4600 | O5: =+N5*19% -> 874 | P5: =+N5+O5 -> 5474 | Q5: =+P5*G5 -> 164220 | R5: 6100 | S5: =+R5*19% -> 1159 | T5: =+R5+S5 -> 7259 | U5: =+T5*G5 -> 217770 | V5: =+AVERAGE(L5,P5,T5) -> 6307 | W5: =+V5*G5 -> 189210
B6: 4 | C6: 47101518 | D6: Acondicionador para habitaciones hoteleras | E6: Productos empacados en caja plegadiza elaborada en papel ecológico 100% fibra de caña, cubierta con poliestireno termo encogible Fabricante Diversas Envase referencia París / Presentación Bambú con capacidad de 30ml. (caja por 60 unidades) Descripción: liquido Color : amarillo Análisis pH (7 g. en 500 ml.) a 25°C Especificaciones : 6.0 – 7.5 Soluble en agua, Estabilidad libre de particulas | F6: unidades | G6: 30 | I6: Alijamiento y Limpieza Regular | J6: 4000 | K6: =+J6*19% -> 760 | L6: =+J6+K6 -> 4760 | M6: =+L6*G6 -> 142800 | N6: 3600 | O6: =+N6*19% -> 684 | P6: =+N6+O6 -> 4284 | Q6: =+P6*G6 -> 128520 | R6: 4400 | S6: =+R6*19% -> 836 | T6: =+R6+S6 -> 5236 | U6: =+T6*G6 -> 157080 | V6: =+AVERAGE(L6,P6,T6) -> 4760 | W6: =+V6*G6 -> 142800
B7: 5 | C7: 53131600 | D7: Crema de manos para habitaciones hoteleras | E7: Productos empacados en caja plegadiza elaborada en papel ecológico 100% fibra de caña, cubierta con poliestireno termo encogible Fabricante Diversas Crema de 30 ml envase referencia paris /presentación bambú aroma cosmético (caja por 44 unidades) | F7: unidades | G7: 30 | I7: Alijamiento y Limpieza Regular | J7: 3200 | K7: =+J7*19% -> 608 | L7: =+J7+K7 -> 3808 | M7: =+L7*G7 -> 114240 | N7: 2800 | O7: =+N7*19% -> 532 | P7: =+N7+O7 -> 3332 | Q7: =+P7*G7 -> 99960 | R7: 3500 | S7: =+R7*19% -> 665 | T7: =+R7+S7 -> 4165 | U7: =+T7*G7 -> 124950 | V7: =+AVERAGE(L7,P7,T7) -> 3768.3333 | W7: =+V7*G7 -> 113050
B8: 6 | C8: 53131600 | D8: Jabon para habitaciones hoteleras | E8: Fabricante Diversas Jabón de 20 gramos, 0,7 onzas Jabón de tocador, sólido Forma redonda, aroma cosmético (caja por 44 unidades) | F8: unidades | G8: 30 | I8: Alijamiento y Limpieza Regular | J8: 600 | K8: =+J8*19% -> 114 | L8: =+J8+K8 -> 714 | M8: =+L8*G8 -> 21420 | N8: 1000 | O8: =+N8*19% -> 190 | P8: =+N8+O8 -> 1190 | Q8: =+P8*G8 -> 35700 | R8: 600 | S8: =+R8*19% -> 114 | T8: =+R8+S8 -> 714 | U8: =+T8*G8 -> 21420 | V8: =+AVERAGE(L8,P8,T8) -> 872.66667 | W8: =+V8*G8 -> 26180
B9: 7 | C9: 53131601 | D9: Gorros de baño habitaciones hoteleras | E9: Gorros en polietireno. Diseñado para adaptarse perfectamente al contorno de la cabeza, el gorro de ducha es práctico, ligero y desechable. Viene envasado en una caja de cartón blanca individual que garantiza mayor higiene y protección al producto. Fabricado en polietireno transparente con una goma elástica ofrecer mayor agarre y protección al cabello a la hora de tomar una ducha. Presentación caja por 48 unidades | F9: unidad | G9: 30 | I9: Alijamiento y Limpieza Regular | J9: 1800 | K9: =+J9*19% -> 342 | L9: =+J9+K9 -> 2142 | M9: =+L9*G9 -> 64260 | N9: 1600 | O9: =+N9*19% -> 304 | P9: =+N9+O9 -> 1904 | Q9: =+P9*G9 -> 57120 | R9: 2000 | S9: =+R9*19% -> 380 | T9: =+R9+S9 -> 2380 | U9: =+T9*G9 -> 71400 | V9: =+AVERAGE(L9,P9,T9) -> 2142 | W9: =+V9*G9 -> 64260
B10: 8 | C10: 53102512 | D10: Pañuelos faciales de bolsillo | E10: Práctico y cómodo tamaño * Ultra resistente *Suaves pañuelos * 100% fibras naturales * Mayor absorción * Sin deshacerse triple hoja Testeado dermatológicamente .Presentación pack 8x10 | F10: unidades | G10: 20 | I10: Alijamiento y Limpieza Regular | J10: 18000 | K10: =+J10*19% -> 3420 | L10: =+J10+K10 -> 21420 | M10: =+L10*G10 -> 428400 | N10: 16200 | O10: =+N10*19% -> 3078 | P10: =+N10+O10 -> 19278 | Q10: =+P10*G10 -> 385560 | R10: 20000 | S10: =+R10*19% -> 3800 | T10: =+R10+S10 -> 23800 | U10: =+T10*G10 -> 476000 | V10: =+AVERAGE(L10,P10,T10) -> 21499.333 | W10: =+V10*G10 -> 429986.67
B11: 9 | C11: 53102507 | D11: Gancho De Madera Lustrada | E11: Ganchos de madera para ropa. Medidas: 43 cm largo x 22 cm de alto. Características: Gancho para el clóset, con cuerpo de madera. | F11: unidades | G11: 15 | I11: Alijamiento y Limpieza Regular | J11: 9000 | K11: =+J11*19% -> 1710 | L11: =+J11+K11 -> 10710 | M11: =+L11*G11 -> 160650 | N11: 8100 | O11: =+N11*19% -> 1539 | P11: =+N11+O11 -> 9639 | Q11: =+P11*G11 -> 144585 | R11: 10000 | S11: =+R11*19% -> 1900 | T11: =+R11+S11 -> 11900 | U11: =+T11*G11 -> 178500 | V11: =+AVERAGE(L11,P11,T11) -> 10749.667 | W11: =+V11*G11 -> 161245
B12: 10 | C12: 26111702 | D12: PILAS | E12: Pilas alcalinas doble AA, voltaje 1.5 para controles | F12: Unidades | G12: 15 | I12: Alijamiento y Limpieza Regular | J12: 2000 | K12: =+J12*19% -> 380 | L12: =+J12+K12 -> 2380 | M12: =+L12*G12 -> 35700 | N12: 1800 | O12: =+N12*19% -> 342 | P12: =+N12+O12 -> 2142 | Q12: =+P12*G12 -> 32130 | R12: 2200 | S12: =+R12*19% -> 418 | T12: =+R12+S12 -> 2618 | U12: =+T12*G12 -> 39270 | V12: =+AVERAGE(L12,P12,T12) -> 2380 | W12: =+V12*G12 -> 35700
B13: 11 | C13: 26111702 | D13: PILAS | E13: Pila Energizer Econopack AAA-40 |Bateria triple AAA para control del A.A. Y del tv cable, potencia 1875 w (requeridas con marca por ser las aplicables para el funcionamiento) | F13: Unidades | G13: 14 | I13: Alijamiento y Limpieza Regular | J13: 7000 | K13: =+J13*19% -> 1330 | L13: =+J13+K13 -> 8330 | M13: =+L13*G13 -> 116620 | N13: 6300 | O13: =+N13*19% -> 1197 | P13: =+N13+O13 -> 7497 | Q13: =+P13*G13 -> 104958 | R13: 7700 | S13: =+R13*19% -> 1463 | T13: =+R13+S13 -> 9163 | U13: =+T13*G13 -> 128282 | V13: =+AVERAGE(L13,P13,T13) -> 8330 | W13: =+V13*G13 -> 116620
B14: 12 | C14: 39111500 | D14: Lámpara de escritorio | E14: Tipo : Lámparas led de escritorio Caracteristicas: Touch Flujo luminoso : 420 Lúmenes Color : Blanco Modelo: PL-0074QIQ Peso (kg) 1,1 | F14: unidad | G14: 2 | I14: Alijamiento y Limpieza Regular | J14: 320000 | K14: =+J14*19% -> 60800 | L14: =+J14+K14 -> 380800 | M14: =+L14*G14 -> 761600 | N14: 288000 | O14: =+N14*19% -> 54720 | P14: =+N14+O14 -> 342720 | Q14: =+P14*G14 -> 685440 | R14: 355500 | S14: =+R14*19% -> 67545 | T14: =+R14+S14 -> 423045 | U14: =+T14*G14 -> 846090 | V14: =+AVERAGE(L14,P14,T14) -> 382188.33 | W14: =+V14*G14 -> 764376.67
... B16: 14 | C16: 60121241 | D16: BOLSA ZIPLOC | E16: BOLSA ZIPLOC, CIERRE HERMÉTICO, GRADO ALIMENTICIO, 20 x 30 cm, PAQ. X 100 UND | F16: PAQUETE | G16: 1 | I16: Alijamiento y Limpieza Regular | J16: 46000 | K16: =+J16*19% -> 8740 | L16: =+J16+K16 -> 54740 | M16: =+L16*G16 -> 54740 | N16: 41400 | O16: =+N16*19% -> 7866 | P16: =+N16+O16 -> 49266 | Q16: =+P16*G16 -> 49266 | R16: 51100 | S16: =+R16*19% -> 9709 | T16: =+R16+S16 -> 60809 | U16: =+T16*G16 -> 60809 | V16: =+AVERAGE(L16,P16,T16) -> 54938.333 | W16: =+V16*G16 -> 54938.333
M17: =SUM(M3:M16) -> 4180470 | Q17: =SUM(Q3:Q16) -> 3783129 | U17: =SUM(U3:U16) -> 4647783 | V17: =SUM(V3:V16) -> 909953.33 | W17: =SUM(W3:W16) -> 4203794

Sheet Lote 4. Artesanias
A1: PROYECCION ECONOMICA LOTE 4. ARTESANIAS | H1: COTIZACION 1 BISNEXT | L1: COTIZACION 2 SUMMINISTRO C | P1: COTIZACION 3 GD GROUP | T1: PROMEDIO
A2: ITEM | B2: Código UNSPC | C2: NOMBRE DEL PRODUCTO | D2: DESCRIPCIÓN DETALLADA DEL PRODUCTO | E2: UNIDAD DE MEDIDA | F2: CANTIDAD | G2: Programa de Formación | H2: VALOR UNITARIO SIN IMPUESTO | I2: IMPUESTO APLICABLE | J2: VALOR UNITARIO CON IMPUESTO | K2: VALOR TOTAL CON IMPUESTO | L2: VALOR UNITARIO SIN IMPUESTO | M2: IMPUESTO APLICABLE | N2: VALOR UNITARIO CON IMPUESTO | O2: VALOR TOTAL CON IMPUESTO | P2: VALOR UNITARIO SIN IMPUESTO | Q2: IMPUESTO APLICABLE | R2: VALOR UNITARIO CON IMPUESTO | S2: VALOR TOTAL CON IMPUESTO | T2: VALOR UNITARIO CON IMPUESTO | U2: VALOR TOTAL CON IMPUESTO
A3: 1 | B3: 11161807 | C3: TELA FLEECE POLAR | D3: Generalidades: El Fleece Polar es muy suave, afelpado por ambos lados, posee propiedades generadoras de calor por tener una superficie motosa, la cual es ideal para el diseño y la confección de productos como cobijas, chaquetas friogrificas, forros, mantas, muñequeria y decoración navideña. Requisitos Generales: Este producto se utiliza para confeccionar muñequería navideña Requisitos Especificos: Dimensiones, 1.50 metros de ancho. Empaque y rotulado: N.A. Presentación: ela fleece Color Blanco Garantías: La fecha de vencimiento debe ser mínimo de un año contados a partir de la fecha de entrega del producto | E3: METRO | F3: 5 | G3: Artesanias Regular | H3: 28000 | I3: =+H3*19% -> 5320 | J3: =+H3+I3 -> 33320 | K3: =+J3*F3 -> 166600 | L3: 25200 | M3: =+L3*19% -> 4788 | N3: =+L3+M3 -> 29988 | O3: =+N3*F3 -> 149940 | P3: 31200 | Q3: =+P3*19% -> 5928 | R3: =+P3+Q3 -> 37128 | S3: =+R3*F3 -> 185640 | T3: =+AVERAGE(J3,N3,R3) -> 33478.667 | U3: =+T3*F3 -> 167393.33
A4: 2 | B4: 11161807 | C4: TELA FLEECE POLAR | D4: Generalidades: El Fleece Polar es muy suave, afelpado por ambos lados, posee propiedades generadoras de calor por tener una superficie motosa, la cual es ideal para el diseño y la confección de productos como cobijas, chaquetas friogrificas, forros, mantas, muñequeria y decoración navideña. Requisitos Generales: Este producto se utiliza para confeccionar muñequería navideña Requisitos Especificos: Dimensiones, 1.50 metros de ancho. Empaque y rotulado: N.A. Presentación: tela fleece Color negro Garantías: La fecha de vencimiento debe ser mínimo de un año contados a partir de la fecha de entrega del producto+D11 | E4: METRO | F4: 5 | G4: Artesanias Regular | H4: 28000 | I4: =+H4*19% -> 5320 | J4: =+H4+I4 -> 33320 | K4: =+J4*F4 -> 166600 | L4: 25200 | M4: =+L4*19% -> 4788 | N4: =+L4+M4 -> 29988 | O4: =+N4*F4 -> 149940 | P4: 31200 | Q4: =+P4*19% -> 5928 | R4: =+P4+Q4 -> 37128 | S4: =+R4*F4 -> 185640 | T4: =+AVERAGE(J4,N4,R4) -> 33478.667 | U4: =+T4*F4 -> 167393.33
A5: 3 | B5: 11161807 | C5: TELA FLEECE POLAR | D5: Generalidades: El Fleece Polar es muy suave, afelpado por ambos lados, posee propiedades generadoras de calor por tener una superficie motosa, la cual es ideal para el diseño y la confección de productos como cobijas, chaquetas friogrificas, forros, mantas, muñequeria y decoración navideña. Requisitos Generales: Este producto se utiliza para confeccionar muñequería navideña Requisitos Especificos: Dimensiones, 1.50 metros de ancho. Empaque y rotulado: N.A. Presentación: Color beige Garantías: La fecha de vencimiento debe ser mínimo de un año contados a partir de la fecha de entrega del producto | E5: METRO | F5: 5 | G5: Artesanias Regular | H5: 28000 | I5: =+H5*19% -> 5320 | J5: =+H5+I5 -> 33320 | K5: =+J5*F5 -> 166600 | L5: 25200 | M5: =+L5*19% -> 4788 | N5: =+L5+M5 -> 29988 | O5: =+N5*F5 -> 149940 | P5: 31200 | Q5: =+P5*19% -> 5928 | R5: =+P5+Q5 -> 37128 | S5: =+R5*F5 -> 185640 | T5: =+AVERAGE(J5,N5,R5) -> 33478.667 | U5: =+T5*F5 -> 167393.33
A6: 4 | B6: 11161807 | C6: TELA FLEECE POLAR | D6: Generalidades: El Fleece Polar es muy suave, afelpado por ambos lados,posee propiedades generadoras de calor por tener una superficie motosa, la cual es ideal para el diseño y la confección de productos como cobijas, chaquetas friogrificas, forros, mantas, muñequeria y decoración navideña. Requisitos Generales: Este producto se utiliza para confeccionar muñequería navideña Requisitos Especificos: Dimensiones, 1.50 metros de ancho. Empaque y rotulado: N.A. Presentación: tela fleece Color rojo Garantías: La fecha de vencimiento debe ser mínimo de un año contados a partir de la fecha de entrega del producto | E6: METRO | F6: 5 | G6: Artesanias Regular | H6: 28000 | I6: =+H6*19% -> 5320 | J6: =+H6+I6 -> 33320 | K6: =+J6*F6 -> 166600 | L6: 25000 | M6: =+L6*19% -> 4750 | N6: =+L6+M6 -> 29750 | O6: =+N6*F6 -> 148750 | P6: 29000 | Q6: =+P6*19% -> 5510 | R6: =+P6+Q6 -> 34510 | S6: =+R6*F6 -> 172550 | T6: =+AVERAGE(J6,N6,R6) -> 32526.667 | U6: =+T6*F6 -> 162633.33
A7: 5 | B7: 11161807 | C7: TELA FLEECE POLAR | D7: Generalidades: El Fleece Polar es muy suave, afelpado por ambos lados, posee propiedades generadoras de calor por tener una superficie motosa, la cual es ideal para el diseño y la confección de productos como cobijas, chaquetas friogrificas, forros, mantas, muñequeria y decoración navideña. Requisitos Generales: Este producto se utiliza para confeccionar muñequería navideña Requisitos Especificos: Dimensiones, 1.50 metros de ancho. Empaque y rotulado: N.A. Presentación: : tela fleece Color verde navidad Garantías: La fecha de vencimiento debe ser mínimo de un año contados a partir de la fecha de entrega del producto | E7: METRO | F7: 5 | G7: Artesanias Regular | H7: 28000 | I7: =+H7*19% -> 5320 | J7: =+H7+I7 -> 33320 | K7: =+J7*F7 -> 166600 | L7: 25200 | M7: =+L7*19% -> 4788 | N7: =+L7+M7 -> 29988 | O7: =+N7*F7 -> 149940 | P7: 31200 | Q7: =+P7*19% -> 5928 | R7: =+P7+Q7 -> 37128 | S7: =+R7*F7 -> 185640 | T7: =+AVERAGE(J7,N7,R7) -> 33478.667 | U7: =+T7*F7 -> 167393.33
A8: 6 | B8: 11161807 | C8: TELA FLEECE POLAR | D8: Generalidades: El Fleece Polar es muy suave, afelpado por ambos lados, posee propiedades generadoras de calor por tener una superficie motosa, la cual es ideal para el diseño y la confección de productos como cobijas, chaquetas friogrificas, forros, mantas, muñequeria y decoración navideña. Requisitos Generales: Este producto se utiliza para confeccionar muñequería navideña Requisitos Especificos: Dimensiones, 1.50 metros de ancho. Empaque y rotulado: N.A. Presentación: Color piel Garantías: La fecha de vencimiento debe ser mínimo de un año contados a partir de la fecha de entrega del producto | E8: METRO | F8: 5 | G8: Artesanias Regular | H8: 28000 | I8: =+H8*19% -> 5320 | J8: =+H8+I8 -> 33320 | K8: =+J8*F8 -> 166600 | L8: 25200 | M8: =+L8*19% -> 4788 | N8: =+L8+M8 -> 29988 | O8: =+N8*F8 -> 149940 | P8: 31200 | Q8: =+P8*19% -> 5928 | R8: =+P8+Q8 -> 37128 | S8: =+R8*F8 -> 185640 | T8: =+AVERAGE(J8,N8,R8) -> 33478.667 | U8: =+T8*F8 -> 167393.33
A9: 7 | B9: 11161807 | C9: TELA FLEECE POLAR | D9: Generalidades: El Fleece Polar es muy suave, afelpado por ambos lados, posee propiedades generadoras de calor por tener una superficie motosa, la cual es ideal para el diseño y la confección de productos como cobijas, chaquetas friogrificas, forros, mantas, muñequeria y decoración navideña. Requisitos Generales: Este producto se utiliza para confeccionar muñequería navideña Requisitos Especificos: Dimensiones, 1.50 metros de ancho. Empaque y rotulado: N.A. Presentación:: tela fleece Color estampado navideño Garantías: La fecha de vencimiento debe ser mínimo de un año contados a partir de la fecha de entrega del producto | E9: METRO | F9: 5 | G9: Artesanias Regular | H9: 28000 | I9: =+H9*19% -> 5320 | J9: =+H9+I9 -> 33320 | K9: =+J9*F9 -> 166600 | L9: 25200 | M9: =+L9*19% -> 4788 | N9: =+L9+M9 -> 29988 | O9: =+N9*F9 -> 149940 | P9: 31200 | Q9: =+P9*19% -> 5928 | R9: =+P9+Q9 -> 37128 | S9: =+R9*F9 -> 185640 | T9: =+AVERAGE(J9,N9,R9) -> 33478.667 | U9: =+T9*F9 -> 167393.33
A10: 8 | B10: 11161807 | C10: TELA FLEECE POLAR | D10: Generalidades: El Fleece Polar es muy suave, afelpado por ambos lados, posee propiedades generadoras de calor por tener una superficie motosa, la cual es ideal para el diseño y la confección de productos como cobijas, chaquetas friogrificas, forros, mantas, muñequeria y decoración navideña. Requisitos Generales: Este producto se utiliza para confeccionar muñequería navideña Requisitos Especificos: Dimensiones, 1.50 metros de ancho. Empaque y rotulado: N.A. Presentación: : tela fleece Color naranja Garantías: La fecha de vencimiento debe ser mínimo de un año contados a partir de la fecha de entrega del producto | E10: METRO | F10: 5 | G10: Artesanias Regular | H10: 28000 | I10: =+H10*19% -> 5320 | J10: =+H10+I10 -> 33320 | K10: =+J10*F10 -> 166600 | L10: 25200 | M10: =+L10*19% -> 4788 | N10: =+L10+M10 -> 29988 | O10: =+N10*F10 -> 149940 | P10: 31200 | Q10: =+P10*19% -> 5928 | R10: =+P10+Q10 -> 37128 | S10: =+R10*F10 -> 185640 | T10: =+AVERAGE(J10,N10,R10) -> 33478.667 | U10: =+T10*F10 -> 167393.33
A11: 9 | B11: 54121500 | C11: MURANOS | D11: Generalidades: Piedras murano en color azul marino oscuro. El cristal o vidrio de Muranotiene gran resistencia y un hermoso brillo y colores. Es un insumo perfecto para la bisutería y joyería. Requisitos Generales: El producto debe ser en material de vidrio. Requisitos Especificos: Murano #8 color azul marino oscuro Empaque y rotulado: N.A. Presentación: collar de sarta. Garantías: N.A. | E11: SARTA | F11: 500 | G11: 500 Bisuteria Población Desplazada | H11: 7000 | I11: =+H11*19% -> 1330 | J11: =+H11+I11 -> 8330 | K11: =+J11*F11 -> 4165000 | L11: 6300 | M11: =+L11*19% -> 1197 | N11: =+L11+M11 -> 7497 | O11: =+N11*F11 -> 3748500 | P11: 7800 | Q11: =+P11*19% -> 1482 | R11: =+P11+Q11 -> 9282 | S11: =+R11*F11 -> 4641000 | T11: =+AVERAGE(J11,N11,R11) -> 8369.6667 | U11: =+T11*F11 -> 4184833.3
A12: 10 | B12: 54121500 | C12: MURANOS | D12: Generalidades: Piedras murano en color azul marino oscuro.El cristal o vidrio de Muranotiene gran resistencia y un hermoso brillo y colores. Es un insumo perfecto para la bisutería y joyería. Requisitos Generales: El producto debe ser en material de vidrio. Requisitos Especificos: El producto debe ser en murano #6 color azul marino oscuro Empaque y rotulado: N.A. Presentación: Collar de sarta. Garantías: N.A | E12: SARTA | F12: 500 | G12: 500. Bisuteria Población Desplazada | H12: 6000 | I12: =+H12*19% -> 1140 | J12: =+H12+I12 -> 7140 | K12: =+J12*F12 -> 3570000 | L12: 5400 | M12: =+L12*19% -> 1026 | N12: =+L12+M12 -> 6426 | O12: =+N12*F12 -> 3213000 | P12: 6700 | Q12: =+P12*19% -> 1273 | R12: =+P12+Q12 -> 7973 | S12: =+R12*F12 -> 3986500 | T12: =+AVERAGE(J12,N12,R12) -> 7179.6667 | U12: =+T12*F12 -> 3589833.3
A13: 11 | B13: 54121500 | C13: MURANOS | D13: Generalidades: Piedras murano en color azul marino oscuro.El cristal o vidrio de Muranotiene gran resistencia y un hermoso brillo y colores. Es un insumo perfecto para la bisutería y joyería. Requisitos Generales: El producto debe ser en material de vidrio. Requisitos Especificos: El producto debe ser murano #4 color azul marino oscuro Empaque y rotulado: N.A Presentación: collar de sarta Garantías: N.A | E13: SARTA | F13: 500 | G13: 500. Bisuteria Población Desplazada | H13: 6000 | I13: =+H13*19% -> 1140 | J13: =+H13+I13 -> 7140 | K13: =+J13*F13 -> 3570000 | L13: 5400 | M13: =+L13*19% -> 1026 | N13: =+L13+M13 -> 6426 | O13: =+N13*F13 -> 3213000 | P13: 6700 | Q13: =+P13*19% -> 1273 | R13: =+P13+Q13 -> 7973 | S13: =+R13*F13 -> 3986500 | T13: =+AVERAGE(J13,N13,R13) -> 7179.6667 | U13: =+T13*F13 -> 3589833.3
A14: 12 | B14: 54121500 | C14: MURANOS | D14: Generalidades: Piedra Murano en color negro. El cristal o vidrio de Muranotiene gran resistencia y un hermoso brillo y colores. Es un insumo perfecto para la bisutería y joyería. Requisitos Generales: El proucto debe ser en material de vidrio. Requisitos Especificos: El producto debe ser en murano #8. en color negro Empaque y rotulado: N.A Presentación: Collar de sarta. Garantías: N.A | E14: SARTA | F14: 500 | G14: 500. Bisuteria Población Desplazada | H14: 7000 | I14: =+H14*19% -> 1330 | J14: =+H14+I14 -> 8330 | K14: =+J14*F14 -> 4165000 | L14: 6300 | M14: =+L14*19% -> 1197 | N14: =+L14+M14 -> 7497 | O14: =+N14*F14 -> 3748500 | P14: 7800 | Q14: =+P14*19% -> 1482 | R14: =+P14+Q14 -> 9282 | S14: =+R14*F14 -> 4641000 | T14: =+AVERAGE(J14,N14,R14) -> 8369.6667 | U14: =+T14*F14 -> 4184833.3
... A62: 60 | B62: 53141615 | C62: AGUJA MOSTACILLERA | D62: UNIDAD DE MEDIDA PAQUETE NOMBRE AGUJA MOSTACILLERA | E62: PAQUETE | F62: 52 | G62: 37. Bisuteria Población Desplazada 15. Bisuteria Regular | H62: 5000 | I62: =+H62*19% -> 950 | J62: =+H62+I62 -> 5950 | K62: =+J62*F62 -> 309400 | L62: 4500 | M62: =+L62*19% -> 855 | N62: =+L62+M62 -> 5355 | O62: =+N62*F62 -> 278460 | P62: 5600 | Q62: =+P62*19% -> 1064 | R62: =+P62+Q62 -> 6664 | S62: =+R62*F62 -> 346528 | T62: =+AVERAGE(J62,N62,R62) -> 5989.6667 | U62: =+T62*F62 -> 311462.67
K63: =SUM(K3:K62) -> 93385369 | O63: =SUM(O3:O62) -> 84324233 | S63: =SUM(S3:S62) -> 103711594 | T63: =SUM(T3:T62) -> 1417409 | U63: =SUM(U3:U62) -> 93807065

Sheet Lote 5. Organizacion de eventos
A1: PROYECCION ECONOMICA LOTE 5. ORGANIZACIÓN DE EVENTOS | I1: COTIZACION 1 BISNEXT | M1: COTIZACION 2 SUMMINISTRO C | Q1: COTIZACION 3 GD GROUP | U1: PROMEDIO
A2: ITEM | B2: Código UNSPC | C2: NOMBRE DEL PRODUCTO | D2: DESCRIPCIÓN DETALLADA DEL PRODUCTO | E2: UNIDAD DE MEDIDA | F2: CANTIDAD | G2: Ilustración del Producto | H2: Programa de Formación | I2: VALOR UNITARIO SIN IMPUESTO | J2: IMPUESTO APLICABLE | K2: VALOR UNITARIO CON IMPUESTO | L2: VALOR TOTAL CON IMPUESTO | M2: VALOR UNITARIO SIN IMPUESTO | N2: IMPUESTO APLICABLE | O2: VALOR UNITARIO CON IMPUESTO | P2: VALOR TOTAL CON IMPUESTO | Q2: VALOR UNITARIO SIN IMPUESTO | R2: IMPUESTO APLICABLE | S2: VALOR UNITARIO CON IMPUESTO | T2: VALOR TOTAL CON IMPUESTO | U2: VALOR UNITARIO CON IMPUESTO | V2: VALOR TOTAL CON IMPUESTO
A3: 1 | B3: 52121604 | C3: Manteles redondos | D3: 50% algodón, 50% polyester / 290 cms de diámetro / Color: blanco | E3: Unidad | F3: 2 | H3: Organización de Eventos Regular | I3: 262000 | J3: =+I3*19% -> 49780 | K3: =+I3+J3 -> 311780 | L3: =+K3*F3 -> 623560 | M3: 235800 | N3: =+M3*19% -> 44802 | O3: =+N3+M3 -> 280602 | P3: =+O3*F3 -> 561204 | Q3: 291100 | R3: =+Q3*19% -> 55309 | S3: =+R3+Q3 -> 346409 | T3: =+S3*F3 -> 692818 | U3: =+AVERAGE(K3,O3,S3) -> 312930.33 | V3: =+U3*F3 -> 625860.67
A4: 2 | B4: 52121604 | C4: Manteles rectangulares | D4: 50% algodón, 50% polyester / 320 X 215 cms / Color: blanco | E4: Unidad | F4: 2 | H4: Organización de Eventos Regular | I4: 240000 | J4: =+I4*19% -> 45600 | K4: =+I4+J4 -> 285600 | L4: =+K4*F4 -> 571200 | M4: 216000 | N4: =+M4*19% -> 41040 | O4: =+N4+M4 -> 257040 | P4: =+O4*F4 -> 514080 | Q4: 266600 | R4: =+Q4*19% -> 50654 | S4: =+R4+Q4 -> 317254 | T4: =+S4*F4 -> 634508 | U4: =+AVERAGE(K4,O4,S4) -> 286631.33 | V4: =+U4*F4 -> 573262.67
A5: 3 | B5: 56141603 | C5: Platos postre | D5: Platos postre dimensiones: 7cm X7cm - Cuadrado Color Blanco sin adornos | E5: Unidad | F5: 15 | H5: Organización de Eventos Regular | I5: 34000 | J5: =+I5*19% -> 6460 | K5: =+I5+J5 -> 40460 | L5: =+K5*F5 -> 606900 | M5: 30600 | N5: =+M5*19% -> 5814 | O5: =+N5+M5 -> 36414 | P5: =+O5*F5 -> 546210 | Q5: 37700 | R5: =+Q5*19% -> 7163 | S5: =+R5+Q5 -> 44863 | T5: =+S5*F5 -> 672945 | U5: =+AVERAGE(K5,O5,S5) -> 40579 | V5: =+U5*F5 -> 608685
A6: 4 | B6: 56141603 | C6: Platos llanos | D6: Platos llanos dimensiones: 24 cm X 24cm - Cuadrado Color Blanco sin adornos | E6: Unidad | F6: 15 | H6: Organización de Eventos Regular | I6: 24000 | J6: =+I6*19% -> 4560 | K6: =+I6+J6 -> 28560 | L6: =+K6*F6 -> 428400 | M6: 21600 | N6: =+M6*19% -> 4104 | O6: =+N6+M6 -> 25704 | P6: =+O6*F6 -> 385560 | Q6: 26600 | R6: =+Q6*19% -> 5054 | S6: =+R6+Q6 -> 31654 | T6: =+S6*F6 -> 474810 | U6: =+AVERAGE(K6,O6,S6) -> 28639.333 | V6: =+U6*F6 -> 429590
A7: 5 | B7: 48101903 | C7: Pocillos para café | D7: Pocillos para café dimensiones: Diámetro 6 cm; capacidad 90 ml Alto 6 cms Color Blanco sin adornos | E7: Unidad | F7: 10 | H7: Organización de Eventos Regular | I7: 50000 | J7: =+I7*19% -> 9500 | K7: =+I7+J7 -> 59500 | L7: =+K7*F7 -> 595000 | M7: 45000 | N7: =+M7*19% -> 8550 | O7: =+N7+M7 -> 53550 | P7: =+O7*F7 -> 535500 | Q7: 55500 | R7: =+Q7*19% -> 10545 | S7: =+R7+Q7 -> 66045 | T7: =+S7*F7 -> 660450 | U7: =+AVERAGE(K7,O7,S7) -> 59698.333 | V7: =+U7*F7 -> 596983.33
A8: 6 | B8: 56141603 | C8: Platos para tazas de café | D8: Platos para tazas de café dimensiones: 13 cm X 13 cm - Cuadrado Color Blanco sin adornos | E8: Unidad | F8: 5 | H8: Organización de Eventos Regular | I8: 40000 | J8: =+I8*19% -> 7600 | K8: =+I8+J8 -> 47600 | L8: =+K8*F8 -> 238000 | M8: 36000 | N8: =+M8*19% -> 6840 | O8: =+N8+M8 -> 42840 | P8: =+O8*F8 -> 214200 | Q8: 44400 | R8: =+Q8*19% -> 8436 | S8: =+R8+Q8 -> 52836 | T8: =+S8*F8 -> 264180 | U8: =+AVERAGE(K8,O8,S8) -> 47758.667 | V8: =+U8*F8 -> 238793.33
A9: 7 | B9: 56141603 | C9: Platos hondos | D9: Platos hondos dimensiones: Cuadrado; 23,5 X 17 cm Profundidad 4,5 cm Color Blanco sin adornos | E9: Unidad | F9: 15 | H9: Organización de Eventos Regular | I9: 82000 | J9: =+I9*19% -> 15580 | K9: =+I9+J9 -> 97580 | L9: =+K9*F9 -> 1463700 | M9: 73800 | N9: =+M9*19% -> 14022 | O9: =+N9+M9 -> 87822 | P9: =+O9*F9 -> 1317330 | Q9: 91100 | R9: =+Q9*19% -> 17309 | S9: =+R9+Q9 -> 108409 | T9: =+S9*F9 -> 1626135 | U9: =+AVERAGE(K9,O9,S9) -> 97937 | V9: =+U9*F9 -> 1469055
A10: 8 | B10: 48101900 | C10: Taza frutas o cereal | D10: Taza frutas o cereal dimensiones: Cuadrado; 12 X 12 cm Color Blanco sin adornos | E10: Unidad | F10: 15 | H10: Organización de Eventos Regular | I10: 120000 | J10: =+I10*19% -> 22800 | K10: =+I10+J10 -> 142800 | L10: =+K10*F10 -> 2142000 | M10: 108000 | N10: =+M10*19% -> 20520 | O10: =+N10+M10 -> 128520 | P10: =+O10*F10 -> 1927800 | Q10: 133300 | R10: =+Q10*19% -> 25327 | S10: =+R10+Q10 -> 158627 | T10: =+S10*F10 -> 2379405 | U10: =+AVERAGE(K10,O10,S10) -> 143315.67 | V10: =+U10*F10 -> 2149735
A11: 9 | B11: 48101900 | C11: Mantequilleras | D11: Mantequilleras dimensones: 8 X 8cm - Profundidad 2 cm Color Blanco sin adornos | E11: Unidad | F11: 15 | H11: Organización de Eventos Regular | I11: 190900 | J11: =+I11*19% -> 36271 | K11: =+I11+J11 -> 227171 | L11: =+K11*F11 -> 3407565 | M11: 171800 | N11: =+M11*19% -> 32642 | O11: =+N11+M11 -> 204442 | P11: =+O11*F11 -> 3066630 | Q11: 212100 | R11: =+Q11*19% -> 40299 | S11: =+R11+Q11 -> 252399 | T11: =+S11*F11 -> 3785985 | U11: =+AVERAGE(K11,O11,S11) -> 228004 | V11: =+U11*F11 -> 3420060
A12: 10 | B12: 48101900 | C12: Tazas aderezos | D12: Tazas aderezos dimensiones: Profundidad 3,5 cm Ancho 6,2 cm Cuadrado Color Blanco sin adornos | E12: Unidad | F12: 10 | H12: Organización de Eventos Regular | I12: 19200 | J12: =+I12*19% -> 3648 | K12: =+I12+J12 -> 22848 | L12: =+K12*F12 -> 228480 | M12: 17200 | N12: =+M12*19% -> 3268 | O12: =+N12+M12 -> 20468 | P12: =+O12*F12 -> 204680 | Q12: 21300 | R12: =+Q12*19% -> 4047 | S12: =+R12+Q12 -> 25347 | T12: =+S12*F12 -> 253470 | U12: =+AVERAGE(K12,O12,S12) -> 22887.667 | V12: =+U12*F12 -> 228876.67
A13: 11 | B13: 48101904 | C13: Copas vino | D13: Cristal Vino Tinto: altura 16,5 cm - ancho: 7 cm Vino Blanco: altura 19 cm - ancho 5,5 cm Balón: altura 21 cm - ancho 8,6 cm | E13: Unidad | F13: 15 | H13: Organización de Eventos Regular | I13: 180000 | J13: =+I13*19% -> 34200 | K13: =+I13+J13 -> 214200 | L13: =+K13*F13 -> 3213000 | M13: 162000 | N13: =+M13*19% -> 30780 | O13: =+N13+M13 -> 192780 | P13: =+O13*F13 -> 2891700 | Q13: 200000 | R13: =+Q13*19% -> 38000 | S13: =+R13+Q13 -> 238000 | T13: =+S13*F13 -> 3570000 | U13: =+AVERAGE(K13,O13,S13) -> 214993.33 | V13: =+U13*F13 -> 3224900
A14: 12 | B14: 48101904 | C14: Copas de agua | D14: Copas de agua material Cristal Ancho 7 cm, largo 13,5 cm | E14: Unidad | F14: 10 | H14: Organización de Eventos Regular | I14: 22000 | J14: =+I14*19% -> 4180 | K14: =+I14+J14 -> 26180 | L14: =+K14*F14 -> 261800 | M14: 19800 | N14: =+M14*19% -> 3762 | O14: =+N14+M14 -> 23562 | P14: =+O14*F14 -> 235620 | Q14: 24400 | R14: =+Q14*19% -> 4636 | S14: =+R14+Q14 -> 29036 | T14: =+S14*F14 -> 290360 | U14: =+AVERAGE(K14,O14,S14) -> 26259.333 | V14: =+U14*F14 -> 262593.33
... A39: 37 | B39: 60141001 | C39: GLOBO BURBUJA 20 PULGADAS | D39: PRESENTACION: UNIDAD USO: DECORACION UNIDAD DE MEDIDA: UD CARACTERISTICA: DE FORMA REDONDA 20 PULGADAS | E39: UNIDAD | F39: 15 | H39: Organización de Eventos Regular | I39: 10000 | J39: =+I39*19% -> 1900 | K39: =+I39+J39 -> 11900 | L39: =+K39*F39 -> 178500 | M39: 9000 | N39: =+M39*19% -> 1710 | O39: =+N39+M39 -> 10710 | P39: =+O39*F39 -> 160650 | Q39: 11100 | R39: =+Q39*19% -> 2109 | S39: =+R39+Q39 -> 13209 | T39: =+S39*F39 -> 198135 | U39: =+AVERAGE(K39,O39,S39) -> 11939.667 | V39: =+U39*F39 -> 179095
L40: =SUM(L3:L39) -> 28475867 | P40: =SUM(P3:P39) -> 25584048 | T40: =SUM(T3:T39) -> 31594500 | U40: =SUM(U3:U39) -> 3066312.7 | V40: =SUM(V3:V39) -> 28551472

Sheet Lote 6. Cosmetologia 
A1: PROYECCION ECONOMICA LOTE 6. COSMETOLOGIA | I1: BISNEXT | M1: DOTHA | Q1: SUMINISTROS E-COMMERCE | U1: PROMEDIO
A2: ITEM | B2: Código UNSPC | C2: NOMBRE DEL PRODUCTO | D2: DESCRIPCIÓN DETALLADA DEL PRODUCTO | E2: UNIDAD DE MEDIDA | F2: CANTIDAD | G2: Ilustración del Producto | H2: Programa de Formación | I2: VALOR UNT 1 | J2: IVA | K2: PRECIO UNITARIO CON IVA | L2: PRECIO TOTAL CON IVA | M2: VALOR UNT 2 | N2: IVA | O2: PRECIO UNITARIO CON IVA | P2: PRECIO TOTAL CON IVA | Q2: VALOR UNT 3 | R2: IVA | S2: PRECIO UNITARIO CON IVA | T2: PRECIO TOTAL CON IVA | U2: PRECIO UNITARIO CON IVA | V2: PRECIO TOTAL CON IVA
A3: 1 | B3: 52121500 | C3: Sabanilla ajustable camilla | D3: Generalidades: Elemento de bioseguridad que evita que el usuario entre en contacto directo con la superficie de la camilla Requisitos Generales: Sábana resortada para camilla, color blanco Tela Quirúrgica desechable 30 gramos Medida 2.10 x 80 Elaborada en sms: tela con una barrera microbiana. La propia tela es capaz de bloquear efectivamente los gérmenes patógenos de los fluidos. El SMS es un material con una gran resistencia al desgarre. Cuenta con una excelente elongación, con lo que se garantiza la movilidad sin riesgos. El SMS es hipoalergénico, suave al tacto y permeable al aire.. Requisitos Especificos: El producto debe cumplir íntegramente la Norma Técnica Colombiana NTC 1689, establece los requisitos que deben cumplir los cosméticos capilares. Toma de muestras y recepción del producto, ensayos. Ademas de lo establecido en la resolucion 2827 del 2006 , 2117 del 2010 ,2263 del 2004 y ley 711 del 2001. Empaque y rotulado: Paquete por 12 unidades . Empacadas individualmente Presentación: sabanilla desechable ajustable resortada en los extremos de tela antifluida quirugica. Garantías: La fecha de vencimiento debe ser mínimo de un año contados a partir de la fehcha de entrega del producto | E3: unidad | F3: 1 | H3: Cosmetologia Regular | I3: 56000 | J3: =+I3*19% -> 10640 | K3: =+I3+J3 -> 66640 | L3: =+K3*F3 -> 66640 | M3: 62200 | N3: =+M3*19% -> 11818 | O3: =+M3+N3 -> 74018 | P3: =+O3*F3 -> 74018 | Q3: 55900 | R3: =+Q3*19% -> 10621 | S3: =+Q3+R3 -> 66521 | T3: =+S3*F3 -> 66521 | U3: =+AVERAGE(K3,O3,S3) -> 69059.667 | V3: =+U3*F3 -> 69059.667
A4: 2 | B4: 53131619 | C4: Exfoliante facial | D4: Generalidades: Elimina las células muertas, residuos de maquillaje, restos de contaminación e impurezas de la piel. Aporta hidratación y acción antioxidante; dejando la piel suave.Gel con semilla molida, acido frutal de uva y papaya natural para la renovación de la piel, exfolia e ilumina tu piel, deja una apariencia suave y tersa con un brillo natural. Rico en ingredientes activos de uva, antioxidante el cual contiene polifenoles y resveratrol que renuevan la piel en sinergia con el ingrediente activo de papaya exfoliante con acción queratolítico. Contiene gránulos naturales finamente redondeados y fáciles de retirar que favorece la acción exfoliante. Requisitos generales: Gránulos de polietileno: Microgránulos esféricos que remueven células muertas dejando la piel suave y preparada para los tratamientos. Butirospermum Parkii butter: Hidratante y emoliente. Tocopheryl Acetate (and) Palmitate: Vitaminas fundamentales en nanosferas que aportan hidratación, acción antioxidante y efecto acondicionador. Requisitos especificos : Requisitos especificos:: El producto debe cumplir íntegramente la Norma Técnica Colombiana NTC 1689, establece los requisitos que deben cumplir los cosméticos capilares. Toma de muestras y recepción del producto, ensayos, Empaque y rotulado . Ademas de lo establecido en la resolucion 2827 del 2006 , 2117 del 2010 ,2263 del 2004 y ley 711 del 2001. Certificación ISO 9901:2008 e ISO 14001:2004 de Sistemas de Gestión de la Calidad y Sistemas de Gestión Ambiental.Certificado PEFC: Este producto procede de bosques gestionados de forma sostenible y fuentes controladas. Ademas de lo establecido en la resolucion 2827 del 2006 , 2117 del 2010 ,2263 del 2004 y ley 711 del 2001.Empaque y rotulado: El producto se debe envasar en material, que aseguren su conservación e higiene durante el almacenamiento, transporte y expendio. El producto en el rótulo debe contener toda la información técnica y especificaciones requeridas para su uso. Presentación: Frasco de PVC con tapa flip top por 120 Grs. Garantías: La fecha de vencimiento debe ser mínimo de un año contados a partir de la fecha de entrega del producto. | E4: Frasco por 120 Grs | F4: 1 | H4: Cosmetologia Regular | I4: 210000 | J4: =+I4*19% -> 39900 | K4: =+I4+J4 -> 249900 | L4: =+K4*F4 -> 249900 | M4: 233300 | N4: =+M4*19% -> 44327 | O4: =+M4+N4 -> 277627 | P4: =M4*F4 -> 233300 | Q4: 209900 | R4: =+Q4*19% -> 39881 | S4: =+Q4+R4 -> 249781 | T4: =+S4*F4 -> 249781 | U4: =+AVERAGE(K4,O4,S4) -> 259102.67 | V4: =+U4*F4 -> 259102.67
A5: 3 | B5: 51241201 | C5: Acido salicilico | D5: Generalidades : Producto facial en gel al 10% con tea tree oil, específico para tratar acné inflamado Requisitos generales : Antiinflamatorio , bacteriostatico , sebostatico, comdeolitico , germicida y fungicida. Requisitos especificos:: El producto debe cumplir íntegramente la Norma Técnica Colombiana NTC 1689, establece los requisitos que deben cumplir los cosméticos capilares. Toma de muestras y recepción del producto, ensayos, Empaque y rotulado . Ademas de lo establecido en la resolucion 2827 del 2006 , 2117 del 2010 ,2263 del 2004 y ley 711 del 2001. Certificación ISO 9901:2008 e ISO 14001:2004 de Sistemas de Gestión de la Calidad y Sistemas de Gestión Ambiental.Certificado PEFC: Este producto procede de bosques gestionados de forma sostenible y fuentes controladas. Ademas de lo establecido en la resolucion 2827 del 2006 , 2117 del 2010 ,2263 del 2004 y ley 711 del 2001. Empaque y rotulado: El producto se debe envasar en material, que aseguren su conservación e higiene durante el almacenamiento, transporte y expendio. El producto en el rótulo debe contener toda la información técnica y especificaciones requeridas para su uso. Presentación: Frasco por 30 ml. Garantías: La fecha de vencimiento debe ser mínimo de un año contados a partir de la fecha de entrega del producto. | E5: Frasco x 30 ml al 30 % | F5: 1 | H5: Cosmetologia Regular | I5: 70000 | J5: =+I5*19% -> 13300 | K5: =+I5+J5 -> 83300 | L5: =+K5*F5 -> 83300 | M5: 77700 | N5: =+M5*19% -> 14763 | O5: =+M5+N5 -> 92463 | P5: =M5*F5 -> 77700 | Q5: 69900 | R5: =+Q5*19% -> 13281 | S5: =+Q5+R5 -> 83181 | T5: =+S5*F5 -> 83181 | U5: =+AVERAGE(K5,O5,S5) -> 86314.667 | V5: =+U5*F5 -> 86314.667
A6: 4 | B6: 60124500 | C6: Vitamina C ampolla | D6: Generalidades :Las Ampollas faciales Vitamina C aportan luminosidad a la piel, la hidratan y mejoran su textura. Previenen el envejecimiento prematuro, gracias a su efecto antioxidante y propiedades antiradicales libres. La Vitamina C fomenta la producción de Colágeno. Requisitos Generales : Principios activos:- Ascorbato Sódico – Vitamina C 20% Solo para uso externo Requisitos especificos:: El producto debe cumplir íntegramente la Norma Técnica Colombiana NTC 1689, establece los requisitos que deben cumplir los cosméticos capilares. Toma de muestras y recepción del producto, ensayos, Empaque y rotulado . Ademas de lo establecido en la resolucion 2827 del 2006 , 2117 del 2010 ,2263 del 2004 y ley 711 del 2001. Certificación ISO 9901:2008 e ISO 14001:2004 de Sistemas de Gestión de la Calidad y Sistemas de Gestión Ambiental.Certificado PEFC: Este producto procede de bosques gestionados de forma sostenible y fuentes controladas. Ademas de lo establecido en la resolucion 2827 del 2006 , 2117 del 2010 ,2263 del 2004 y ley 711 del 2001. Empaque y rotulado: El producto se debe envasar en material, que aseguren su conservación e higiene durante el almacenamiento, transporte y expendio. El producto en el rótulo debe contener toda la información técnica y especificaciones requeridas para su uso. Presentación: Caja por 5 Viales por 10 ml Garantías: La fecha de vencimiento debe ser mínimo de un año contados a partir de la fecha de entrega del producto. | E6: Caja por 5 viales por 10 ml | F6: 1 | H6: Cosmetologia Regular | I6: 502000 | J6: =+I6*19% -> 95380 | K6: =+I6+J6 -> 597380 | L6: =+K6*F6 -> 597380 | M6: 557700 | N6: =+M6*19% -> 105963 | O6: =+M6+N6 -> 663663 | P6: =M6*F6 -> 557700 | Q6: 501900 | R6: =+Q6*19% -> 95361 | S6: =+Q6+R6 -> 597261 | T6: =+S6*F6 -> 597261 | U6: =+AVERAGE(K6,O6,S6) -> 619434.67 | V6: =+U6*F6 -> 619434.67
A7: 5 | B7: 53131619 | C7: Mascarilla desincrustante de papaina | D7: Generalidades: Facilita la renovación celular. Ideal para desobstruir poros. Requisitos Generales: Gel acuoso , contiene Extracto de papaya: Con trazas del activo papaína ejerce una limpieza suave de las capas superiores de la piel por su acción queratolítica y desincrustante que mejora los procedimientos de limpieza y eliminación de células muertas. Además el extracto de papaya es rico en aminoácidos y azúcares que aportan una acción acondicionadora inmediata. Extracto de epilobium Angustifolium: Acción descongestiva y seborreguladora. Requisitos especificos:: El producto debe cumplir íntegramente la Norma Técnica Colombiana NTC 1689, establece los requisitos que deben cumplir los cosméticos capilares. Toma de muestras y recepción del producto, ensayos, Empaque y rotulado . Ademas de lo establecido en la resolucion 2827 del 2006 , 2117 del 2010 ,2263 del 2004 y ley 711 del 2001. Certificación ISO 9901:2008 e ISO 14001:2004 de Sistemas de Gestión de la Calidad y Sistemas de Gestión Ambiental.Certificado PEFC: Este producto procede de bosques gestionados de forma sostenible y fuentes controladas. Ademas de lo establecido en la resolucion 2827 del 2006 , 2117 del 2010 ,2263 del 2004 y ley 711 del 2001. Empaque y rotulado: El producto se debe envasar en material, que aseguren su conservación e higiene durante el almacenamiento, transporte y expendio. El producto en el rótulo debe contener toda la información técnica y especificaciones requeridas para su uso. Presentacion :Frasco de PVC con tapa flip top por 172 Grs Garantías: La fecha de vencimiento debe ser mínimo de un año contados a partir de la fecha de entrega del producto. | E7: Frasco por 172 Grs | F7: 1 | H7: Cosmetologia Regular | I7: 106000 | J7: =+I7*19% -> 20140 | K7: =+I7+J7 -> 126140 | L7: =+K7*F7 -> 126140 | M7: 117700 | N7: =+M7*19% -> 22363 | O7: =+M7+N7 -> 140063 | P7: =M7*F7 -> 117700 | Q7: 105900 | R7: =+Q7*19% -> 20121 | S7: =+Q7+R7 -> 126021 | T7: =+S7*F7 -> 126021 | U7: =+AVERAGE(K7,O7,S7) -> 130741.33 | V7: =+U7*F7 -> 130741.33
A8: 6 | B8: 53131619 | C8: Mascarilla de fresa | D8: Generalidades: Propiedades astringentes, hidratantes y purificantes. Ideal para pieles mixtas a grasas.Requisitos Generales : xtracto de Fresa: Extracto rico en pectinas y glúcidos con acción Humectante, astringente y suavizante de la piel. Extracto de epilobium Angustifolium: Acción descongestiva y seboreguladora..Requisitos especificos:: El producto debe cumplir íntegramente la Norma Técnica Colombiana NTC 1689, establece los requisitos que deben cumplir los cosméticos capilares. Toma de muestras y recepción del producto, ensayos, Empaque y rotulado . Ademas de lo establecido en la resolucion 2827 del 2006 , 2117 del 2010 ,2263 del 2004 y ley 711 del 2001. Certificación ISO 9901:2008 e ISO 14001:2004 de Sistemas de Gestión de la Calidad y Sistemas de Gestión Ambiental.Certificado PEFC: Este producto procede de bosques gestionados de forma sostenible y fuentes controladas. Ademas de lo establecido en la resolucion 2827 del 2006 , 2117 del 2010 ,2263 del 2004 y ley 711 del 2001. Empaque y rotulado: El producto se debe envasar en material, que aseguren su conservación e higiene durante el almacenamiento, transporte y expendio. El producto en el rótulo debe contener toda la información técnica y especificaciones requeridas para su uso. Presentacion: Frasco por 172 Grs Garantías: La fecha de vencimiento debe ser mínimo de un año contados a partir de la fecha de entrega del producto. | E8: Frasco por 172 Grs | F8: 1 | H8: Cosmetologia Regular | I8: 144000 | J8: =+I8*19% -> 27360 | K8: =+I8+J8 -> 171360 | L8: =+K8*F8 -> 171360 | M8: 160000 | N8: =+M8*19% -> 30400 | O8: =+M8+N8 -> 190400 | P8: =M8*F8 -> 160000 | Q8: 144000 | R8: =+Q8*19% -> 27360 | S8: =+Q8+R8 -> 171360 | T8: =+S8*F8 -> 171360 | U8: =+AVERAGE(K8,O8,S8) -> 177706.67 | V8: =+U8*F8 -> 177706.67
A9: 7 | B9: 53131619 | C9: Leche limpiadora | D9: Generalidades: Leche limpiadoracon acción humectante, ideal para desmaquillar y limpiar el rostro.Requisitos Generales: Fitocomplejo de uva, caña de azúcar y manzana: Extractos frutales ricos en alfahidroxiácidos de origen natural como acido cítrico, ácido glicólico y ácido málico que despejan los folículos pilosebáceos y estimulan la remoción de las células muertas También confieren confort y suavidad inmediata por su alta acción humectante. Acido mandélico: Antibacterial..Requisitos especificos:: El producto debe cumplir íntegramente la Norma Técnica Colombiana NTC 1689, establece los requisitos que deben cumplir los cosméticos capilares. Toma de muestras y recepción del producto, ensayos, Empaque y rotulado . Ademas de lo establecido en la resolucion 2827 del 2006 , 2117 del 2010 ,2263 del 2004 y ley 711 del 2001. Certificación ISO 9901:2008 e ISO 14001:2004 de Sistemas de Gestión de la Calidad y Sistemas de Gestión Ambiental.Certificado PEFC: Este producto procede de bosques gestionados de forma sostenible y fuentes controladas. Ademas de lo establecido en la resolucion 2827 del 2006 , 2117 del 2010 ,2263 del 2004 y ley 711 del 2001. Empaque y rotulado: El producto se debe envasar en material, que aseguren su conservación e higiene durante el almacenamiento, transporte y expendio. El producto en el rótulo debe contener toda la información técnica y especificaciones requeridas para su uso. Presentacion :frasco por 120 Grs Garantías: La fecha de vencimiento debe ser mínimo de un año contados a partir de la fecha de entrega del producto. | E9: Frasco por 120 Grs | F9: 1 | H9: Cosmetologia Regular | I9: 20000 | J9: =+I9*19% -> 3800 | K9: =+I9+J9 -> 23800 | L9: =+K9*F9 -> 23800 | M9: 22200 | N9: =+M9*19% -> 4218 | O9: =+M9+N9 -> 26418 | P9: =M9*F9 -> 22200 | Q9: 19900 | R9: =+Q9*19% -> 3781 | S9: =+Q9+R9 -> 23681 | T9: =+S9*F9 -> 23681 | U9: =+AVERAGE(K9,O9,S9) -> 24633 | V9: =+U9*F9 -> 24633
A10: 8 | B10: 53131619 | C10: Mascarilla descongestiva | D10: Generalidades: Regula la humedad de la piel. Ideal para post exposición solar o post depilación. Requisitos Generales: Extracto de Aloe Barbadensis: Humectante, acondicionador y suavizante de la piel. Isomerato Sacárido: Humectante. Extracto de epilobium Angustifolium: Acción descongestiva.Requisitos especificos:: El producto debe cumplir íntegramente la Norma Técnica Colombiana NTC 1689, establece los requisitos que deben cumplir los cosméticos capilares. Toma de muestras y recepción del producto, ensayos, Empaque y rotulado . Ademas de lo establecido en la resolucion 2827 del 2006 , 2117 del 2010 ,2263 del 2004 y ley 711 del 2001. Certificación ISO 9901:2008 e ISO 14001:2004 de Sistemas de Gestión de la Calidad y Sistemas de Gestión Ambiental.Certificado PEFC: Este producto procede de bosques gestionados de forma sostenible y fuentes controladas. Ademas de lo establecido en la resolucion 2827 del 2006 , 2117 del 2010 ,2263 del 2004 y ley 711 del 2001. Empaque y rotulado: El producto se debe envasar en material, que aseguren su conservación e higiene durante el almacenamiento, transporte y expendio. El producto en el rótulo debe contener toda la información técnica y especificaciones requeridas para su uso. Presentacion : Frasco de PVC con tapa flip top por 172 Grs.Garantías: La fecha de vencimiento debe ser mínimo de un año contados a partir de la fecha de entrega del producto | E10: frasco por 172 Grs | F10: 1 | H10: Cosmetologia Regular | I10: 144000 | J10: =+I10*19% -> 27360 | K10: =+I10+J10 -> 171360 | L10: =+K10*F10 -> 171360 | M10: 160000 | N10: =+M10*19% -> 30400 | O10: =+M10+N10 -> 190400 | P10: =M10*F10 -> 160000 | Q10: 144000 | R10: =+Q10*19% -> 27360 | S10: =+Q10+R10 -> 171360 | T10: =+S10*F10 -> 171360 | U10: =+AVERAGE(K10,O10,S10) -> 177706.67 | V10: =+U10*F10 -> 177706.67
A11: 9 | B11: 53131610 | C11: Parches de ojos y labios | D11: Generalidades: Ayuda a contrarrestar los signos de la edad en la piel, alisa y suaviza las arrugas del contorno de ojos y labios, ejerciendo una acción intensiva antiedad e hidratante en la zona. Agradable y refrescante olor a Té Verde.Requisitos Generales:Parches de tratamiento SPA profesional para el contorno de ojos y labios desarrollados con la Tecnología Hidrogel-Transdérmica: intensa, rápida y constante dosificación de los ingredientes activos en la piel. Con un suave soporte exterior impermeable y un interior concentrado en ingredientes activos, se produce una acción oclusiva sobre la piel que favorece una penetración más profunda y un tratamiento más intensivo.Requisitos especificos:: El producto debe cumplir íntegramente la Norma Técnica Colombiana NTC 1689, establece los requisitos que deben cumplir los cosméticos capilares. Toma de muestras y recepción del producto, ensayos, Empaque y rotulado . Ademas de lo establecido en la resolucion 2827 del 2006 , 2117 del 2010 ,2263 del 2004 y ley 711 del 2001. Certificación ISO 9901:2008 e ISO 14001:2004 de Sistemas de Gestión de la Calidad y Sistemas de Gestión Ambiental.Certificado PEFC: Este producto procede de bosques gestionados de forma sostenible y fuentes controladas. Ademas de lo establecido en la resolucion 2827 del 2006 , 2117 del 2010 ,2263 del 2004 y ley 711 del 2001. Empaque y rotulado: El producto se debe envasar en material, que aseguren su conservación e higiene durante el almacenamiento, transporte y expendio. El producto en el rótulo debe contener toda la información técnica y especificaciones requeridas para su uso. Presentacion : paquete por 12 unidades.Garantías: La fecha de vencimiento debe ser mínimo de un año contados a partir de la fecha de entrega del producto | E11: paquete x 12 unidades | F11: 1 | H11: Cosmetologia Regular | I11: 90000 | J11: =+I11*19% -> 17100 | K11: =+I11+J11 -> 107100 | L11: =+K11*F11 -> 107100 | M11: 100000 | N11: =+M11*19% -> 19000 | O11: =+M11+N11 -> 119000 | P11: =M11*F11 -> 100000 | Q11: 90000 | R11: =+Q11*19% -> 17100 | S11: =+Q11+R11 -> 107100 | T11: =+S11*F11 -> 107100 | U11: =+AVERAGE(K11,O11,S11) -> 111066.67 | V11: =+U11*F11 -> 111066.67
A12: 10 | B12: 53131619 | C12: Mascarilla de oro | D12: Generalidades:MÁSCARA DE ORO & CÉLULAS MADRE DE ARGÁN GOLD MASK Su rico contenido en Oro logra un efecto shock reafirmante e iluminador, dejando una agradable sensación de suavidad. Requisisto generales:contiene particulas de oro que Hidrata las capas mas profundas de la piel.¦ Gran poder antioxidante y estimulador de la microcirculación.¦ Efecto shock tensor.¦ Alivia la inflamacion y enrojecimiento. y CÉLULAS MADRE DE ARGÁN¦ Estimulan la proliferación de celular.¦ Protegen del daño por estrés ambiental.¦ Aumentan la longevidad celular.¦ Gran poder de acción antioxidante. Requisitos especificos:: El producto debe cumplir íntegramente la Norma Técnica Colombiana NTC 1689, establece los requisitos que deben cumplir los cosméticos capilares. Toma de muestras y recepción del producto, ensayos . Ademas de lo establecido en la resolucion 2827 del 2006 , 2117 del 2010 ,2263 del 2004 y ley 711 del 2001. Certificación ISO 9901:2008 e ISO 14001:2004 de Sistemas de Gestión de la Calidad y Sistemas de Gestión Ambiental.Certificado PEFC: Este producto procede de bosques gestionados de forma sostenible y fuentes controladas. Ademas de lo establecido en la resolucion 2827 del 2006 , 2117 del 2010 ,2263 del 2004 y ley 711 del 2001. Empaque y rotulado: El producto se debe envasar en material, que aseguren su conservación e higiene durante el almacenamiento, transporte y expendio. El producto en el rótulo debe contener toda la información técnica y especificaciones requeridas para su uso. Presentacion: frasco por 150 grs.Garantías: La fecha de vencimiento debe ser mínimo de un año contados a partir de la fecha de entrega del producto | E12: Frasco por 150 Grs | F12: 1 | H12: Cosmetologia Regular | I12: 60000 | J12: =+I12*19% -> 11400 | K12: =+I12+J12 -> 71400 | L12: =+K12*F12 -> 71400 | M12: 66600 | N12: =+M12*19% -> 12654 | O12: =+M12+N12 -> 79254 | P12: =M12*F12 -> 66600 | Q12: 59900 | R12: =+Q12*19% -> 11381 | S12: =+Q12+R12 -> 71281 | T12: =+S12*F12 -> 71281 | U12: =+AVERAGE(K12,O12,S12) -> 73978.333 | V12: =+U12*F12 -> 73978.333
A13: 11 | B13: 53131619 | C13: Mascarilla de lodo cromatico en polvo uva | D13: Generalidades:Lodo cromático de tierra volcánica con oligoelementos, enriquecido con frutas, plantas y aceites esenciales de uva que aportan una alta relajación a la piel. Requisitos generales: contiene Uva Isabelina y Flor de Jamaica Requisitos especificos:: El producto debe cumplir íntegramente la Norma Técnica Colombiana NTC 1689, establece los requisitos que deben cumplir los cosméticos capilares. Toma de muestras y recepción del producto, ensayos, Empaque y rotulado . Ademas de lo establecido en la resolucion 2827 del 2006 , 2117 del 2010 ,2263 del 2004 y ley 711 del 2001. Certificación ISO 9901:2008 e ISO 14001:2004 de Sistemas de Gestión de la Calidad y Sistemas de Gestión Ambiental.Certificado PEFC: Este producto procede de bosques gestionados de forma sostenible y fuentes controladas. Ademas de lo establecido en la resolucion 2827 del 2006 , 2117 del 2010 ,2263 del 2004 y ley 711 del 2001. Empaque y rotulado: El producto se debe envasar en material, que aseguren su conservación e higiene durante el almacenamiento, transporte y expendio. El producto en el rótulo debe contener toda la información técnica y especificaciones requeridas para su uso. Presentacion Envase de 500g.Garantías: La fecha de vencimiento debe ser mínimo de un año contados a partir de la fecha de entrega del producto. | E13: Envase de 500g | F13: 1 | H13: Cosmetologia Regular | I13: 180000 | J13: =+I13*19% -> 34200 | K13: =+I13+J13 -> 214200 | L13: =+K13*F13 -> 214200 | M13: 200000 | N13: =+M13*19% -> 38000 | O13: =+M13+N13 -> 238000 | P13: =M13*F13 -> 200000 | Q13: 180000 | R13: =+Q13*19% -> 34200 | S13: =+Q13+R13 -> 214200 | T13: =+S13*F13 -> 214200 | U13: =+AVERAGE(K13,O13,S13) -> 222133.33 | V13: =+U13*F13 -> 222133.33
A14: 12 | B14: 11101518 | C14: Talco de uso corporal | D14: Generalidades:E l Talco es un auxiliar necesario en el sistema de depilación, forma una delgada capa protectora sobre la piel, absorbiendo la grasa y la humedad, permitiendo que la cera se deslice con facilidad y se adhiera al vello, no a la piel.Requisitos generales: Sin triclosan Requisitos especificos:: El producto debe cumplir íntegramente la Norma Técnica Colombiana NTC 1689, establece los requisitos que deben cumplir los cosméticos capilares. Toma de muestras y recepción del producto, ensayos, Empaque y rotulado . Ademas de lo establecido en la resolucion 2827 del 2006 , 2117 del 2010 ,2263 del 2004 y ley 711 del 2001. Certificación ISO 9901:2008 e ISO 14001:2004 de Sistemas de Gestión de la Calidad y Sistemas de Gestión Ambiental.Certificado PEFC: Este producto procede de bosques gestionados de forma sostenible y fuentes controladas. Ademas de lo establecido en la resolucion 2827 del 2006 , 2117 del 2010 ,2263 del 2004 y ley 711 del 2001. Empaque y rotulado: El producto se debe envasar en material, que aseguren su conservación e higiene durante el almacenamiento, transporte y expendio. El producto en el rótulo debe contener toda la información técnica y especificaciones requeridas para su uso. Presentacion : frasco x 200 Grs.Garantías: La fecha de vencimiento debe ser mínimo de un año contados a partir de la fecha de entrega del producto. | E14: Frasco por 200 Grs | F14: 1 | H14: Cosmetologia Regular | I14: 32000 | J14: =+I14*19% -> 6080 | K14: =+I14+J14 -> 38080 | L14: =+K14*F14 -> 38080 | M14: 35500 | N14: =+M14*19% -> 6745 | O14: =+M14+N14 -> 42245 | P14: =M14*F14 -> 35500 | Q14: 31900 | R14: =+Q14*19% -> 6061 | S14: =+Q14+R14 -> 37961 | T14: =+S14*F14 -> 37961 | U14: =+AVERAGE(K14,O14,S14) -> 39428.667 | V14: =+U14*F14 -> 39428.667
A15: 13 | B15: 53131629 | C15: Pestañas de punto | D15: Generalidades: fibras sinteticas o postizas que vienen en pequeños grupos de 3 a 5 pelos.Requisitos generales: Diametro de 0.18 mm a 0.25 mm.Requisitos especificos:: El producto debe cumplir íntegramente la Norma Técnica Colombiana NTC 1689, establece los requisitos que deben cumplir los cosméticos capilares. Toma de muestras y recepción del producto, ensayos, Empaque y rotulado . Ademas de lo establecido en la resolucion 2827 del 2006 , 2117 del 2010 ,2263 del 2004 y ley 711 del 2001. Certificación ISO 9901:2008 e ISO 14001:2004 de Sistemas de Gestión de la Calidad y Sistemas de Gestión Ambiental.Certificado PEFC: Este producto procede de bosques gestionados de forma sostenible y fuentes controladas. Ademas de lo establecido en la resolucion 2827 del 2006 , 2117 del 2010 ,2263 del 2004 y ley 711 del 2001. Empaque y rotulado: El producto se debe envasar en material, que aseguren su conservación e higiene durante el almacenamiento, transporte y expendio. El producto en el rótulo debe contener toda la información técnica y especificaciones requeridas para su uso Presentacion : bandeja por 60 unidades de cabello humano Individual conjunto de pestañas tamaño mixto Natural pestañas individuales extensión , tamaño short y medium y large.s. Garantia: La fecha de vencimiento debe ser mínimo de un año contados a partir de la fecha de entrega del producto | E15: Bandeja por 60 unidades de pestañas Tamaño short medium y large | F15: 10 | H15: Cosmetologia Regular | I15: 10000 | J15: =+I15*19% -> 1900 | K15: =+I15+J15 -> 11900 | L15: =+K15*F15 -> 119000 | M15: 11100 | N15: =+M15*19% -> 2109 | O15: =+M15+N15 -> 13209 | P15: =M15*F15 -> 111000 | Q15: 9900 | R15: =+Q15*19% -> 1881 | S15: =+Q15+R15 -> 11781 | T15: =+S15*F15 -> 117810 | U15: =+AVERAGE(K15,O15,S15) -> 12296.667 | V15: =+U15*F15 -> 122966.67
... A57: 55 | B57: 53131600 | C57: ACEITES ESENCIALES PARA USO DE AROMATERAPIA EN PEBETEROS NO ES DE APLICACIÓN EN EL SER HUMANO. | D57: ACEITES ESENCIALES PARA USO DE AROMATERAPIA EN PEBETEROS NO ES DE APLICACIÓN EN EL SER HUMANO. YLANG-YLANG, VAINILLA, LIMON, | E57: FRASCO 25 ML | F57: 4 | H57: Cosmetologia Población Desplazada | I57: 260000 | J57: =+I57*19% -> 49400 | K57: =+I57+J57 -> 309400 | L57: =+K57*F57 -> 1237600 | M57: 288800 | N57: =+M57*19% -> 54872 | O57: =+M57+N57 -> 343672 | P57: =M57*F57 -> 1155200 | Q57: 259900 | R57: =+Q57*19% -> 49381 | S57: =+Q57+R57 -> 309281 | T57: =+S57*F57 -> 1237124 | U57: =+AVERAGE(K57,O57,S57) -> 320784.33 | V57: =+U57*F57 -> 1283137.3
A58: 56 | B58: 51241200 | C58: ACIDO GLICOLICO 25% | D58: INSUMOS FACIALES Y CORPORALES--- PRESENTACION FRASCO X 15 ML UNIDAD DE MEDIDA UNIDAD NOMBRE ACIDO GLICOLICO 25% | E58: FRASCO 15 ML | F58: 6 | H58: Cosmetologia Población Desplazada | I58: 146000 | J58: =+I58*19% -> 27740 | K58: =+I58+J58 -> 173740 | L58: =+K58*F58 -> 1042440 | M58: 162200 | N58: =+M58*19% -> 30818 | O58: =+M58+N58 -> 193018 | P58: =M58*F58 -> 973200 | Q58: 145900 | R58: =+Q58*19% -> 27721 | S58: =+Q58+R58 -> 173621 | T58: =+S58*F58 -> 1041726 | U58: =+AVERAGE(K58,O58,S58) -> 180126.33 | V58: =+U58*F58 -> 1080758
A59: 57 | B59: 51241200 | C59: ACIDO KOJICO 5% | D59: INSUMOS FACIALES Y CORPORALES--- PRESENTACION FRASCO X 15 ML UNIDAD DE MEDIDA UNIDAD NOMBRE ACIDO KOJICO 5% | E59: FRASCO 15 ML | F59: 4 | H59: Cosmetologia Población Desplazada | I59: 128000 | J59: =+I59*19% -> 24320 | K59: =+I59+J59 -> 152320 | L59: =+K59*F59 -> 609280 | M59: 142200 | N59: =+M59*19% -> 27018 | O59: =+M59+N59 -> 169218 | P59: =M59*F59 -> 568800 | Q59: 127900 | R59: =+Q59*19% -> 24301 | S59: =+Q59+R59 -> 152201 | T59: =+S59*F59 -> 608804 | U59: =+AVERAGE(K59,O59,S59) -> 157913 | V59: =+U59*F59 -> 631652
A60: 58 | B60: 51241200 | C60: ACIDO SALICILICO 12% | D60: INSUMOS FACIALES Y CORPORALES--- PRESENTACION FRASCO X 15 ML UNIDAD DE MEDIDA UNIDAD NOMBRE ACIDO SALICILICO 12% | E60: FRASCO 15 ML | F60: 6 | H60: Cosmetologia Población Desplazada | I60: 70000 | J60: =+I60*19% -> 13300 | K60: =+I60+J60 -> 83300 | L60: =+K60*F60 -> 499800 | M60: 77700 | N60: =+M60*19% -> 14763 | O60: =+M60+N60 -> 92463 | P60: =M60*F60 -> 466200 | Q60: 69900 | R60: =+Q60*19% -> 13281 | S60: =+Q60+R60 -> 83181 | T60: =+S60*F60 -> 499086 | U60: =+AVERAGE(K60,O60,S60) -> 86314.667 | V60: =+U60*F60 -> 517888
A61: 59 | B61: 51241200 | C61: ACIDO HIALURONICO | D61: INSUMOS FACIALES Y CORPORALES--- PRESENTACION FRASCO X 20 ML UNIDAD DE MEDIDA UNIDAD NOMBRE ACIDO HIALURONICO | E61: FRASCO 20 ML | F61: 8 | H61: Cosmetologia Población Desplazada | I61: 50000 | J61: =+I61*19% -> 9500 | K61: =+I61+J61 -> 59500 | L61: =+K61*F61 -> 476000 | M61: 55500 | N61: =+M61*19% -> 10545 | O61: =+M61+N61 -> 66045 | P61: =M61*F61 -> 444000 | Q61: 49900 | R61: =+Q61*19% -> 9481 | S61: =+Q61+R61 -> 59381 | T61: =+S61*F61 -> 475048 | U61: =+AVERAGE(K61,O61,S61) -> 61642 | V61: =+U61*F61 -> 493136
A62: 60 | B62: 12162200 | C62: AMPOLLAS DE ACIDO HIALURÓNICO | D62: PRESENTACION AMPOLLETA UNIDAD DE MEDIDA CAJA AMPOLLA 5 ML | E62: UNIDAD | F62: 6 | H62: Cosmetologia Población Desplazada | I62: 42000 | J62: =+I62*19% -> 7980 | K62: =+I62+J62 -> 49980 | L62: =+K62*F62 -> 299880 | M62: 46600 | N62: =+M62*19% -> 8854 | O62: =+M62+N62 -> 55454 | P62: =M62*F62 -> 279600 | Q62: 41900 | R62: =+Q62*19% -> 7961 | S62: =+Q62+R62 -> 49861 | T62: =+S62*F62 -> 299166 | U62: =+AVERAGE(K62,O62,S62) -> 51765 | V62: =+U62*F62 -> 310590
A63: 61 | B63: 12162200 | C63: AMPOLLA SOLUCION ANTICELULITICA | D63: PRESENTACION AMPOLLETA UNIDAD DE MEDIDA CAJA AMPOLLA 5 ML | E63: UNIDAD | F63: 6 | H63: Cosmetologia Población Desplazada | I63: 360000 | J63: =+I63*19% -> 68400 | K63: =+I63+J63 -> 428400 | L63: =+K63*F63 -> 2570400 | M63: 400000 | N63: =+M63*19% -> 76000 | O63: =+M63+N63 -> 476000 | P63: =M63*F63 -> 2400000 | Q63: 360000 | R63: =+Q63*19% -> 68400 | S63: =+Q63+R63 -> 428400 | T63: =+S63*F63 -> 2570400 | U63: =+AVERAGE(K63,O63,S63) -> 444266.67 | V63: =+U63*F63 -> 2665600
A64: 62 | B64: 12162200 | C64: AMPOLLA DE PIRUVATO SODICO | D64: PRESENTACION AMPOLLETA UNIDAD DE MEDIDA CAJA AMPOLLA 5 ML | E64: UNIDAD | F64: 6 | H64: Cosmetologia Población Desplazada | I64: 240000 | J64: =+I64*19% -> 45600 | K64: =+I64+J64 -> 285600 | L64: =+K64*F64 -> 1713600 | M64: 266600 | N64: =+M64*19% -> 50654 | O64: =+M64+N64 -> 317254 | P64: =M64*F64 -> 1599600 | Q64: 239900 | R64: =+Q64*19% -> 45581 | S64: =+Q64+R64 -> 285481 | T64: =+S64*F64 -> 1712886 | U64: =+AVERAGE(K64,O64,S64) -> 296111.67 | V64: =+U64*F64 -> 1776670
A65: 63 | B65: 12162200 | C65: AMPOLLAS DE ELASTINA | D65: PRESENTACION AMPOLLETA UNIDAD DE MEDIDA CAJA AMPOLLA 5 ML | E65: UNIDAD | F65: 7 | H65: Cosmetologia Población Desplazada | I65: 88000 | J65: =+I65*19% -> 16720 | K65: =+I65+J65 -> 104720 | L65: =+K65*F65 -> 733040 | M65: 97700 | N65: =+M65*19% -> 18563 | O65: =+M65+N65 -> 116263 | P65: =M65*F65 -> 683900 | Q65: 87900 | R65: =+Q65*19% -> 16701 | S65: =+Q65+R65 -> 104601 | T65: =+S65*F65 -> 732207 | U65: =+AVERAGE(K65,O65,S65) -> 108528 | V65: =+U65*F65 -> 759696
A66: 64 | B66: 12162200 | C66: AMPOLLAS DE SILICIO ORGANICO | D66: PRESENTACION AMPOLLETA UNIDAD DE MEDIDA CAJA AMPOLLA 5 ML | E66: UNIDAD | F66: 6 | H66: Cosmetologia Población Desplazada | I66: 180000 | J66: =+I66*19% -> 34200 | K66: =+I66+J66 -> 214200 | L66: =+K66*F66 -> 1285200 | M66: 200000 | N66: =+M66*19% -> 38000 | O66: =+M66+N66 -> 238000 | P66: =M66*F66 -> 1200000 | Q66: 180000 | R66: =+Q66*19% -> 34200 | S66: =+Q66+R66 -> 214200 | T66: =+S66*F66 -> 1285200 | U66: =+AVERAGE(K66,O66,S66) -> 222133.33 | V66: =+U66*F66 -> 1332800
A67: 65 | B67: 51241200 | C67: AMPOLLAS DE SOLUCION LIPOREDUCTORA | D67: PRESENTACION AMPOLLETA UNIDAD DE MEDIDA CAJA AMPOLLA 5 ML | E67: UNIDAD | F67: 10 | H67: Cosmetologia Población Desplazada | I67: 28000 | J67: =+I67*19% -> 5320 | K67: =+I67+J67 -> 33320 | L67: =+K67*F67 -> 333200 | M67: 31100 | N67: =+M67*19% -> 5909 | O67: =+M67+N67 -> 37009 | P67: =M67*F67 -> 311000 | Q67: 27900 | R67: =+Q67*19% -> 5301 | S67: =+Q67+R67 -> 33201 | T67: =+S67*F67 -> 332010 | U67: =+AVERAGE(K67,O67,S67) -> 34510 | V67: =+U67*F67 -> 345100
A68: 66 | B68: 12162200 | C68: AMPOLLAS DE VITAMINA C AL 2% | D68: PRESENTACION AMPOLLETA UNIDAD DE MEDIDA CAJA AMPOLLA 5 ML | E68: UNIDAD | F68: 10 | H68: Cosmetologia Población Desplazada | I68: 16000 | J68: =+I68*19% -> 3040 | K68: =+I68+J68 -> 19040 | L68: =+K68*F68 -> 190400 | M68: 17700 | N68: =+M68*19% -> 3363 | O68: =+M68+N68 -> 21063 | P68: =M68*F68 -> 177000 | Q68: 15900 | R68: =+Q68*19% -> 3021 | S68: =+Q68+R68 -> 18921 | T68: =+S68*F68 -> 189210 | U68: =+AVERAGE(K68,O68,S68) -> 19674.667 | V68: =+U68*F68 -> 196746.67
A69: 67 | B69: 53131600 | C69: BASE LIQUIDA TONOS SURTIDOS | D69: BASE LIQUIDA TONOS SURTIDOS USO COSMETICO | E69: UNIDAD | F69: 8 | H69: Cosmetologia Población Desplazada | I69: 64000 | J69: =+I69*19% -> 12160 | K69: =+I69+J69 -> 76160 | L69: =+K69*F69 -> 609280 | M69: 71100 | N69: =+M69*19% -> 13509 | O69: =+M69+N69 -> 84609 | P69: =M69*F69 -> 568800 | Q69: 63900 | R69: =+Q69*19% -> 12141 | S69: =+Q69+R69 -> 76041 | T69: =+S69*F69 -> 608328 | U69: =+AVERAGE(K69,O69,S69) -> 78936.667 | V69: =+U69*F69 -> 631493.33
A70: 68 | B70: 53131600 | C70: CORRECTOR CAMUFLAJE | D70: UNIDAD DE MEDIDA UNIDAD NOMBRE CORRECTOR FACIAL | E70: UNIDAD | F70: 8 | H70: Cosmetologia Población Desplazada | I70: 36000 | J70: =+I70*19% -> 6840 | K70: =+I70+J70 -> 42840 | L70: =+K70*F70 -> 342720 | M70: 40000 | N70: =+M70*19% -> 7600 | O70: =+M70+N70 -> 47600 | P70: =M70*F70 -> 320000 | Q70: 36000 | R70: =+Q70*19% -> 6840 | S70: =+Q70+R70 -> 42840 | T70: =+S70*F70 -> 342720 | U70: =+AVERAGE(K70,O70,S70) -> 44426.667 | V70: =+U70*F70 -> 355413.33
A71: 69 | B71: 53131600 | C71: DELINEADOR DE CEJAS | D71: UNIDAD DE MEDIDA UNIDAD NOMBRE DELINEADOR DE CEJAS | E71: UNIDAD | F71: 6 | H71: Cosmetologia Población Desplazada | I71: 4000 | J71: =+I71*19% -> 760 | K71: =+I71+J71 -> 4760 | L71: =+K71*F71 -> 28560 | M71: 4400 | N71: =+M71*19% -> 836 | O71: =+M71+N71 -> 5236 | P71: =M71*F71 -> 26400 | Q71: 3900 | R71: =+Q71*19% -> 741 | S71: =+Q71+R71 -> 4641 | T71: =+S71*F71 -> 27846 | U71: =+AVERAGE(K71,O71,S71) -> 4879 | V71: =+U71*F71 -> 29274
A72: 70 | B72: 53131600 | C72: DELINEADOR LIQUIDO | D72: UNIDAD DE MEDIDA UNIDAD NOMBRE DELINEADOR LIQUIDO | E72: UNIDAD | F72: 6 | H72: Cosmetologia Población Desplazada | I72: 26000 | J72: =+I72*19% -> 4940 | K72: =+I72+J72 -> 30940 | L72: =+K72*F72 -> 185640 | M72: 28800 | N72: =+M72*19% -> 5472 | O72: =+M72+N72 -> 34272 | P72: =M72*F72 -> 172800 | Q72: 25900 | R72: =+Q72*19% -> 4921 | S72: =+Q72+R72 -> 30821 | T72: =+S72*F72 -> 184926 | U72: =+AVERAGE(K72,O72,S72) -> 32011 | V72: =+U72*F72 -> 192066
A73: 71 | B73: 53131600 | C73: CAPAS PARA PELUQUERIA | D73: CAPAS PARA PELUQUERIA | E73: UNIDAD | F73: 18 | H73: Peluqueria Población Desplazada | I73: 40000 | J73: =+I73*19% -> 7600 | K73: =+I73+J73 -> 47600 | L73: =+K73*F73 -> 856800 | M73: 44400 | N73: =+M73*19% -> 8436 | O73: =+M73+N73 -> 52836 | P73: =M73*F73 -> 799200 | Q73: 39900 | R73: =+Q73*19% -> 7581 | S73: =+Q73+R73 -> 47481 | T73: =+S73*F73 -> 854658 | U73: =+AVERAGE(K73,O73,S73) -> 49305.667 | V73: =+U73*F73 -> 887502
A74: 72 | B74: 53131600 | C74: AMPOYAS CON CERAMIDAS CON AMINOACIDOS CAJAS POR 10 | D74: AMPOYAS CON CERAMIDAS CON AMINOACIDOS CAJAS POR 10 | E74: CAJAS | F74: 18 | H74: Peluqueria Población Desplazada | I74: 140000 | J74: =+I74*19% -> 26600 | K74: =+I74+J74 -> 166600 | L74: =+K74*F74 -> 2998800 | M74: 155500 | N74: =+M74*19% -> 29545 | O74: =+M74+N74 -> 185045 | P74: =M74*F74 -> 2799000 | Q74: 139900 | R74: =+Q74*19% -> 26581 | S74: =+Q74+R74 -> 166481 | T74: =+S74*F74 -> 2996658 | U74: =+AVERAGE(K74,O74,S74) -> 172708.67 | V74: =+U74*F74 -> 3108756
A75: 73 | B75: 53131600 | C75: PAPEL ABSORVENTE PARA PERMANENTE | D75: PAPEL ABSORVENTE PARA PERMANENTE PRESENTACION CAJAS X 1000 UNIDADES | E75: CAJA X 100 | F75: 7 | H75: Peluqueria Población Desplazada | I75: 20000 | J75: =+I75*19% -> 3800 | K75: =+I75+J75 -> 23800 | L75: =+K75*F75 -> 166600 | M75: 22200 | N75: =+M75*19% -> 4218 | O75: =+M75+N75 -> 26418 | P75: =M75*F75 -> 155400 | Q75: 19900 | R75: =+Q75*19% -> 3781 | S75: =+Q75+R75 -> 23681 | T75: =+S75*F75 -> 165767 | U75: =+AVERAGE(K75,O75,S75) -> 24633 | V75: =+U75*F75 -> 172431
A76: 74 | B76: 53131600 | C76: CUELLERA PARA BARBERIA Y PELUQUERIA PAPEL X5 ROLLOS | D76: CUELLERA PARA BARBERIA Y PELUQUERIA PAPEL X5 ROLLOS | E76: ROLLOS X 5 | F76: 13 | H76: Peluqueria Población Desplazada | I76: 60000 | J76: =+I76*19% -> 11400 | K76: =+I76+J76 -> 71400 | L76: =+K76*F76 -> 928200 | M76: 66600 | N76: =+M76*19% -> 12654 | O76: =+M76+N76 -> 79254 | P76: =M76*F76 -> 865800 | Q76: 59900 | R76: =+Q76*19% -> 11381 | S76: =+Q76+R76 -> 71281 | T76: =+S76*F76 -> 926653 | U76: =+AVERAGE(K76,O76,S76) -> 73978.333 | V76: =+U76*F76 -> 961718.33
A77: 75 | B77: 53131600 | C77: TAZAS MESCLADORAS PARA TINTE | D77: TAZAS MESCLADORAS PARA TINTE | E77: UNIDAD | F77: 15 | H77: Peluqueria Población Desplazada | I77: 280000 | J77: =+I77*19% -> 53200 | K77: =+I77+J77 -> 333200 | L77: =+K77*F77 -> 4998000 | M77: 311100 | N77: =+M77*19% -> 59109 | O77: =+M77+N77 -> 370209 | P77: =M77*F77 -> 4666500 | Q77: 279900 | R77: =+Q77*19% -> 53181 | S77: =+Q77+R77 -> 333081 | T77: =+S77*F77 -> 4996215 | U77: =+AVERAGE(K77,O77,S77) -> 345496.67 | V77: =+U77*F77 -> 5182450
A78: 76 | B78: 53131600 | C78: MEZCLADORES O BROCHAS PARA TINTES PAQUETES X 12 UNIDADES | D78: MEZCLADORES O BROCHAS PARA TINTES PAQUETES X 12 UNIDADES | E78: PAQUETES X 12 UNIDADES | F78: 36 | H78: Peluqueria Población Desplazada | I78: 6000 | J78: =+I78*19% -> 1140 | K78: =+I78+J78 -> 7140 | L78: =+K78*F78 -> 257040 | M78: 6600 | N78: =+M78*19% -> 1254 | O78: =+M78+N78 -> 7854 | P78: =M78*F78 -> 237600 | Q78: 5900 | R78: =+Q78*19% -> 1121 | S78: =+Q78+R78 -> 7021 | T78: =+S78*F78 -> 252756 | U78: =+AVERAGE(K78,O78,S78) -> 7338.3333 | V78: =+U78*F78 -> 264180
A79: 77 | B79: 53131600 | C79: POLVO DECOLORANTES 7 TONOS X 500 GRM. | D79: POLVO DECOLORANTES 7 TONOS X 500 GRM. | E79: UNIDAD | F79: 18 | H79: Peluqueria Población Desplazada | I79: 44000 | J79: =+I79*19% -> 8360 | K79: =+I79+J79 -> 52360 | L79: =+K79*F79 -> 942480 | M79: 48800 | N79: =+M79*19% -> 9272 | O79: =+M79+N79 -> 58072 | P79: =M79*F79 -> 878400 | Q79: 43900 | R79: =+Q79*19% -> 8341 | S79: =+Q79+R79 -> 52241 | T79: =+S79*F79 -> 940338 | U79: =+AVERAGE(K79,O79,S79) -> 54224.333 | V79: =+U79*F79 -> 976038
... A93: 91 | B93: 53131600 | C93: LIGAS PARA EL CABELLO X PAQUETE | D93: LIGAS PARA EL CABELLO X PAQUETE | E93: PAQUETE | F93: 24 | H93: Peluqueria Población Desplazada | I93: 60000 | J93: =+I93*19% -> 11400 | K93: =+I93+J93 -> 71400 | L93: =+K93*F93 -> 1713600 | M93: 66600 | N93: =+M93*19% -> 12654 | O93: =+M93+N93 -> 79254 | P93: =M93*F93 -> 1598400 | Q93: 59900 | R93: =+Q93*19% -> 11381 | S93: =+Q93+R93 -> 71281 | T93: =+S93*F93 -> 1710744 | U93: =+AVERAGE(K93,O93,S93) -> 73978.333 | V93: =+U93*F93 -> 1775480
L94: =SUM(L3:L93) -> 75859882 | P94: =SUM(P3:P93) -> 70794118 | T94: =SUM(T3:T93) -> 75746951 | U94: =SUM(U3:U93) -> 11741809 | V94: =SUM(V3:V93) -> 78612590

Sheet Lote 7. Papeleria
A1: PROYECCION ECONOMICA LOTE 7. PAPELERIA | G1: BISNEXT | K1: DOTHA | O1: SUMINISTROS | S1: PROMEDIO
A2: ITEM | B2: NOMBRE DEL PRODUCTO | C2: DESCRIPCIÓN DETALLADA DEL PRODUCTO | D2: UNIDAD DE MEDIDA | E2: CANTIDAD | F2: Programa de Formación | G2: VALOR UNT | H2: IVA | I2: VALOR UNITARIO CON IVA | J2: VALOR TOTAL CON IVA | K2: VALOR UNT | L2: IVA | M2: VALOR UNITARIO CON IVA | N2: VALOR TOTAL CON IVA | O2: VALOR UNT | P2: IVA | Q2: VALOR UNITARIO CON IVA | R2: VALOR TOTAL CON IVA | S2: VALOR UNITARIO CON IVA | T2: VALOR TOTAL CON IVA
A3: 1 | B3: Cartulina iris | C3: Cartón delgado, es un papel que es generalmente más grueso y más resistente que el papel normal de escritura o de impresión. Tamaño 1/8 - 25 x 38cm- 150 g- paquete por 10- colores surtidos | D3: Unidad | E3: 2 | F3: AIPI Población Desplazada | G3: 9800 | H3: =+G3*19% -> 1862 | I3: =+G3+H3 -> 11662 | J3: =+I3*E3 -> 23324 | K3: 10800 | L3: =+K3*19% -> 2052 | M3: =+K3+L3 -> 12852 | N3: =+M3*E3 -> 25704 | O3: 8800 | P3: =+O3*19% -> 1672 | Q3: =+O3+P3 -> 10472 | R3: =+Q3*E3 -> 20944 | S3: =+AVERAGE(I3,M3,Q3) -> 11662 | T3: =+S3*E3 -> 23324
A4: 2 | B4: Contadores o sets de actividades con contadores para matemáticas temprana | C4: Cuentas de madera Montessori para niños, juguete de matemáticas Digital a juego con tarjetas, cuentas de Clip de colores, juguetes educativos para edades tempranas Presentación: caja de madera- objetos para contar y rompexabezas | D4: Unid. | E4: 4 | F4: MF ENI | G4: 87400 | H4: =+G4*19% -> 16606 | I4: =+G4+H4 -> 104006 | J4: =+I4*E4 -> 416024 | K4: 97100 | L4: =+K4*19% -> 18449 | M4: =+K4+L4 -> 115549 | N4: =+M4*E4 -> 462196 | O4: 78600 | P4: =+O4*19% -> 14934 | Q4: =+O4+P4 -> 93534 | R4: =+Q4*E4 -> 374136 | S4: =+AVERAGE(I4,M4,Q4) -> 104363 | T4: =+S4*E4 -> 417452
A5: 3 | B5: Libros de recursos o actividades del tangram | C5: Tangram Didáctico Madera Magnetico- De madera ligera hay 40 elementos- Dimensiones: 18 cm x 27 cm x 5mm- Contiene Piezas Pequeñas | D5: Unid. | E5: 4 | F5: MF ENI | G5: 50000 | H5: =+G5*19% -> 9500 | I5: =+G5+H5 -> 59500 | J5: =+I5*E5 -> 238000 | K5: 55500 | L5: =+K5*19% -> 10545 | M5: =+K5+L5 -> 66045 | N5: =+M5*E5 -> 264180 | O5: 45000 | P5: =+O5*19% -> 8550 | Q5: =+O5+P5 -> 53550 | R5: =+Q5*E5 -> 214200 | S5: =+AVERAGE(I5,M5,Q5) -> 59698.333 | T5: =+S5*E5 -> 238793.33
A6: 4 | B6: Rompecabezas | C6: Rompecabezas Madera 6 En 1 Juguete Cubo Didáctico De 16 Pcs Temática: Infantil- Personaje: infantiles- Largo x Ancho: 12 cm x 3 cm- Altura: 12 cm- Orientación: Horizontal- Materiales: Madera | D6: Unid. | E6: 4 | F6: MF ENI | G6: 38000 | H6: =+G6*19% -> 7220 | I6: =+G6+H6 -> 45220 | J6: =+I6*E6 -> 180880 | K6: 42200 | L6: =+K6*19% -> 8018 | M6: =+K6+L6 -> 50218 | N6: =+M6*E6 -> 200872 | O6: 34200 | P6: =+O6*19% -> 6498 | Q6: =+O6+P6 -> 40698 | R6: =+Q6*E6 -> 162792 | S6: =+AVERAGE(I6,M6,Q6) -> 45378.667 | T6: =+S6*E6 -> 181514.67
A7: 5 | B7: Rompecabezas | C7: 3 Rompecabezas Para Niños X 35 Piezas- Largo x Ancho: 31 cm x 22.5 cm- Altura: 1.5 mm- Caja de Carton.- Orientación: Horizontal- Edad mínima recomendada: 3 años | D7: Unid. | E7: 3 | F7: MF ENI | G7: 67800 | H7: =+G7*19% -> 12882 | I7: =+G7+H7 -> 80682 | J7: =+I7*E7 -> 242046 | K7: 75300 | L7: =+K7*19% -> 14307 | M7: =+K7+L7 -> 89607 | N7: =+M7*E7 -> 268821 | O7: 61000 | P7: =+O7*19% -> 11590 | Q7: =+O7+P7 -> 72590 | R7: =+Q7*E7 -> 217770 | S7: =+AVERAGE(I7,M7,Q7) -> 80959.667 | T7: =+S7*E7 -> 242879
A8: 6 | B8: Sets de construcción de formas geométricas | C8: Juguete Set Bloques Maleta Fichas Armable X 68 Piezas- Material: Plástico- Medidas Maleta: 21 cm de Alto x 25 cm de Largo x 7.5 cm de Ancho. | D8: Unid. | E8: 3 | F8: MF ENI | G8: 141800 | H8: =+G8*19% -> 26942 | I8: =+G8+H8 -> 168742 | J8: =+I8*E8 -> 506226 | K8: 157500 | L8: =+K8*19% -> 29925 | M8: =+K8+L8 -> 187425 | N8: =+M8*E8 -> 562275 | O8: 127600 | P8: =+O8*19% -> 24244 | Q8: =+O8+P8 -> 151844 | R8: =+Q8*E8 -> 455532 | S8: =+AVERAGE(I8,M8,Q8) -> 169337 | T8: =+S8*E8 -> 508011
A9: 7 | B9: Rompecabezas | C9: Rompecabezas infantil - Material: madera Medidas: Largo x Ancho: 9 cm x 3 cm • Altura: 9 cm 6 en 1 juguete cubo didáctico de 16 piezas | D9: Unid. | E9: 3 | F9: MF ENI | G9: 38000 | H9: =+G9*19% -> 7220 | I9: =+G9+H9 -> 45220 | J9: =+I9*E9 -> 135660 | K9: 42200 | L9: =+K9*19% -> 8018 | M9: =+K9+L9 -> 50218 | N9: =+M9*E9 -> 150654 | O9: 34200 | P9: =+O9*19% -> 6498 | Q9: =+O9+P9 -> 40698 | R9: =+Q9*E9 -> 122094 | S9: =+AVERAGE(I9,M9,Q9) -> 45378.667 | T9: =+S9*E9 -> 136136
A10: 8 | B10: Lápices de colores | C10: Un material de arte formado por una mina pigmentada, encerrada dentro de una funda cilíndrica de madera- Colores de mina Gruesa (4 mm) Tipo elemento consumo unidad de medida Caja X 12 | D10: Unid. | E10: 10 | F10: MF ENI | G10: 27900 | H10: =+G10*19% -> 5301 | I10: =+G10+H10 -> 33201 | J10: =+I10*E10 -> 332010 | K10: 31000 | L10: =+K10*19% -> 5890 | M10: =+K10+L10 -> 36890 | N10: =+M10*E10 -> 368900 | O10: 25100 | P10: =+O10*19% -> 4769 | Q10: =+O10+P10 -> 29869 | R10: =+Q10*E10 -> 298690 | S10: =+AVERAGE(I10,M10,Q10) -> 33320 | T10: =+S10*E10 -> 333200
A11: 9 | B11: Block Amarillo argollado | C11: Block argollado tamaño carta rayado, para toma de apuntes, con microperforaciones para desprender las hojas color amarillo para mejor contraste. 50 hojas, tamaño 21 x 28,5 cm | D11: Unid. | E11: 10 | F11: MF ENI | G11: 9700 | H11: =+G11*19% -> 1843 | I11: =+G11+H11 -> 11543 | J11: =+I11*E11 -> 115430 | K11: 10700 | L11: =+K11*19% -> 2033 | M11: =+K11+L11 -> 12733 | N11: =+M11*E11 -> 127330 | O11: 8700 | P11: =+O11*19% -> 1653 | Q11: =+O11+P11 -> 10353 | R11: =+Q11*E11 -> 103530 | S11: =+AVERAGE(I11,M11,Q11) -> 11543 | T11: =+S11*E11 -> 115430
A12: 10 | B12: Block rayado | C12: Block tamaño carta- 70 hojas rayado- Largo x Ancho: 27.8 cm x 20.8 cm | D12: Unid. | E12: 10 | F12: MF ENI | G12: 11400 | H12: =+G12*19% -> 2166 | I12: =+G12+H12 -> 13566 | J12: =+I12*E12 -> 135660 | K12: 12600 | L12: =+K12*19% -> 2394 | M12: =+K12+L12 -> 14994 | N12: =+M12*E12 -> 149940 | O12: 10200 | P12: =+O12*19% -> 1938 | Q12: =+O12+P12 -> 12138 | R12: =+Q12*E12 -> 121380 | S12: =+AVERAGE(I12,M12,Q12) -> 13566 | T12: =+S12*E12 -> 135660
A13: 11 | B13: Perforadora | C13: Perforadora portátil de un solo agujero comodidad mango de un solo agujero perforador- Especificación: Material: Metal + plástico- Color: azul; blanco; negro; transparente Capacidad de papel: 8 hojas - Diámetro de la abertura: aprox. 6mm/0.24in Profundidad de papel de alimentación: aprox. 12mm/0.47in- Tamaño: aprox. 5.3x5.1x2.4cm/2.09x2.01x0.94in- Peso: aprox. 50g | D13: Unidad | E13: 5 | F13: MF ENI | G13: 17900 | H13: =+G13*19% -> 3401 | I13: =+G13+H13 -> 21301 | J13: =+I13*E13 -> 106505 | K13: 19800 | L13: =+K13*19% -> 3762 | M13: =+K13+L13 -> 23562 | N13: =+M13*E13 -> 117810 | O13: 16100 | P13: =+O13*19% -> 3059 | Q13: =+O13+P13 -> 19159 | R13: =+Q13*E13 -> 95795 | S13: =+AVERAGE(I13,M13,Q13) -> 21340.667 | T13: =+S13*E13 -> 106703.33
A14: 12 | B14: Tijeras grande | C14: TIPO ELEMENTO CONSUMO TAMAÑO 10 PULGADAS UNIDAD DE MEDIDA UNIDAD CARACTERISTICA Tijeras grande | D14: UNIDAD | E14: 4 | F14: 3. MF ENI 1. AIPI Población Desplazada | G14: 11500 | H14: =+G14*19% -> 2185 | I14: =+G14+H14 -> 13685 | J14: =+I14*E14 -> 54740 | K14: 12700 | L14: =+K14*19% -> 2413 | M14: =+K14+L14 -> 15113 | N14: =+M14*E14 -> 60452 | O14: 10300 | P14: =+O14*19% -> 1957 | Q14: =+O14+P14 -> 12257 | R14: =+Q14*E14 -> 49028 | S14: =+AVERAGE(I14,M14,Q14) -> 13685 | T14: =+S14*E14 -> 54740
... A85: 83 | B85: Sacagrapas | C85: Sacagrapas | D85: Und. | E85: 19 | F85: Archivo Articulación | G85: 5900 | H85: =+G85*19% -> 1121 | I85: =+G85+H85 -> 7021 | J85: =+I85*E85 -> 133399 | K85: 6500 | L85: =+K85*19% -> 1235 | M85: =+K85+L85 -> 7735 | N85: =+M85*E85 -> 146965 | O85: 5300 | P85: =+O85*19% -> 1007 | Q85: =+O85+P85 -> 6307 | R85: =+Q85*E85 -> 119833 | S85: =+AVERAGE(I85,M85,Q85) -> 7021 | T85: =+S85*E85 -> 133399
J86: =SUM(J3:J85) -> 67834522 | N86: =SUM(N3:N85) -> 75293204 | R86: =SUM(R3:R85) -> 61006659 | T86: =SUM(T3:T85) -> 68044795

Sheet Lote 8. Salud
A1: PROYECCION ECONOMICA LOTE 8. SALUD | I1: BISNEXT | M1: DOTHA | Q1: SUMINISTROS E-COMMERCE | U1: PROMEDI0O
A2: ITEM | B2: Código UNSPC | C2: NOMBRE DEL PRODUCTO | D2: DESCRIPCIÓN DETALLADA DEL PRODUCTO | E2: UNIDAD DE MEDIDA | F2: CANTIDAD | G2: Ilustración del Producto | H2: Programa de Formación | I2: VALOR UNITARIO SIN IMPUESTO | J2: IMPUESTO APLICABLE | K2: VALOR UNITARIO CON IMPUESTO | L2: VALOR TOTAL CON IMPUESTO | M2: VALOR UNITARIO SIN IMPUESTO | N2: IMPUESTO APLICABLE | O2: VALOR UNITARIO CON IMPUESTO | P2: VALOR TOTAL CON IMPUESTO | Q2: VALOR UNITARIO SIN IMPUESTO | R2: IMPUESTO APLICABLE | S2: VALOR UNITARIO CON IMPUESTO | T2: VALOR TOTAL CON IMPUESTO | U2: VALOR UNITARIO CON IMPUESTO | V2: VALOR TOTAL CON IMPUESTO
A3: 1 | B3: 51241204 | C3: Acido Bórico | D3: Acido Bórico polvo 99% pureza. Es usado como antiséptico, insecticida, retardante de la llama y precursor de otros compuestos químicos. Es usado también como agente tampón para regulación del pH | E3: kilogramo | F3: 1 | H3: Farmacia Regular | I3: 30200 | J3: =+I3*19% -> 5738 | K3: =+I3+J3 -> 35938 | L3: =+K3*F3 -> 35938 | M3: 33500 | N3: =+M3*19% -> 6365 | O3: =+N3+M3 -> 39865 | P3: =+O3*F3 -> 39865 | Q3: 27100 | R3: =+Q3*19% -> 5149 | S3: =+Q3+R3 -> 32249 | T3: =+S3*F3 -> 32249 | U3: =+AVERAGE(K3,O3,S3) -> 36017.333 | V3: =+U3*F3 -> 36017.333
A4: 2 | B4: 51241201 | C4: Ácido Salicílico | D4: llamados agentes queratolíticos. El ácido salicílico tópico alivia el acné al reducir la hinchazón y enrojecimiento y abrir los poros de la piel obstruidos, lo que permite que las espinillas se sequen. Ácido Salicílico Polvo para preparación de uso tópico | E4: kilogramo | F4: 1 | H4: Farmacia Regular | I4: 75600 | J4: =+I4*19% -> 14364 | K4: =+I4+J4 -> 89964 | L4: =+K4*F4 -> 89964 | M4: 84000 | N4: =+M4*19% -> 15960 | O4: =+N4+M4 -> 99960 | P4: =+O4*F4 -> 99960 | Q4: 68000 | R4: =+Q4*19% -> 12920 | S4: =+Q4+R4 -> 80920 | T4: =+S4*F4 -> 80920 | U4: =+AVERAGE(K4,O4,S4) -> 90281.333 | V4: =+U4*F4 -> 90281.333
A5: 3 | B5: 12352104 | C5: Alcohol etílico al 96% | D5: Alcohol etílico 96% x galonesxlitros | E5: Litros | F5: 4 | H5: Farmacia Regular | I5: 270500 | J5: =+I5*19% -> 51395 | K5: =+I5+J5 -> 321895 | L5: =+K5*F5 -> 1287580 | M5: 300500 | N5: =+M5*19% -> 57095 | O5: =+N5+M5 -> 357595 | P5: =+O5*F5 -> 1430380 | Q5: 243400 | R5: =+Q5*19% -> 46246 | S5: =+Q5+R5 -> 289646 | T5: =+S5*F5 -> 1158584 | U5: =+AVERAGE(K5,O5,S5) -> 323045.33 | V5: =+U5*F5 -> 1292181.3
A6: 4 | B6: 12161805 | C6: Carbopol | D6: Carbopol 934 o 940 NF polvo. emulsionante, estabilizante, de suspensión, espesante en muchas industrias y también se utiliza como agente gelificante en geles desinfectantes para manos y otros productos. | E6: Gramos | F6: 2 | H6: Farmacia Regular | I6: 188200 | J6: =+I6*19% -> 35758 | K6: =+I6+J6 -> 223958 | L6: =+K6*F6 -> 447916 | M6: 209100 | N6: =+M6*19% -> 39729 | O6: =+N6+M6 -> 248829 | P6: =+O6*F6 -> 497658 | Q6: 169300 | R6: =+Q6*19% -> 32167 | S6: =+Q6+R6 -> 201467 | T6: =+S6*F6 -> 402934 | U6: =+AVERAGE(K6,O6,S6) -> 224751.33 | V6: =+U6*F6 -> 449502.67
A7: 5 | B7: 53131644 | C7: Aceite de coco | D7: Aceite esencial con aroma de coco | E7: Frascox30ml | F7: 1 | H7: Farmacia Regular | I7: 19000 | J7: =+I7*19% -> 3610 | K7: =+I7+J7 -> 22610 | L7: =+K7*F7 -> 22610 | M7: 21100 | N7: =+M7*19% -> 4009 | O7: =+N7+M7 -> 25109 | P7: =+O7*F7 -> 25109 | Q7: 17100 | R7: =+Q7*19% -> 3249 | S7: =+Q7+R7 -> 20349 | T7: =+S7*F7 -> 20349 | U7: =+AVERAGE(K7,O7,S7) -> 22689.333 | V7: =+U7*F7 -> 22689.333
A8: 6 | B8: 53131644 | C8: Aceite de Argàn | D8: Aceite esencial con aroma de Argàn. | E8: Frascox30ml | F8: 1 | H8: Farmacia Regular | I8: 28500 | J8: =+I8*19% -> 5415 | K8: =+I8+J8 -> 33915 | L8: =+K8*F8 -> 33915 | M8: 31600 | N8: =+M8*19% -> 6004 | O8: =+N8+M8 -> 37604 | P8: =+O8*F8 -> 37604 | Q8: 25600 | R8: =+Q8*19% -> 4864 | S8: =+Q8+R8 -> 30464 | T8: =+S8*F8 -> 30464 | U8: =+AVERAGE(K8,O8,S8) -> 33994.333 | V8: =+U8*F8 -> 33994.333
A9: 7 | B9: 53131644 | C9: Aceite de Lavanda | D9: Aceite esencial con aroma de Lavanda | E9: Frascox30ml | F9: 1 | H9: Farmacia Regular | I9: 30200 | J9: =+I9*19% -> 5738 | K9: =+I9+J9 -> 35938 | L9: =+K9*F9 -> 35938 | M9: 33500 | N9: =+M9*19% -> 6365 | O9: =+N9+M9 -> 39865 | P9: =+O9*F9 -> 39865 | Q9: 27100 | R9: =+Q9*19% -> 5149 | S9: =+Q9+R9 -> 32249 | T9: =+S9*F9 -> 32249 | U9: =+AVERAGE(K9,O9,S9) -> 36017.333 | V9: =+U9*F9 -> 36017.333
A10: 8 | B10: 53131644 | C10: Aceite de Teresa | D10: Aceite esencial con aroma de Teresa | E10: Frascox30ml | F10: 1 | H10: Farmacia Regular | I10: 368000 | J10: =+I10*19% -> 69920 | K10: =+I10+J10 -> 437920 | L10: =+K10*F10 -> 437920 | M10: 408800 | N10: =+M10*19% -> 77672 | O10: =+N10+M10 -> 486472 | P10: =+O10*F10 -> 486472 | Q10: 331200 | R10: =+Q10*19% -> 62928 | S10: =+Q10+R10 -> 394128 | T10: =+S10*F10 -> 394128 | U10: =+AVERAGE(K10,O10,S10) -> 439506.67 | V10: =+U10*F10 -> 439506.67
A11: 9 | B11: 53131644 | C11: Aceite de Almendras | D11: Aceite esencial con aroma de Almendras | E11: Frascox30m | F11: 1 | H11: Farmacia Regular | I11: 11700 | J11: =+I11*19% -> 2223 | K11: =+I11+J11 -> 13923 | L11: =+K11*F11 -> 13923 | M11: 13000 | N11: =+M11*19% -> 2470 | O11: =+N11+M11 -> 15470 | P11: =+O11*F11 -> 15470 | Q11: 10500 | R11: =+Q11*19% -> 1995 | S11: =+Q11+R11 -> 12495 | T11: =+S11*F11 -> 12495 | U11: =+AVERAGE(K11,O11,S11) -> 13962.667 | V11: =+U11*F11 -> 13962.667
A12: 10 | B12: 51171608 | C12: Glicerina | D12: Glicerina USP líquida | E12: Litros | F12: 2 | H12: Farmacia Regular | I12: 26400 | J12: =+I12*19% -> 5016 | K12: =+I12+J12 -> 31416 | L12: =+K12*F12 -> 62832 | M12: 29300 | N12: =+M12*19% -> 5567 | O12: =+M12+N12 -> 34867 | P12: =+O12*F12 -> 69734 | Q12: 23700 | R12: =+Q12*19% -> 4503 | S12: =+Q12+R12 -> 28203 | T12: =+S12*F12 -> 56406 | U12: =+AVERAGE(K12,O12,S12) -> 31495.333 | V12: =+U12*F12 -> 62990.667
A13: 11 | B13: 42152419 | C13: Oxido de zinc | D13: Óxido de Zinc (Polvo cementante), polvo blanco químicamentepuro, concentración del 99%, envase plástico por 175 gr | E13: Frasco 175 gr | F13: 1 | H13: Enfermeria Regular | I13: 27200 | J13: =+I13*19% -> 5168 | K13: =+I13+J13 -> 32368 | L13: =+K13*F13 -> 32368 | M13: 30200 | N13: =+M13*19% -> 5738 | O13: =+M13+N13 -> 35938 | P13: =+O13*F13 -> 35938 | Q13: 24400 | R13: =+Q13*19% -> 4636 | S13: =+Q13+R13 -> 29036 | T13: =+S13*F13 -> 29036 | U13: =+AVERAGE(K13,O13,S13) -> 32447.333 | V13: =+U13*F13 -> 32447.333
A14: 12 | B14: 51241210 | C14: Salicilato de Metilo | D14: Salicilato de Metilo líquido, aceite de gaulteria, analgésica, antiinflamatoria, antipirética | E14: Litros | F14: 1 | H14: Farmacia Regular | I14: 272000 | J14: =+I14*19% -> 51680 | K14: =+I14+J14 -> 323680 | L14: =+K14*F14 -> 323680 | M14: 302200 | N14: =+M14*19% -> 57418 | O14: =+M14+N14 -> 359618 | P14: =+O14*F14 -> 359618 | Q14: 244800 | R14: =+Q14*19% -> 46512 | S14: =+Q14+R14 -> 291312 | T14: =+S14*F14 -> 291312 | U14: =+AVERAGE(K14,O14,S14) -> 324870 | V14: =+U14*F14 -> 324870
A15: 13 | B15: 12352104 | C15: Alcohol cetílico al 98% | D15: Alcohol cetílico 98% polvo. Bolsa x Kilogramos | E15: Bolsa x Kilogramos | F15: 1 | H15: Farmacia Regular | I15: 70500 | J15: =+I15*19% -> 13395 | K15: =+I15+J15 -> 83895 | L15: =+K15*F15 -> 83895 | M15: 78300 | N15: =+M15*19% -> 14877 | O15: =+M15+N15 -> 93177 | P15: =+O15*F15 -> 93177 | Q15: 63400 | R15: =+Q15*19% -> 12046 | S15: =+Q15+R15 -> 75446 | T15: =+S15*F15 -> 75446 | U15: =+AVERAGE(K15,O15,S15) -> 84172.667 | V15: =+U15*F15 -> 84172.667
A16: 14 | B16: 12141916 | C16: Yodo | D16: Cristales de yodo, antiséptico de la piel. Se usa como desinfectante para limpiar superficies y envases para almacenaje, en jabones para la piel y en vendajes y para purificar agua | E16: Gramos | F16: 1 | H16: Farmacia Regular | I16: 218400 | J16: =+I16*19% -> 41496 | K16: =+I16+J16 -> 259896 | L16: =+K16*F16 -> 259896 | M16: 242600 | N16: =+M16*19% -> 46094 | O16: =+M16+N16 -> 288694 | P16: =+O16*F16 -> 288694 | Q16: 196500 | R16: =+Q16*19% -> 37335 | S16: =+Q16+R16 -> 233835 | T16: =+S16*F16 -> 233835 | U16: =+AVERAGE(K16,O16,S16) -> 260808.33 | V16: =+U16*F16 -> 260808.33
A17: 15 | B17: 12352116 | C17: Trietanolamina | D17: Trietanolamina mínimo 85% de pureza. Líquida. Apariencia líquido amarillo pálido, higroscópico, emulsificante, amortiguando pH. líquido claro transparente/amarillento (que cuando está impuro puede volverse sólido dependiendo de la temperatura), que no es muy higroscópico ni muy volátil pero que es completamente soluble en agua | E17: Litros | F17: 1 | H17: Farmacia Regular | I17: 64000 | J17: =+I17*19% -> 12160 | K17: =+I17+J17 -> 76160 | L17: =+K17*F17 -> 76160 | M17: 71100 | N17: =+M17*19% -> 13509 | O17: =+M17+N17 -> 84609 | P17: =+O17*F17 -> 84609 | Q17: 57600 | R17: =+Q17*19% -> 10944 | S17: =+Q17+R17 -> 68544 | T17: =+S17*F17 -> 68544 | U17: =+AVERAGE(K17,O17,S17) -> 76437.667 | V17: =+U17*F17 -> 76437.667
A18: 16 | B18: 51241208 | C18: Vaselina | D18: Vaselina USP sólida, hidratante, derivado del petróleo | E18: kilogramo | F18: 1 | H18: Farmacia Regular | I18: 90000 | J18: =+I18*19% -> 17100 | K18: =+I18+J18 -> 107100 | L18: =+K18*F18 -> 107100 | M18: 100000 | N18: =+M18*19% -> 19000 | O18: =+M18+N18 -> 119000 | P18: =+O18*F18 -> 119000 | Q18: 81000 | R18: =+Q18*19% -> 15390 | S18: =+Q18+R18 -> 96390 | T18: =+S18*F18 -> 96390 | U18: =+AVERAGE(K18,O18,S18) -> 107496.67 | V18: =+U18*F18 -> 107496.67
A19: 17 | B19: 12164501 | C19: Benzoato de sodio | D19: Benzoato de sodio 99%, Polvo. blanca, cristalina y gelatinosa o granulada, conservante alimentario | E19: Kilogramo | F19: 1 | H19: Farmacia Regular | I19: 40000 | J19: =+I19*19% -> 7600 | K19: =+I19+J19 -> 47600 | L19: =+K19*F19 -> 47600 | M19: 44400 | N19: =+M19*19% -> 8436 | O19: =+M19+N19 -> 52836 | P19: =+O19*F19 -> 52836 | Q19: 36000 | R19: =+Q19*19% -> 6840 | S19: =+Q19+R19 -> 42840 | T19: =+S19*F19 -> 42840 | U19: =+AVERAGE(K19,O19,S19) -> 47758.667 | V19: =+U19*F19 -> 47758.667
A20: 18 | B20: 51241225 | C20: Alcanfor | D20: Alcanfor granulado, calidad de alta pureza | E20: Kilogramo | F20: 1 | H20: Farmacia Regular | I20: 180000 | J20: =+I20*19% -> 34200 | K20: =+I20+J20 -> 214200 | L20: =+K20*F20 -> 214200 | M20: 200000 | N20: =+M20*19% -> 38000 | O20: =+M20+N20 -> 238000 | P20: =+O20*F20 -> 238000 | Q20: 162000 | R20: =+Q20*19% -> 30780 | S20: =+Q20+R20 -> 192780 | T20: =+S20*F20 -> 192780 | U20: =+AVERAGE(K20,O20,S20) -> 214993.33 | V20: =+U20*F20 -> 214993.33
A21: 19 | B21: 12352106 | C21: Acido Estearico | D21: Acido Estearico grado cosmético 98-99% de pureza. Polvo. Utilizarse en la piel, posee propiedades emolientes y protectoras y es fácilmente absorbido por la piel, convirtiéndolo en un excelente hidratante y humectante de elevada calidad en cremas y cosméticos | E21: Kilogramo | F21: 1 | H21: Farmacia Regular | I21: 53700 | J21: =+I21*19% -> 10203 | K21: =+I21+J21 -> 63903 | L21: =+K21*F21 -> 63903 | M21: 59600 | N21: =+M21*19% -> 11324 | O21: =+M21+N21 -> 70924 | P21: =+O21*F21 -> 70924 | Q21: 48300 | R21: =+Q21*19% -> 9177 | S21: =+Q21+R21 -> 57477 | T21: =+S21*F21 -> 57477 | U21: =+AVERAGE(K21,O21,S21) -> 64101.333 | V21: =+U21*F21 -> 64101.333
A22: 20 | B22: 51101714 | C22: Metil Parabeno | D22: Metil Parabeno Polvo mínimo 95% pureza. El metilparabeno es un agente fungicida (E218) empleado en una variedad de alimentos y de productos de cosmética | E22: Gramos | F22: 3 | H22: Farmacia Regular | I22: 58800 | J22: =+I22*19% -> 11172 | K22: =+I22+J22 -> 69972 | L22: =+K22*F22 -> 209916 | M22: 65300 | N22: =+M22*19% -> 12407 | O22: =+M22+N22 -> 77707 | P22: =+O22*F22 -> 233121 | Q22: 52900 | R22: =+Q22*19% -> 10051 | S22: =+Q22+R22 -> 62951 | T22: =+S22*F22 -> 188853 | U22: =+AVERAGE(K22,O22,S22) -> 70210 | V22: =+U22*F22 -> 210630
A23: 21 | B23: 11101518 | C23: Talco | D23: Talco Extra grado cosmético, polvo blanco. mineral con propiedades antitranspirantes, absorbentes y blanqueantes | E23: Kg | F23: 1 | H23: Farmacia Regular | I23: 12600 | J23: =+I23*19% -> 2394 | K23: =+I23+J23 -> 14994 | L23: =+K23*F23 -> 14994 | M23: 14000 | N23: =+M23*19% -> 2660 | O23: =+M23+N23 -> 16660 | P23: =+O23*F23 -> 16660 | Q23: 11300 | R23: =+Q23*19% -> 2147 | S23: =+Q23+R23 -> 13447 | T23: =+S23*F23 -> 13447 | U23: =+AVERAGE(K23,O23,S23) -> 15033.667 | V23: =+U23*F23 -> 15033.667
... A45: 43 | B45: 41121510 | C45: Pipetas 10 ml | D45: Pipetas volumetrica de vidrio de 10 ml. Vidrio Resistentes a altas y cambios de temperatura | E45: unidad | F45: 1 | H45: Farmacia Regular | I45: 32000 | J45: =+I45*19% -> 6080 | K45: =+I45+J45 -> 38080 | L45: =+K45*F45 -> 38080 | M45: 35500 | N45: =+M45*19% -> 6745 | O45: =+M45+N45 -> 42245 | P45: =+O45*F45 -> 42245 | Q45: 28800 | R45: =+Q45*19% -> 5472 | S45: =+Q45+R45 -> 34272 | T45: =+S45*F45 -> 34272 | U45: =+AVERAGE(K45,O45,S45) -> 38199 | V45: =+U45*F45 -> 38199
A46: 44 | B46: 41121510 | C46: Pipetas 5 ml | D46: 2000 | E46: Unidad | F46: 1 | H46: Farmacia Regular | I46: 28300 | J46: =+I46*19% -> 5377 | K46: =+I46+J46 -> 33677 | L46: =+K46*F46 -> 33677 | M46: 31400 | N46: =+M46*19% -> 5966 | O46: =+M46+N46 -> 37366 | P46: =+O46*F46 -> 37366 | Q46: 25400 | R46: =+Q46*19% -> 4826 | S46: =+Q46+R46 -> 30226 | T46: =+S46*F46 -> 30226 | U46: =+AVERAGE(K46,O46,S46) -> 33756.333 | V46: =+U46*F46 -> 33756.333
A47: 45 | B47: 41121804 | C47: Balones volumétricos de fondo plano | D47: Balones volumétricos de fondo plano de vidrio de 100 ml. Con tapon(tapa) emerilado de vidrio o de plastico. Vidrio Resistentes a altas y cambios de temperatura | E47: unidad | F47: 1 | H47: Farmacia Regular | I47: 84800 | J47: =+I47*19% -> 16112 | K47: =+I47+J47 -> 100912 | L47: =+K47*F47 -> 100912 | M47: 94200 | N47: =+M47*19% -> 17898 | O47: =+M47+N47 -> 112098 | P47: =+O47*F47 -> 112098 | Q47: 76300 | R47: =+Q47*19% -> 14497 | S47: =+Q47+R47 -> 90797 | T47: =+S47*F47 -> 90797 | U47: =+AVERAGE(K47,O47,S47) -> 101269 | V47: =+U47*F47 -> 101269
A48: 46 | B48: 41121804 | C48: Balones volumétricos de fondo plano | D48: Balones volumétricos de fondo plano de vidrio de 50 ml. Con tapon(tapa) emerilado de vidrio o de plastico. Vidrio Resistentes a altas y cambios de temperatura | E48: unidad | F48: 1 | H48: Farmacia Regular | I48: 78400 | J48: =+I48*19% -> 14896 | K48: =+I48+J48 -> 93296 | L48: =+K48*F48 -> 93296 | M48: 87100 | N48: =+M48*19% -> 16549 | O48: =+M48+N48 -> 103649 | P48: =+O48*F48 -> 103649 | Q48: 70500 | R48: =+Q48*19% -> 13395 | S48: =+Q48+R48 -> 83895 | T48: =+S48*F48 -> 83895 | U48: =+AVERAGE(K48,O48,S48) -> 93613.333 | V48: =+U48*F48 -> 93613.333
A49: 47 | B49: 41121804 | C49: Balones volumétricos de fondo plano | D49: Balones volumétricos de fondo plano de vidrio de 200 ml. Con tapon(tapa) emerilado de vidrio o de plastico. Vidrio Resistentes a altas y cambios de temperatura | E49: unidad | F49: 1 | H49: Farmacia Regular | I49: 102400 | J49: =+I49*19% -> 19456 | K49: =+I49+J49 -> 121856 | L49: =+K49*F49 -> 121856 | M49: 113700 | N49: =+M49*19% -> 21603 | O49: =+M49+N49 -> 135303 | P49: =+O49*F49 -> 135303 | Q49: 92100 | R49: =+Q49*19% -> 17499 | S49: =+Q49+R49 -> 109599 | T49: =+S49*F49 -> 109599 | U49: =+AVERAGE(K49,O49,S49) -> 122252.67 | V49: =+U49*F49 -> 122252.67
A50: 48 | B50: 41121804 | C50: Balones volumétricos | D50: Balones volumétricos de vidrio de 500 ml. Con tapon(tapa) emerilado de vidrio o de plastico. Vidrio Resistentes a altas y cambios de temperatura | E50: unidad | F50: 1 | H50: Farmacia Regular | I50: 142400 | J50: =+I50*19% -> 27056 | K50: =+I50+J50 -> 169456 | L50: =+K50*F50 -> 169456 | M50: 158200 | N50: =+M50*19% -> 30058 | O50: =+M50+N50 -> 188258 | P50: =+O50*F50 -> 188258 | Q50: 128100 | R50: =+Q50*19% -> 24339 | S50: =+Q50+R50 -> 152439 | T50: =+S50*F50 -> 152439 | U50: =+AVERAGE(K50,O50,S50) -> 170051 | V50: =+U50*F50 -> 170051
A51: 49 | B51: 41121804 | C51: Balones volumétricos | D51: Balones volumétricos de vidrio de 1000 ml. Con tapon(tapa) emerilado de vidrio o de plastico. Vidrio Resistentes a altas y cambios de temperatura | E51: unidad | F51: 1 | H51: Farmacia Regular | I51: 192000 | J51: =+I51*19% -> 36480 | K51: =+I51+J51 -> 228480 | L51: =+K51*F51 -> 228480 | M51: 213300 | N51: =+M51*19% -> 40527 | O51: =+M51+N51 -> 253827 | P51: =+O51*F51 -> 253827 | Q51: 172800 | R51: =+Q51*19% -> 32832 | S51: =+Q51+R51 -> 205632 | T51: =+S51*F51 -> 205632 | U51: =+AVERAGE(K51,O51,S51) -> 229313 | V51: =+U51*F51 -> 229313
A52: 50 | B52: 41103316 | C52: Picnómetro 10 ml | D52: Picnómetro 10 ml. El picnómetro es aquel instrumento de medición cuyo volumen es conocido y permite determinar la densidad o peso específico de cualquier líquido mediante gravimetría a una determinada temperatura.​ Pignometro con tapon de vidrio Resistentes a altas y cambios de temperatura. | E52: unidad | F52: 1 | H52: Farmacia Regular | I52: 273600 | J52: =+I52*19% -> 51984 | K52: =+I52+J52 -> 325584 | L52: =+K52*F52 -> 325584 | M52: 304000 | N52: =+M52*19% -> 57760 | O52: =+M52+N52 -> 361760 | P52: =+O52*F52 -> 361760 | Q52: 246200 | R52: =+Q52*19% -> 46778 | S52: =+Q52+R52 -> 292978 | T52: =+S52*F52 -> 292978 | U52: =+AVERAGE(K52,O52,S52) -> 326774 | V52: =+U52*F52 -> 326774
A53: 51 | B53: 41103316 | C53: Picnómetro 25 ml | D53: Picnómetro 25 ml. El picnómetro es aquel instrumento de medición cuyo volumen es conocido y permite determinar la densidad o peso específico de cualquier líquido mediante gravimetría a una determinada temperatura.​ | E53: unidad | F53: 1 | H53: Farmacia Regular | I53: 294400 | J53: =+I53*19% -> 55936 | K53: =+I53+J53 -> 350336 | L53: =+K53*F53 -> 350336 | M53: 327100 | N53: =+M53*19% -> 62149 | O53: =+M53+N53 -> 389249 | P53: =+O53*F53 -> 389249 | Q53: 264900 | R53: =+Q53*19% -> 50331 | S53: =+Q53+R53 -> 315231 | T53: =+S53*F53 -> 315231 | U53: =+AVERAGE(K53,O53,S53) -> 351605.33 | V53: =+U53*F53 -> 351605.33
A54: 52 | B54: 41103316 | C54: Picnómetro 50 ml | D54: Picnómetro 50 ml. El picnómetro es aquel instrumento de medición cuyo volumen es conocido y permite determinar la densidad o peso específico de cualquier líquido mediante gravimetría a una determinada temperatura.​ | E54: unidad | F54: 1 | H54: Farmacia Regular | I54: 376000 | J54: =+I54*19% -> 71440 | K54: =+I54+J54 -> 447440 | L54: =+K54*F54 -> 447440 | M54: 417700 | N54: =+M54*19% -> 79363 | O54: =+M54+N54 -> 497063 | P54: =+O54*F54 -> 497063 | Q54: 338400 | R54: =+Q54*19% -> 64296 | S54: =+Q54+R54 -> 402696 | T54: =+S54*F54 -> 402696 | U54: =+AVERAGE(K54,O54,S54) -> 449066.33 | V54: =+U54*F54 -> 449066.33
A55: 53 | B55: 41122413 | C55: Pinza Universal | D55: Pinza Universal Metalica(acero inoxidable). Sirve para sujetar tubos de ensayo, buretas, embudos de filtración, embudos de decantación, es decir elementos que, en general poseen poco peso para evitar la pérdida de estabilidad | E55: Unidad | F55: 1 | H55: Farmacia Regular | I55: 97600 | J55: =+I55*19% -> 18544 | K55: =+I55+J55 -> 116144 | L55: =+K55*F55 -> 116144 | M55: 108400 | N55: =+M55*19% -> 20596 | O55: =+M55+N55 -> 128996 | P55: =+O55*F55 -> 128996 | Q55: 87800 | R55: =+Q55*19% -> 16682 | S55: =+Q55+R55 -> 104482 | T55: =+S55*F55 -> 104482 | U55: =+AVERAGE(K55,O55,S55) -> 116540.67 | V55: =+U55*F55 -> 116540.67
A56: 54 | B56: 41122413 | C56: Pinzas | D56: Pinzas metalicas para crisol es una herramienta de acero inoxidable y su función es sostener y manipular capsulas de evaporación, crisoles y otros objetos | E56: unidad | F56: 1 | H56: Farmacia Regular | I56: 86400 | J56: =+I56*19% -> 16416 | K56: =+I56+J56 -> 102816 | L56: =+K56*F56 -> 102816 | M56: 96000 | N56: =+M56*19% -> 18240 | O56: =+M56+N56 -> 114240 | P56: =+O56*F56 -> 114240 | Q56: 77700 | R56: =+Q56*19% -> 14763 | S56: =+Q56+R56 -> 92463 | T56: =+S56*F56 -> 92463 | U56: =+AVERAGE(K56,O56,S56) -> 103173 | V56: =+U56*F56 -> 103173
A57: 55 | B57: 41121510 | C57: Pipetas graduadas 1 ml | D57: Pipetas graduadas de vidrio de 1 ml. Resistentes a altas y cambios de temperatura | E57: unidad | F57: 1 | H57: Farmacia Regular | I57: 12000 | J57: =+I57*19% -> 2280 | K57: =+I57+J57 -> 14280 | L57: =+K57*F57 -> 14280 | M57: 13300 | N57: =+M57*19% -> 2527 | O57: =+M57+N57 -> 15827 | P57: =+O57*F57 -> 15827 | Q57: 10800 | R57: =+Q57*19% -> 2052 | S57: =+Q57+R57 -> 12852 | T57: =+S57*F57 -> 12852 | U57: =+AVERAGE(K57,O57,S57) -> 14319.667 | V57: =+U57*F57 -> 14319.667
A58: 56 | B58: 41121510 | C58: Pipetas graduadas 5 ml | D58: Pipetas graduadas de vidrio de 5 ml. Resistentes a altas y cambios de temperatura | E58: unidad | F58: 1 | H58: Farmacia Regular | I58: 14400 | J58: =+I58*19% -> 2736 | K58: =+I58+J58 -> 17136 | L58: =+K58*F58 -> 17136 | M58: 16000 | N58: =+M58*19% -> 3040 | O58: =+M58+N58 -> 19040 | P58: =+O58*F58 -> 19040 | Q58: 12900 | R58: =+Q58*19% -> 2451 | S58: =+Q58+R58 -> 15351 | T58: =+S58*F58 -> 15351 | U58: =+AVERAGE(K58,O58,S58) -> 17175.667 | V58: =+U58*F58 -> 17175.667
... A135: 133 | B135: 51142904 | C135: Anestesia tópica en spray | D135: Lidocaína base 0.10 g, saborizante, excipiente | E135: Frasco Atomizador x 80 ml | F135: 1 | H135: Salud Oral Regular | I135: 166000 | J135: =+I135*19% -> 31540 | K135: =+I135+J135 -> 197540 | L135: =+K135*F135 -> 197540 | M135: 184400 | N135: =+M135*19% -> 35036 | O135: =+M135+N135 -> 219436 | P135: =+O135*F135 -> 219436 | Q135: 149400 | R135: =+Q135*19% -> 28386 | S135: =+Q135+R135 -> 177786 | T135: =+S135*F135 -> 177786 | U135: =+AVERAGE(K135,O135,S135) -> 198254 | V135: =+U135*F135 -> 198254
A136: 134 | B136: 42152502 | C136: Baberos desechable- paquete 12 unidades | D136: Babero para cirugia material desechable Incluyen tira de amarrre en el cuello. Fabricados en tela SMS quirúrgica. Disponibles en tela estampada blanca y en una amplia gama de colores. Repelentes a los fluidos. Alta resistencia al rasgado. Hipoalergénicos. Bajo nivel de despeluzamiento. Largo: 60 cm Ancho: 40 cm | E136: Paquete x 100 und | F136: 1 | H136: Salud Oral Regular | I136: 118000 | J136: =+I136*19% -> 22420 | K136: =+I136+J136 -> 140420 | L136: =+K136*F136 -> 140420 | M136: 131100 | N136: =+M136*19% -> 24909 | O136: =+M136+N136 -> 156009 | P136: =+O136*F136 -> 156009 | Q136: 106200 | R136: =+Q136*19% -> 20178 | S136: =+Q136+R136 -> 126378 | T136: =+S136*F136 -> 126378 | U136: =+AVERAGE(K136,O136,S136) -> 140935.67 | V136: =+U136*F136 -> 140935.67
A137: 135 | B137: 42151602 | C137: Banda para portamatriz delgada. | D137: Banda para portamatriz angosta. Rollo x 3 metros. bandas inoxidables, que se adaptan a la superficie del diente a restaurar reemplazando en el momento de la obturación la pared o paredes ausentes. sus principales funciones son: evitar que el material se rebase, facilitando el proceso de restauración devolverle al diente la anatomía perdida, facilitando la reconstrucción de la relación de contacto y el contorno lograr una textura aceptable en el área de contacto, la cual no puede ser tallada y bruñida puede ser empleada para proteger el diente vecino en maniobras de preparación cavitarias compuestas o complejas suficientemente alta | E137: Banda porta Matriz 0,05x5x3000mm Angosta | F137: 1 | H137: Salud Oral Regular | I137: 22400 | J137: =+I137*19% -> 4256 | K137: =+I137+J137 -> 26656 | L137: =+K137*F137 -> 26656 | M137: 24800 | N137: =+M137*19% -> 4712 | O137: =+M137+N137 -> 29512 | P137: =+O137*F137 -> 29512 | Q137: 20100 | R137: =+Q137*19% -> 3819 | S137: =+Q137+R137 -> 23919 | T137: =+S137*F137 -> 23919 | U137: =+AVERAGE(K137,O137,S137) -> 26695.667 | V137: =+U137*F137 -> 26695.667
A138: 136 | B138: 42131702 | C138: Bata medica desechable de cierre posterior y manga larga. Paquete x 20 unidades | D138: Bata medica desechable, de tela quirurgica de cierre posterior y manga larga, con puño elàstico. Medida estandar. Paquete x 20 unidades | E138: Paquete por 20 unidades | F138: 1 | H138: Salud Oral Regular | I138: 218000 | J138: =+I138*19% -> 41420 | K138: =+I138+J138 -> 259420 | L138: =+K138*F138 -> 259420 | M138: 242200 | N138: =+M138*19% -> 46018 | O138: =+M138+N138 -> 288218 | P138: =+O138*F138 -> 288218 | Q138: 196200 | R138: =+Q138*19% -> 37278 | S138: =+Q138+R138 -> 233478 | T138: =+S138*F138 -> 233478 | U138: =+AVERAGE(K138,O138,S138) -> 260372 | V138: =+U138*F138 -> 260372
A139: 137 | B139: 24111503 | C139: Bolsa Gris Paquete x 100 unidades Para Uso: Salud | D139: Bolsas Tamaño 65 - 90 cm altura. Calibre 1,6 milésimas de pulgada | E139: Paquete x 100 und | F139: 1 | G139: 65*90 | H139: Salud Oral Regular | I139: 51600 | J139: =+I139*19% -> 9804 | K139: =+I139+J139 -> 61404 | L139: =+K139*F139 -> 61404 | M139: 57300 | N139: =+M139*19% -> 10887 | O139: =+M139+N139 -> 68187 | P139: =+O139*F139 -> 68187 | Q139: 46400 | R139: =+Q139*19% -> 8816 | S139: =+Q139+R139 -> 55216 | T139: =+S139*F139 -> 55216 | U139: =+AVERAGE(K139,O139,S139) -> 61602.333 | V139: =+U139*F139 -> 61602.333
A140: 138 | B140: 24111503 | C140: Bolsa Roja Paquete x 100 unidades Para Uso: Salud | D140: Bolsas Tamaño 90 - 115 cm altura. Calibre 1,6 milésimas de pulgada | E140: Paquete x 100 und | F140: 1 | G140: 90*115 | H140: Salud Oral Regular | I140: 125200 | J140: =+I140*19% -> 23788 | K140: =+I140+J140 -> 148988 | L140: =+K140*F140 -> 148988 | M140: 139100 | N140: =+M140*19% -> 26429 | O140: =+M140+N140 -> 165529 | P140: =+O140*F140 -> 165529 | Q140: 112600 | R140: =+Q140*19% -> 21394 | S140: =+Q140+R140 -> 133994 | T140: =+S140*F140 -> 133994 | U140: =+AVERAGE(K140,O140,S140) -> 149503.67 | V140: =+U140*F140 -> 149503.67
A141: 139 | B141: 24111503 | C141: Bolsa Verde Paquete x 100 unidades Para Uso: Salud | D141: Bolsas Tamaño 65 - 90 cm altura. Calibre 1,6 milésimas de pulgada | E141: Paquete x 100 und | F141: 1 | G141: 65*90 | H141: Salud Oral Regular | I141: 76600 | J141: =+I141*19% -> 14554 | K141: =+I141+J141 -> 91154 | L141: =+K141*F141 -> 91154 | M141: 85100 | N141: =+M141*19% -> 16169 | O141: =+M141+N141 -> 101269 | P141: =+O141*F141 -> 101269 | Q141: 68900 | R141: =+Q141*19% -> 13091 | S141: =+Q141+R141 -> 81991 | T141: =+S141*F141 -> 81991 | U141: =+AVERAGE(K141,O141,S141) -> 91471.333 | V141: =+U141*F141 -> 91471.333
A142: 140 | B142: 42281904 | C142: Bolsas para esterilizar autosellables Para Uso: Salud | D142: Bolsas mixtas papel grado médico. Tamaño 57 mm x 130 mm | E142: Caja x 200 und | F142: 1 | H142: Salud Oral Regular | I142: 30300 | J142: =+I142*19% -> 5757 | K142: =+I142+J142 -> 36057 | L142: =+K142*F142 -> 36057 | M142: 33600 | N142: =+M142*19% -> 6384 | O142: =+M142+N142 -> 39984 | P142: =+O142*F142 -> 39984 | Q142: 27200 | R142: =+Q142*19% -> 5168 | S142: =+Q142+R142 -> 32368 | T142: =+S142*F142 -> 32368 | U142: =+AVERAGE(K142,O142,S142) -> 36136.333 | V142: =+U142*F142 -> 36136.333
A143: 141 | B143: 42281904 | C143: Bolsas para esterilizar autosellables Para Uso: Salud | D143: Bolsas mixtas papel grado médico. Tamaño 90 mm x 260 mm | E143: Caja x 200 und | F143: 1 | H143: Salud Oral Regular | I143: 64600 | J143: =+I143*19% -> 12274 | K143: =+I143+J143 -> 76874 | L143: =+K143*F143 -> 76874 | M143: 71700 | N143: =+M143*19% -> 13623 | O143: =+M143+N143 -> 85323 | P143: =+O143*F143 -> 85323 | Q143: 58100 | R143: =+Q143*19% -> 11039 | S143: =+Q143+R143 -> 69139 | T143: =+S143*F143 -> 69139 | U143: =+AVERAGE(K143,O143,S143) -> 77112 | V143: =+U143*F143 -> 77112
A144: 142 | B144: 42281904 | C144: Bolsas para esterilizar autosellables Para Uso: Salud | D144: Bolsas mixtas papel grado médico. Tamaño 135 mm x 280 mm | E144: Caja x 200 und | F144: 1 | H144: Salud Oral Regular | I144: 83300 | J144: =+I144*19% -> 15827 | K144: =+I144+J144 -> 99127 | L144: =+K144*F144 -> 99127 | M144: 92500 | N144: =+M144*19% -> 17575 | O144: =+M144+N144 -> 110075 | P144: =+O144*F144 -> 110075 | Q144: 74900 | R144: =+Q144*19% -> 14231 | S144: =+Q144+R144 -> 89131 | T144: =+S144*F144 -> 89131 | U144: =+AVERAGE(K144,O144,S144) -> 99444.333 | V144: =+U144*F144 -> 99444.333
A145: 143 | B145: 42152443 | C145: Cemento de cementacion temporal | D145: Cemento temporal libre de eugenol ofrece una fuerte adhesión al diente y a la vez permite su fácil remoción de la restauración provisional, para uso universal sin inhibir la polimerización de cementos de resina. | E145: Kit 1 Pasta Base 30gr - 1 Catalizador 13gr | F145: 2 | H145: Enfermeria Regular | I145: 346000 | J145: =+I145*19% -> 65740 | K145: =+I145+J145 -> 411740 | L145: =+K145*F145 -> 823480 | M145: 384400 | N145: =+M145*19% -> 73036 | O145: =+M145+N145 -> 457436 | P145: =+O145*F145 -> 914872 | Q145: 311400 | R145: =+Q145*19% -> 59166 | S145: =+Q145+R145 -> 370566 | T145: =+S145*F145 -> 741132 | U145: =+AVERAGE(K145,O145,S145) -> 413247.33 | V145: =+U145*F145 -> 826494.67
A146: 144 | B146: 42152426 | C146: Ionomero de vidrio de autocurado base intermedia | D146: Ionómero de vidrio tipo II sirve para rellenos de base, restauraciones y otras aplicaciones. Características -Efecto de fortalecimiento de la superficie | E146: "Kit Polvo 10gr, Liquido 7 gr. Cuchara dosificadora" | F146: 1 | H146: Salud Oral Regular | I146: 346000 | J146: =+I146*19% -> 65740 | K146: =+I146+J146 -> 411740 | L146: =+K146*F146 -> 411740 | M146: 384400 | N146: =+M146*19% -> 73036 | O146: =+M146+N146 -> 457436 | P146: =+O146*F146 -> 457436 | Q146: 311400 | R146: =+Q146*19% -> 59166 | S146: =+Q146+R146 -> 370566 | T146: =+S146*F146 -> 370566 | U146: =+AVERAGE(K146,O146,S146) -> 413247.33 | V146: =+U146*F146 -> 413247.33
A147: 145 | B147: 42152426 | C147: Ionomero de vidrio de fotocurado restaurador | D147: Ionómero de vidrio restaurativo reforzado con resina, que ha sido probado clínicamente. Le proporciona todas las ventajas de un ionómero de vidrio tradicional así como importantes avances, tales como el triple curado, terminado inmediato, excelente estética y una técnica simple, que le ahorrara tiempo. | E147: "Kit Polvo 5gr, Liquido 3 gr. Cuchara dosificadora" | F147: 1 | H147: Salud Oral Regular | I147: 346000 | J147: =+I147*19% -> 65740 | K147: =+I147+J147 -> 411740 | L147: =+K147*F147 -> 411740 | M147: 384400 | N147: =+M147*19% -> 73036 | O147: =+M147+N147 -> 457436 | P147: =+O147*F147 -> 457436 | Q147: 311400 | R147: =+Q147*19% -> 59166 | S147: =+Q147+R147 -> 370566 | T147: =+S147*F147 -> 370566 | U147: =+AVERAGE(K147,O147,S147) -> 413247.33 | V147: =+U147*F147 -> 413247.33
A148: 146 | B148: 42295514 | C148: Compuesto de modelar de baja fusion | D148: Godiva es un material termoplástico se presenta en barra para impresiones con bandas de cobre o formación de bordes periféricos de una impresión | E148: Caja x 15 und | F148: 1 | H148: Salud Oral Regular | I148: 192000 | J148: =+I148*19% -> 36480 | K148: =+I148+J148 -> 228480 | L148: =+K148*F148 -> 228480 | M148: 213300 | N148: =+M148*19% -> 40527 | O148: =+M148+N148 -> 253827 | P148: =+O148*F148 -> 253827 | Q148: 172800 | R148: =+Q148*19% -> 32832 | S148: =+Q148+R148 -> 205632 | T148: =+S148*F148 -> 205632 | U148: =+AVERAGE(K148,O148,S148) -> 229313 | V148: =+U148*F148 -> 229313
A149: 147 | B149: 42281804 | C149: Control quimico para esterilizacion.clase 5 | D149: Tiras Integradoras para procesos de esterilización para vapor. ■ Siguen la curva de muerte de los indicadores biológicos ■ Resultado Inmediato ■ Precisión de acuerdo con la norma ISO 11140 para indicadores tipo 5. ■ Valores establecidos mínimos (Sv): 121 ºC – 12 minutos / 134 ºC – 3.5 minutos | E149: Tiras de papel bilaminado de 60 x 25 mm con patrón de viraje en cada tira. Caja por 250 unidades | F149: 1 | H149: Salud Oral Regular | I149: 172000 | J149: =+I149*19% -> 32680 | K149: =+I149+J149 -> 204680 | L149: =+K149*F149 -> 204680 | M149: 191100 | N149: =+M149*19% -> 36309 | O149: =+M149+N149 -> 227409 | P149: =+O149*F149 -> 227409 | Q149: 154800 | R149: =+Q149*19% -> 29412 | S149: =+Q149+R149 -> 184212 | T149: =+S149*F149 -> 184212 | U149: =+AVERAGE(K149,O149,S149) -> 205433.67 | V149: =+U149*F149 -> 205433.67
A150: 148 | B150: 51102724 | C150: Desinfectante amonio cuaternario de quinta generacion | D150: Amonio cuaternario de quinta generación, desinfectante de dispositivos médicos y de superficies. baja toxicidad, bactericia, fungicida y virucida. | E150: Galon 4000 ml | F150: 1 | H150: Salud Oral Regular | I150: 126000 | J150: =+I150*19% -> 23940 | K150: =+I150+J150 -> 149940 | L150: =+K150*F150 -> 149940 | M150: 140000 | N150: =+M150*19% -> 26600 | O150: =+M150+N150 -> 166600 | P150: =+O150*F150 -> 166600 | Q150: 113400 | R150: =+Q150*19% -> 21546 | S150: =+Q150+R150 -> 134946 | T150: =+S150*F150 -> 134946 | U150: =+AVERAGE(K150,O150,S150) -> 150495.33 | V150: =+U150*F150 -> 150495.33
A151: 149 | B151: 42281604 | C151: Desinfectante glutaraldehído al 2% | D151: desinfectante de alto nivel, ha sido formulado en solución acuosa; contiene 2% de glutaraldehído y un agente inhibidor de la corrosión. Perfecto para materiales que no se pueden esterilizar en autoclave. 5 acciones en 20 minutos, comprobadas científicamente. Tiene acciones bactericida, fungicida, virucida, tuberculicida y esporicida | E151: Galon 5 Lts | F151: 1 | H151: Salud Oral Regular | I151: 75000 | J151: =+I151*19% -> 14250 | K151: =+I151+J151 -> 89250 | L151: =+K151*F151 -> 89250 | M151: 83300 | N151: =+M151*19% -> 15827 | O151: =+M151+N151 -> 99127 | P151: =+O151*F151 -> 99127 | Q151: 67500 | R151: =+Q151*19% -> 12825 | S151: =+Q151+R151 -> 80325 | T151: =+S151*F151 -> 80325 | U151: =+AVERAGE(K151,O151,S151) -> 89567.333 | V151: =+U151*F151 -> 89567.333
A152: 150 | B152: 42281704 | C152: Detergente enzimático líquido | D152: Detergente multienzimático y/o polienzimático concentrado líquido, indicado en el lavado por inmersión de instrumental y equipos termosensibles como el endoscopio. | E152: Galon x 3800 ml | F152: 1 | H152: Salud Oral Regular | I152: 260000 | J152: =+I152*19% -> 49400 | K152: =+I152+J152 -> 309400 | L152: =+K152*F152 -> 309400 | M152: 288800 | N152: =+M152*19% -> 54872 | O152: =+M152+N152 -> 343672 | P152: =+O152*F152 -> 343672 | Q152: 234000 | R152: =+Q152*19% -> 44460 | S152: =+Q152+R152 -> 278460 | T152: =+S152*F152 -> 278460 | U152: =+AVERAGE(K152,O152,S152) -> 310510.67 | V152: =+U152*F152 -> 310510.67
A153: 151 | B153: 42152419 | C153: Eugenol. | D153: Líquido y analgésico tópico dental, usado para preparar cementos dentales como Eugenolato. | E153: Frasco x 15 ml | F153: 1 | H153: Salud Oral Regular | I153: 29600 | J153: =+I153*19% -> 5624 | K153: =+I153+J153 -> 35224 | L153: =+K153*F153 -> 35224 | M153: 32800 | N153: =+M153*19% -> 6232 | O153: =+M153+N153 -> 39032 | P153: =+O153*F153 -> 39032 | Q153: 26600 | R153: =+Q153*19% -> 5054 | S153: =+Q153+R153 -> 31654 | T153: =+S153*F153 -> 31654 | U153: =+AVERAGE(K153,O153,S153) -> 35303.333 | V153: =+U153*F153 -> 35303.333
A154: 152 | B154: 42151635 | C154: Eyectores desechables | D154: Aspiradores de saliva desechables fabricados con material PVC atóxico con hilo metálico incorporado. Los eyectores son imprescindibles en la clínica, utilizados directamente en boca para mantener el medio libre de fluidos en las intervenciones. | E154: Bolsa x 100 und | F154: 1 | H154: Salud Oral Regular | I154: 34000 | J154: =+I154*19% -> 6460 | K154: =+I154+J154 -> 40460 | L154: =+K154*F154 -> 40460 | M154: 37700 | N154: =+M154*19% -> 7163 | O154: =+M154+N154 -> 44863 | P154: =+O154*F154 -> 44863 | Q154: 30600 | R154: =+Q154*19% -> 5814 | S154: =+Q154+R154 -> 36414 | T154: =+S154*F154 -> 36414 | U154: =+AVERAGE(K154,O154,S154) -> 40579 | V154: =+U154*F154 -> 40579
A155: 153 | B155: 42151905 | C155: Flúor en gel acidulado | D155: Fluor acidulado al 2% es un tratamiento tópico para profilaxis de la caries dental. Favorece los procesos de remineralización dental; se aplica sobre la corona de los dientes para penetrar y así producir mayor resistencia a la caries. | E155: Frasco x 240 ml | F155: 1 | H155: Salud Oral Regular | I155: 28000 | J155: =+I155*19% -> 5320 | K155: =+I155+J155 -> 33320 | L155: =+K155*F155 -> 33320 | M155: 31100 | N155: =+M155*19% -> 5909 | O155: =+M155+N155 -> 37009 | P155: =+O155*F155 -> 37009 | Q155: 25200 | R155: =+Q155*19% -> 4788 | S155: =+Q155+R155 -> 29988 | T155: =+S155*F155 -> 29988 | U155: =+AVERAGE(K155,O155,S155) -> 33439 | V155: =+U155*F155 -> 33439
A156: 154 | B156: 42151905 | C156: Flúor en gel neutro | D156: Fluoruro neutro Es un remineralizante y desensibilizante dental, de pH neutro, indicado en los procedimientos de blanqueamiento, tallado, cavidades profundas, post-ortodoncia y abrasión generalizada por cepillado. | E156: Frasco x 200 ml | F156: 1 | H156: Salud Oral Regular | I156: 70000 | J156: =+I156*19% -> 13300 | K156: =+I156+J156 -> 83300 | L156: =+K156*F156 -> 83300 | M156: 77700 | N156: =+M156*19% -> 14763 | O156: =+M156+N156 -> 92463 | P156: =+O156*F156 -> 92463 | Q156: 63000 | R156: =+Q156*19% -> 11970 | S156: =+Q156+R156 -> 74970 | T156: =+S156*F156 -> 74970 | U156: =+AVERAGE(K156,O156,S156) -> 83577.667 | V156: =+U156*F156 -> 83577.667
A157: 155 | B157: 42311512 | C157: Gasa | D157: Esponja de gasa tejida sin algodón, especial para exodoncia y operatoria dental. 2cm x 2cm | E157: bolsa en papel grado médico x 200 unidades. | F157: 1 | H157: Salud Oral Regular | I157: 10400 | J157: =+I157*19% -> 1976 | K157: =+I157+J157 -> 12376 | L157: =+K157*F157 -> 12376 | M157: 11500 | N157: =+M157*19% -> 2185 | O157: =+M157+N157 -> 13685 | P157: =+O157*F157 -> 13685 | Q157: 9300 | R157: =+Q157*19% -> 1767 | S157: =+Q157+R157 -> 11067 | T157: =+S157*F157 -> 11067 | U157: =+AVERAGE(K157,O157,S157) -> 12376 | V157: =+U157*F157 -> 12376
A158: 156 | B158: 42311512 | C158: Gasa Estéril Precortada para exodoncia paquete por 200 unidades | D158: Gasa de algodón estéril precortada 3 cm x 3 cm | E158: Caja por 200 | F158: 1 | H158: Salud Oral Regular | I158: 40000 | J158: =+I158*19% -> 7600 | K158: =+I158+J158 -> 47600 | L158: =+K158*F158 -> 47600 | M158: 44400 | N158: =+M158*19% -> 8436 | O158: =+M158+N158 -> 52836 | P158: =+O158*F158 -> 52836 | Q158: 36000 | R158: =+Q158*19% -> 6840 | S158: =+Q158+R158 -> 42840 | T158: =+S158*F158 -> 42840 | U158: =+AVERAGE(K158,O158,S158) -> 47758.667 | V158: =+U158*F158 -> 47758.667
A159: 157 | B159: 42132203 | C159: Guante de látex para examen. | D159: Guantes de látex son cómodos de usar, higiénicos y ofrecen un alto grado de flexibilidad y destreza en el uso. Asimismo, son una barrera de seguridad en relación con ciertos químicos, agentes cáusticos, detergentes o desechos biológicos. Son particularmente resistentes a ser pinchados o desgarrados en comparación con otros materiales como el vinilo. Color Azul y/o Blanco | E159: Caja x 100 und | F159: 5 | H159: 3. Salud Oral Regular (M:30; S:30; XS:150) 2. Enfermeria Regular | I159: 44000 | J159: =+I159*19% -> 8360 | K159: =+I159+J159 -> 52360 | L159: =+K159*F159 -> 261800 | M159: 48800 | N159: =+M159*19% -> 9272 | O159: =+M159+N159 -> 58072 | P159: =+O159*F159 -> 290360 | Q159: 39600 | R159: =+Q159*19% -> 7524 | S159: =+Q159+R159 -> 47124 | T159: =+S159*F159 -> 235620 | U159: =+AVERAGE(K159,O159,S159) -> 52518.667 | V159: =+U159*F159 -> 262593.33
A160: 158 | B160: 46181504 | C160: Guantes industriales. | D160: Guantes industriales de caucho calibre 35 talla 8.5 a 9.0 | E160: Paquete x1 par | F160: 1 | H160: Salud Oral Regular | I160: 15200 | J160: =+I160*19% -> 2888 | K160: =+I160+J160 -> 18088 | L160: =+K160*F160 -> 18088 | M160: 16800 | N160: =+M160*19% -> 3192 | O160: =+M160+N160 -> 19992 | P160: =+O160*F160 -> 19992 | Q160: 13600 | R160: =+Q160*19% -> 2584 | S160: =+Q160+R160 -> 16184 | T160: =+S160*F160 -> 16184 | U160: =+AVERAGE(K160,O160,S160) -> 18088 | V160: =+U160*F160 -> 18088
A161: 159 | B161: 42142531 | C161: Guardian de seguridad para cortopunzantes. | D161: Recipiente plastico especialmente diseñados para la disposición final de objetos cortopunzantes como agujas (tanto roscadas como a presión), lancetas cuchillas, ampollas, entre otros. la tapa trasnparente permite ver el nivel de llenado del recipiente. capacidad de 1.3L Posee sobretapa con 2 cierres, el temporal para fin de la jornada y el irreversible para el transporte e incineración. Cumple con todas las normas de seguridad descritas en el MANUAL DE PROCEDIMIENTOS PARA LA GESTIÓN INTEGRAL DE RESIDUOS HOSPITALARIOS Y SIMILARES EN COLOMBIA. MPGIRH | E161: Frasco x 1.3 lt | F161: 1 | H161: Salud Oral Regular | I161: 12000 | J161: =+I161*19% -> 2280 | K161: =+I161+J161 -> 14280 | L161: =+K161*F161 -> 14280 | M161: 13300 | N161: =+M161*19% -> 2527 | O161: =+M161+N161 -> 15827 | P161: =+O161*F161 -> 15827 | Q161: 10800 | R161: =+Q161*19% -> 2052 | S161: =+Q161+R161 -> 12852 | T161: =+S161*F161 -> 12852 | U161: =+AVERAGE(K161,O161,S161) -> 14319.667 | V161: =+U161*F161 -> 14319.667
A162: 160 | B162: 42152702 | C162: Hemostatico | D162: Astringente tópico – Cloruro de aluminio 25%. Es una solución para impregnar el hilo retractor cuando sea introducido en el surco gingival induciendo una vasoconstricción de los capilares de la encía, teniendo como consecuencia la separación de la misma. | E162: Frasco x 7 ml | F162: 1 | H162: Salud Oral Regular | I162: 38000 | J162: =+I162*19% -> 7220 | K162: =+I162+J162 -> 45220 | L162: =+K162*F162 -> 45220 | M162: 42200 | N162: =+M162*19% -> 8018 | O162: =+M162+N162 -> 50218 | P162: =+O162*F162 -> 50218 | Q162: 34200 | R162: =+Q162*19% -> 6498 | S162: =+Q162+R162 -> 40698 | T162: =+S162*F162 -> 40698 | U162: =+AVERAGE(K162,O162,S162) -> 45378.667 | V162: =+U162*F162 -> 45378.667
A163: 161 | B163: 42152430 | C163: Hidróxido de calcio en polvo | D163: Hidróxido de Calcio en polvo, mezclado con alguna solución, como agua destilada, solución salina, anestésico dental (sin vasoconstrictor), paraclorofenol alcanforado o solución de ringer, puede ser utilizado en diversas situaciones clínicas. | E163: Frasco x 10 gr | F163: 1 | H163: Salud Oral Regular | I163: 14000 | J163: =+I163*19% -> 2660 | K163: =+I163+J163 -> 16660 | L163: =+K163*F163 -> 16660 | M163: 15500 | N163: =+M163*19% -> 2945 | O163: =+M163+N163 -> 18445 | P163: =+O163*F163 -> 18445 | Q163: 12600 | R163: =+Q163*19% -> 2394 | S163: =+Q163+R163 -> 14994 | T163: =+S163*F163 -> 14994 | U163: =+AVERAGE(K163,O163,S163) -> 16699.667 | V163: =+U163*F163 -> 16699.667
A164: 162 | B164: 42151628 | C164: Losetas de vidrio para cemento x 10 mm. | D164: Loseta de vidrio para preparación de cementos dentales, dimensiones: 8 x 15 x 0.09 cm | E164: Unidad | F164: 1 | H164: Salud Oral Regular | I164: 6000 | J164: =+I164*19% -> 1140 | K164: =+I164+J164 -> 7140 | L164: =+K164*F164 -> 7140 | M164: 6600 | N164: =+M164*19% -> 1254 | O164: =+M164+N164 -> 7854 | P164: =+O164*F164 -> 7854 | Q164: 5400 | R164: =+Q164*19% -> 1026 | S164: =+Q164+R164 -> 6426 | T164: =+S164*F164 -> 6426 | U164: =+AVERAGE(K164,O164,S164) -> 7140 | V164: =+U164*F164 -> 7140
A165: 163 | B165: 42281808 | C165: Papel Craft grado medico | D165: Papel Kraft de 60 g, 18", tamaño: 45.5 cm x 230 m, peso: 6 kg. | E165: Rollo 230 m | F165: 1 | H165: Salud Oral Regular | I165: 172000 | J165: =+I165*19% -> 32680 | K165: =+I165+J165 -> 204680 | L165: =+K165*F165 -> 204680 | M165: 191100 | N165: =+M165*19% -> 36309 | O165: =+M165+N165 -> 227409 | P165: =+O165*F165 -> 227409 | Q165: 154800 | R165: =+Q165*19% -> 29412 | S165: =+Q165+R165 -> 184212 | T165: =+S165*F165 -> 184212 | U165: =+AVERAGE(K165,O165,S165) -> 205433.67 | V165: =+U165*F165 -> 205433.67
A166: 164 | B166: 42152601 | C166: Papel de articular. | D166: Papel de articular 200 micras con coloración progresiva, caja de cartón con 300 hojas, color azul y rojo | E166: Caja x 300 hojas | F166: 1 | H166: Salud Oral Regular | I166: 8000 | J166: =+I166*19% -> 1520 | K166: =+I166+J166 -> 9520 | L166: =+K166*F166 -> 9520 | M166: 8800 | N166: =+M166*19% -> 1672 | O166: =+M166+N166 -> 10472 | P166: =+O166*F166 -> 10472 | Q166: 7200 | R166: =+Q166*19% -> 1368 | S166: =+Q166+R166 -> 8568 | T166: =+S166*F166 -> 8568 | U166: =+AVERAGE(K166,O166,S166) -> 9520 | V166: =+U166*F166 -> 9520
A167: 165 | B167: 30102905 | C167: Pines para perno de acrilico | D167: Pines prefabricados de plástico calcinable para pernos, forma de aguja en caja por 50 unidades | E167: Caja x 50 unidades | F167: 1 | H167: Salud Oral Regular | I167: 42000 | J167: =+I167*19% -> 7980 | K167: =+I167+J167 -> 49980 | L167: =+K167*F167 -> 49980 | M167: 46600 | N167: =+M167*19% -> 8854 | O167: =+M167+N167 -> 55454 | P167: =+O167*F167 -> 55454 | Q167: 37800 | R167: =+Q167*19% -> 7182 | S167: =+Q167+R167 -> 44982 | T167: =+S167*F167 -> 44982 | U167: =+AVERAGE(K167,O167,S167) -> 50138.667 | V167: =+U167*F167 -> 50138.667
A168: 166 | B168: 53131504 | C168: Seda dental - unidad 400 metros | D168: Seda dental con cera natural de abeja en rollo, filamento de nylon, por 400 metros, dimensiones 12X6X11, peso 82 Gr. | E168: Rollo 400 m | F168: 1 | H168: Salud Oral Regular | I168: 17000 | J168: =+I168*19% -> 3230 | K168: =+I168+J168 -> 20230 | L168: =+K168*F168 -> 20230 | M168: 18800 | N168: =+M168*19% -> 3572 | O168: =+M168+N168 -> 22372 | P168: =+O168*F168 -> 22372 | Q168: 15300 | R168: =+Q168*19% -> 2907 | S168: =+Q168+R168 -> 18207 | T168: =+S168*F168 -> 18207 | U168: =+AVERAGE(K168,O168,S168) -> 20269.667 | V168: =+U168*F168 -> 20269.667
A169: 167 | B169: 42152423 | C169: Sellante blanco de fotocurado - | D169: Sellante de fosas y fisuras blanco de fotocurado en kit de un frasco por 2 frascos 6 ml c/u de sellante, 9 ml de liquido grabador, porta pinceles, 60 pinceles y un dispensador de mezcla | E169: Kit (2 frascos de sellente de 6ml + liquido grabador de 9 ml) | F169: 1 | H169: Salud Oral Regular | I169: 260000 | J169: =+I169*19% -> 49400 | K169: =+I169+J169 -> 309400 | L169: =+K169*F169 -> 309400 | M169: 288800 | N169: =+M169*19% -> 54872 | O169: =+M169+N169 -> 343672 | P169: =+O169*F169 -> 343672 | Q169: 234000 | R169: =+Q169*19% -> 44460 | S169: =+Q169+R169 -> 278460 | T169: =+S169*F169 -> 278460 | U169: =+AVERAGE(K169,O169,S169) -> 310510.67 | V169: =+U169*F169 -> 310510.67
A170: 168 | B170: 42152429 | C170: Silicona por adición. Liviana | D170: Material de impresión dental a base de vinil polisiloxano de consistencia liviana, cartucho doble con base y catalizador de 50 ml c/u | E170: Cartucho base/catlizador de 50 ml c/u | F170: 1 | H170: Salud Oral Regular | I170: 226000 | J170: =+I170*19% -> 42940 | K170: =+I170+J170 -> 268940 | L170: =+K170*F170 -> 268940 | M170: 251100 | N170: =+M170*19% -> 47709 | O170: =+M170+N170 -> 298809 | P170: =+O170*F170 -> 298809 | Q170: 203400 | R170: =+Q170*19% -> 38646 | S170: =+Q170+R170 -> 242046 | T170: =+S170*F170 -> 242046 | U170: =+AVERAGE(K170,O170,S170) -> 269931.67 | V170: =+U170*F170 -> 269931.67
A171: 169 | B171: 42151904 | C171: Sustancia reveladora de placa dental - frasco x 10 ml | D171: Eritrosina al 2.0%, presentación frasco de 10 ml, dimensiones 13X9X3 CM, peso 300 gramos | E171: Frasco x 10 ml | F171: 1 | H171: Salud Oral Regular | I171: 16800 | J171: =+I171*19% -> 3192 | K171: =+I171+J171 -> 19992 | L171: =+K171*F171 -> 19992 | M171: 18600 | N171: =+M171*19% -> 3534 | O171: =+M171+N171 -> 22134 | P171: =+O171*F171 -> 22134 | Q171: 15100 | R171: =+Q171*19% -> 2869 | S171: =+Q171+R171 -> 17969 | T171: =+S171*F171 -> 17969 | U171: =+AVERAGE(K171,O171,S171) -> 20031.667 | V171: =+U171*F171 -> 20031.667
A172: 170 | B172: 42131600 | C172: Tapabocas desechables, con resorte para ajustar en la oreja. Caja x 50 | D172: Tapabocas termosellado con 3 capas de tela Quirurjica no tejida y filtro Meltblown, 3 pliegues y elásticos confort para colgar en las orejas, caja x 50 unidades. | E172: Caja x 50 unidades | F172: 15 | H172: Enfermeria Regular | I172: 24000 | J172: =+I172*19% -> 4560 | K172: =+I172+J172 -> 28560 | L172: =+K172*F172 -> 428400 | M172: 26600 | N172: =+M172*19% -> 5054 | O172: =+M172+N172 -> 31654 | P172: =+O172*F172 -> 474810 | Q172: 21600 | R172: =+Q172*19% -> 4104 | S172: =+Q172+R172 -> 25704 | T172: =+S172*F172 -> 385560 | U172: =+AVERAGE(K172,O172,S172) -> 28639.333 | V172: =+U172*F172 -> 429590
A173: 171 | B173: 42151502 | C173: Taza de caucho | D173: Taza flexible de caucho siliconada para realizar diferentes tipos de mezclas medida de 130 x 86 mm | E173: Unidad | F173: 1 | H173: Salud Oral Regular | I173: 9400 | J173: =+I173*19% -> 1786 | K173: =+I173+J173 -> 11186 | L173: =+K173*F173 -> 11186 | M173: 10400 | N173: =+M173*19% -> 1976 | O173: =+M173+N173 -> 12376 | P173: =+O173*F173 -> 12376 | Q173: 8400 | R173: =+Q173*19% -> 1596 | S173: =+Q173+R173 -> 9996 | T173: =+S173*F173 -> 9996 | U173: =+AVERAGE(K173,O173,S173) -> 11186 | V173: =+U173*F173 -> 11186
A174: 172 | B174: 42151806 | C174: Tiras (lijas) metálicas | D174: Tiras de lija metalicas por 4 milimetros paquete por 12 unidades | E174: Paquete x 12 unidades | F174: 1 | H174: Salud Oral Regular | I174: 34600 | J174: =+I174*19% -> 6574 | K174: =+I174+J174 -> 41174 | L174: =+K174*F174 -> 41174 | M174: 38400 | N174: =+M174*19% -> 7296 | O174: =+M174+N174 -> 45696 | P174: =+O174*F174 -> 45696 | Q174: 31100 | R174: =+Q174*19% -> 5909 | S174: =+Q174+R174 -> 37009 | T174: =+S174*F174 -> 37009 | U174: =+AVERAGE(K174,O174,S174) -> 41293 | V174: =+U174*F174 -> 41293
A175: 173 | B175: 42151806 | C175: Tiras de Mylar. | D175: Cintas de Poliéster transparentes, con dimensiones: 4 x 3/8 x 0.002, utilizada como matriz en obturaciones de resinas y silicatos, caja x 50 unidades | E175: Caja x 50 unidades | F175: 1 | H175: Salud Oral Regular | I175: 15400 | J175: =+I175*19% -> 2926 | K175: =+I175+J175 -> 18326 | L175: =+K175*F175 -> 18326 | M175: 17100 | N175: =+M175*19% -> 3249 | O175: =+M175+N175 -> 20349 | P175: =+O175*F175 -> 20349 | Q175: 13800 | R175: =+Q175*19% -> 2622 | S175: =+Q175+R175 -> 16422 | T175: =+S175*F175 -> 16422 | U175: =+AVERAGE(K175,O175,S175) -> 18365.667 | V175: =+U175*F175 -> 18365.667
A176: 174 | B176: 42151912 | C176: Xylodent | D176: Líquido con xylol traslucido, incoloro libre de partículas extrañas, indicado para disolver la gutapercha, envase vidrio ámbar de 15 mL. | E176: Frasco 15 ml | F176: 1 | H176: Salud Oral Regular | I176: 15000 | J176: =+I176*19% -> 2850 | K176: =+I176+J176 -> 17850 | L176: =+K176*F176 -> 17850 | M176: 16600 | N176: =+M176*19% -> 3154 | O176: =+M176+N176 -> 19754 | P176: =+O176*F176 -> 19754 | Q176: 13500 | R176: =+Q176*19% -> 2565 | S176: =+Q176+R176 -> 16065 | T176: =+S176*F176 -> 16065 | U176: =+AVERAGE(K176,O176,S176) -> 17889.667 | V176: =+U176*F176 -> 17889.667
A177: 175 | B177: 42152418 | C177: Yeso piedra tipo IV | D177: Sulfato de calcio, yeso extraduro para modelos tipo IV bolsa x 1 kg | E177: Bolsa 1 kg | F177: 1 | H177: Salud Oral Regular | I177: 25200 | J177: =+I177*19% -> 4788 | K177: =+I177+J177 -> 29988 | L177: =+K177*F177 -> 29988 | M177: 28000 | N177: =+M177*19% -> 5320 | O177: =+M177+N177 -> 33320 | P177: =+O177*F177 -> 33320 | Q177: 22600 | R177: =+Q177*19% -> 4294 | S177: =+Q177+R177 -> 26894 | T177: =+S177*F177 -> 26894 | U177: =+AVERAGE(K177,O177,S177) -> 30067.333 | V177: =+U177*F177 -> 30067.333
A178: 176 | B178: 42152213 | C178: Modelos de laboratorio dentales | D178: Modelo pkt en yeso de trabajo y estudio, denticiòn permanente y denticiòn temporal. | E178: Unidad | F178: 1 | H178: Salud Oral Regular | I178: 9000 | J178: =+I178*19% -> 1710 | K178: =+I178+J178 -> 10710 | L178: =+K178*F178 -> 10710 | M178: 10000 | N178: =+M178*19% -> 1900 | O178: =+M178+N178 -> 11900 | P178: =+O178*F178 -> 11900 | Q178: 8100 | R178: =+Q178*19% -> 1539 | S178: =+Q178+R178 -> 9639 | T178: =+S178*F178 -> 9639 | U178: =+AVERAGE(K178,O178,S178) -> 10749.667 | V178: =+U178*F178 -> 10749.667
A179: 177 | B179: 42142502 | C179: Agujas cortas para anestesia. | D179: Agujas cortas para anestesia. Tipo carpul. 30G . cortas Calibre 30G x 21 mm de Longitud, agujas dentales inyectables estériles, fabricadas en polipropileno, acero inoxidable y silicona. | E179: Caja x 100 | F179: 1 | H179: Salud Oral Regular | I179: 47200 | J179: =+I179*19% -> 8968 | K179: =+I179+J179 -> 56168 | L179: =+K179*F179 -> 56168 | M179: 52400 | N179: =+M179*19% -> 9956 | O179: =+M179+N179 -> 62356 | P179: =+O179*F179 -> 62356 | Q179: 42400 | R179: =+Q179*19% -> 8056 | S179: =+Q179+R179 -> 50456 | T179: =+S179*F179 -> 50456 | U179: =+AVERAGE(K179,O179,S179) -> 56326.667 | V179: =+U179*F179 -> 56326.667
A180: 178 | B180: 42142502 | C180: Agujas largas para anestesia. | D180: Agujas largas para anestesia. Tipo carpul. 30 G , Calibre 27G x 30 mm de Longitud, agujas dentales inyectables estériles, fabricadas en polipropileno, acero inoxidable y silicona. | E180: Caja x 100 Und | F180: 1 | H180: Salud Oral Regular | I180: 38400 | J180: =+I180*19% -> 7296 | K180: =+I180+J180 -> 45696 | L180: =+K180*F180 -> 45696 | M180: 42600 | N180: =+M180*19% -> 8094 | O180: =+M180+N180 -> 50694 | P180: =+O180*F180 -> 50694 | Q180: 34500 | R180: =+Q180*19% -> 6555 | S180: =+Q180+R180 -> 41055 | T180: =+S180*F180 -> 41055 | U180: =+AVERAGE(K180,O180,S180) -> 45815 | V180: =+U180*F180 -> 45815
A181: 179 | B181: 42151614 | C181: Fresa Zekria | D181: Fresa de alta velocidad para Turbina, de carburo de Tungsteno, con parte activa lateral formada por 6 láminas helicoidales), 28 mm | E181: Unidad | F181: 1 | H181: Salud Oral Regular | I181: 62000 | J181: =+I181*19% -> 11780 | K181: =+I181+J181 -> 73780 | L181: =+K181*F181 -> 73780 | M181: 68800 | N181: =+M181*19% -> 13072 | O181: =+M181+N181 -> 81872 | P181: =+O181*F181 -> 81872 | Q181: 55800 | R181: =+Q181*19% -> 10602 | S181: =+Q181+R181 -> 66402 | T181: =+S181*F181 -> 66402 | U181: =+AVERAGE(K181,O181,S181) -> 74018 | V181: =+U181*F181 -> 74018
A182: 180 | B182: 42312201 | C182: Hilo de sutura. Seda 000 | D182: Hilo de sutura. Seda 000 multifilament sutura, trenzado.- rollo 5 mts, sutura natural trenzada no absorbible de origen natural | E182: Rollo 5 mts | F182: 1 | H182: Salud Oral Regular | I182: 20000 | J182: =+I182*19% -> 3800 | K182: =+I182+J182 -> 23800 | L182: =+K182*F182 -> 23800 | M182: 22200 | N182: =+M182*19% -> 4218 | O182: =+M182+N182 -> 26418 | P182: =+O182*F182 -> 26418 | Q182: 18000 | R182: =+Q182*19% -> 3420 | S182: =+Q182+R182 -> 21420 | T182: =+S182*F182 -> 21420 | U182: =+AVERAGE(K182,O182,S182) -> 23879.333 | V182: =+U182*F182 -> 23879.333
A183: 181 | B183: 42312201 | C183: Seda para sutura | D183: Aguja + Sutura seda negra no-re absorbible para intervenciones quirúrgicas, de 3/8 circulo, tamaño 4-0, 2 metros | E183: Caja x 12 unidades | F183: 1 | H183: Salud Oral Regular | I183: 80000 | J183: =+I183*19% -> 15200 | K183: =+I183+J183 -> 95200 | L183: =+K183*F183 -> 95200 | M183: 88800 | N183: =+M183*19% -> 16872 | O183: =+M183+N183 -> 105672 | P183: =+O183*F183 -> 105672 | Q183: 72000 | R183: =+Q183*19% -> 13680 | S183: =+Q183+R183 -> 85680 | T183: =+S183*F183 -> 85680 | U183: =+AVERAGE(K183,O183,S183) -> 95517.333 | V183: =+U183*F183 -> 95517.333
A184: 182 | B184: 42152430 | C184: Conos de gutapercha . Primera serie #15 | D184: Los conos de gutapercha primera serie #15-40 son usados como material de obturación de los conductos radiculares, puntas codificadas por color, esterilizado por irradiación gamma. Peso 22 gr, longitud de cada cono 28 mm | E184: Caja x 120 puntas de Gutapercha. | F184: 1 | H184: Salud Oral Regular | I184: 77000 | J184: =+I184*19% -> 14630 | K184: =+I184+J184 -> 91630 | L184: =+K184*F184 -> 91630 | M184: 85500 | N184: =+M184*19% -> 16245 | O184: =+M184+N184 -> 101745 | P184: =+O184*F184 -> 101745 | Q184: 69300 | R184: =+Q184*19% -> 13167 | S184: =+Q184+R184 -> 82467 | T184: =+S184*F184 -> 82467 | U184: =+AVERAGE(K184,O184,S184) -> 91947.333 | V184: =+U184*F184 -> 91947.333
A185: 183 | B185: 42152430 | C185: Conos de gutapercha estandarizados # 20. | D185: Los conos de gutapercha primera serie #20 son usados como material de obturación de los conductos radiculares, puntas codificadas por color, esterilizado por irradiación gamma. Peso 22 gr, longitud de cada cono 28 mm | E185: Caja x 120 puntas de Gutapercha | F185: 1 | H185: Salud Oral Regular | I185: 77000 | J185: =+I185*19% -> 14630 | K185: =+I185+J185 -> 91630 | L185: =+K185*F185 -> 91630 | M185: 85500 | N185: =+M185*19% -> 16245 | O185: =+M185+N185 -> 101745 | P185: =+O185*F185 -> 101745 | Q185: 69300 | R185: =+Q185*19% -> 13167 | S185: =+Q185+R185 -> 82467 | T185: =+S185*F185 -> 82467 | U185: =+AVERAGE(K185,O185,S185) -> 91947.333 | V185: =+U185*F185 -> 91947.333
A186: 184 | B186: 42152430 | C186: Conos de gutapercha. Segunda serie #45-80 | D186: Los conos de gutapercha primera serie #45-80 son usados como material de obturación de los conductos radiculares, puntas codificadas por color, esterilizado por irradiación gamma. Peso 22 gr, longitud de cada cono 28 mm | E186: Caja x 120 puntas de Gutapercha | F186: 1 | H186: Salud Oral Regular | I186: 110000 | J186: =+I186*19% -> 20900 | K186: =+I186+J186 -> 130900 | L186: =+K186*F186 -> 130900 | M186: 122200 | N186: =+M186*19% -> 23218 | O186: =+M186+N186 -> 145418 | P186: =+O186*F186 -> 145418 | Q186: 99000 | R186: =+Q186*19% -> 18810 | S186: =+Q186+R186 -> 117810 | T186: =+S186*F186 -> 117810 | U186: =+AVERAGE(K186,O186,S186) -> 131376 | V186: =+U186*F186 -> 131376
A187: 185 | B187: 11162117 | C187: Dique de goma caja | D187: Dique de goma para aislamiento de campo operatorio. látex de la mejor calidad, elongación hasta de 800% sin desgarre, 15x15 cm. | E187: Caja x 36 unidades | F187: 1 | H187: Salud Oral Regular | I187: 128000 | J187: =+I187*19% -> 24320 | K187: =+I187+J187 -> 152320 | L187: =+K187*F187 -> 152320 | M187: 142200 | N187: =+M187*19% -> 27018 | O187: =+M187+N187 -> 169218 | P187: =+O187*F187 -> 169218 | Q187: 115200 | R187: =+Q187*19% -> 21888 | S187: =+Q187+R187 -> 137088 | T187: =+S187*F187 -> 137088 | U187: =+AVERAGE(K187,O187,S187) -> 152875.33 | V187: =+U187*F187 -> 152875.33
A188: 186 | B188: 42152465 | C188: E.d.t.a. al 10%. | D188: Acido etilendiamino tetraacético al 10%. Quelante para uso en endodoncia. Lubricante de conductos. jeringa / 3 mL | E188: Jeringa 3 ml | F188: 1 | H188: Salud Oral Regular | I188: 68000 | J188: =+I188*19% -> 12920 | K188: =+I188+J188 -> 80920 | L188: =+K188*F188 -> 80920 | M188: 75500 | N188: =+M188*19% -> 14345 | O188: =+M188+N188 -> 89845 | P188: =+O188*F188 -> 89845 | Q188: 61200 | R188: =+Q188*19% -> 11628 | S188: =+Q188+R188 -> 72828 | T188: =+S188*F188 -> 72828 | U188: =+AVERAGE(K188,O188,S188) -> 81197.667 | V188: =+U188*F188 -> 81197.667
A189: 187 | B189: 42152465 | C189: E.d.t.a. irrigar conductos al 17%. | D189: Edta Disódico al 17%. es un gel quelante, lubricante, descalcificante de conductos. Frasco x 120 ml | E189: Frasco x 120 ml | F189: 1 | H189: Salud Oral Regular | I189: 124000 | J189: =+I189*19% -> 23560 | K189: =+I189+J189 -> 147560 | L189: =+K189*F189 -> 147560 | M189: 137700 | N189: =+M189*19% -> 26163 | O189: =+M189+N189 -> 163863 | P189: =+O189*F189 -> 163863 | Q189: 111600 | R189: =+Q189*19% -> 21204 | S189: =+Q189+R189 -> 132804 | T189: =+S189*F189 -> 132804 | U189: =+AVERAGE(K189,O189,S189) -> 148075.67 | V189: =+U189*F189 -> 148075.67
... A208: 206 | B208: 42151680 | C208: Topes para limas de endodoncia de colores. | D208: Topes de silicón para limas de endodoncia | E208: Caja por 100 unidades | F208: 1 | H208: Salud Oral Regular | I208: 40000 | J208: =+I208*19% -> 7600 | K208: =+I208+J208 -> 47600 | L208: =+K208*F208 -> 47600 | M208: 44400 | N208: =+M208*19% -> 8436 | O208: =+M208+N208 -> 52836 | P208: =+O208*F208 -> 52836 | Q208: 36000 | R208: =+Q208*19% -> 6840 | S208: =+Q208+R208 -> 42840 | T208: =+S208*F208 -> 42840 | U208: =+AVERAGE(K208,O208,S208) -> 47758.667 | V208: =+U208*F208 -> 47758.667
A209: 207 | B209: 53131503 | C209: Cepillo dental para adulto | D209: Cepillo dental. Cerdas de Nylon. Tamaño Adulto | E209: Caja x 1 unidad | F209: 5 | G209: Precio unitario: 3000 Impuesto. 19.0 % Total parcial: 15,000,000 Total 17,850,000 | H209: Salud Oral Regular | I209: 7100 | J209: =+I209*19% -> 1349 | K209: =+I209+J209 -> 8449 | L209: =+K209*F209 -> 42245 | M209: 7800 | N209: =+M209*19% -> 1482 | O209: =+M209+N209 -> 9282 | P209: =+O209*F209 -> 46410 | Q209: 6300 | R209: =+Q209*19% -> 1197 | S209: =+Q209+R209 -> 7497 | T209: =+S209*F209 -> 37485 | U209: =+AVERAGE(K209,O209,S209) -> 8409.3333 | V209: =+U209*F209 -> 42046.667
A210: 208 | B210: 53131503 | C210: Cepillo dental para niño | D210: Cepillo dental. Cerdas de Nylon. Tamaño Niño | E210: Caja x 1 unidad | F210: 5 | G210: Precio unitario: 2000 Impuesto. 19.0 % Total parcial: 10,000,000 Total 11,900,000 | H210: Salud Oral Regular | I210: 4700 | J210: =+I210*19% -> 893 | K210: =+I210+J210 -> 5593 | L210: =+K210*F210 -> 27965 | M210: 5200 | N210: =+M210*19% -> 988 | O210: =+M210+N210 -> 6188 | P210: =+O210*F210 -> 30940 | Q210: 4200 | R210: =+Q210*19% -> 798 | S210: =+Q210+R210 -> 4998 | T210: =+S210*F210 -> 24990 | U210: =+AVERAGE(K210,O210,S210) -> 5593 | V210: =+U210*F210 -> 27965
A211: 209 | B211: 42151613 | C211: Copas de caucho para profilaxis | D211: Copas de caucho para profilaxis. Vástago plástico para contraángulo. | E211: Caja x 144 unidades | F211: 1 | H211: Salud Oral Regular | I211: 184000 | J211: =+I211*19% -> 34960 | K211: =+I211+J211 -> 218960 | L211: =+K211*F211 -> 218960 | M211: 204400 | N211: =+M211*19% -> 38836 | O211: =+M211+N211 -> 243236 | P211: =+O211*F211 -> 243236 | Q211: 165600 | R211: =+Q211*19% -> 31464 | S211: =+Q211+R211 -> 197064 | T211: =+S211*F211 -> 197064 | U211: =+AVERAGE(K211,O211,S211) -> 219753.33 | V211: =+U211*F211 -> 219753.33
A212: 210 | B212: 42151909 | C212: Pasta para profilaxis | D212: Pasta para profilaxis dental. | E212: Frasco x 50g | F212: 5 | G212: Precio unitario: 13000 Impuesto. 19.0 % Total parcial: 403,000 Total 479570, FRASCO X 50G | H212: Salud Oral Regular | I212: 30900 | J212: =+I212*19% -> 5871 | K212: =+I212+J212 -> 36771 | L212: =+K212*F212 -> 183855 | M212: 34300 | N212: =+M212*19% -> 6517 | O212: =+M212+N212 -> 40817 | P212: =+O212*F212 -> 204085 | Q212: 27800 | R212: =+Q212*19% -> 5282 | S212: =+Q212+R212 -> 33082 | T212: =+S212*F212 -> 165410 | U212: =+AVERAGE(K212,O212,S212) -> 36890 | V212: =+U212*F212 -> 184450
A213: 211 | B213: 42151626 | C213: Piedra de afilar | D213: Piedra de arkansas para afilar instrumental 90x25x10 mm. (aprox.). | E213: Caja x 1 unidad | F213: 2 | H213: Salud Oral Regular | I213: 40000 | J213: =+I213*19% -> 7600 | K213: =+I213+J213 -> 47600 | L213: =+K213*F213 -> 95200 | M213: 44400 | N213: =+M213*19% -> 8436 | O213: =+M213+N213 -> 52836 | P213: =+O213*F213 -> 105672 | Q213: 36000 | R213: =+Q213*19% -> 6840 | S213: =+Q213+R213 -> 42840 | T213: =+S213*F213 -> 85680 | U213: =+AVERAGE(K213,O213,S213) -> 47758.667 | V213: =+U213*F213 -> 95517.333
A214: 212 | B214: 42152003 | C214: Líquido fijador de radiografías | D214: Líquido fijador de radiografías para preparar. | E214: Galon de 1.5 litros | F214: 2 | H214: Salud Oral Regular | I214: 84000 | J214: =+I214*19% -> 15960 | K214: =+I214+J214 -> 99960 | L214: =+K214*F214 -> 199920 | M214: 93300 | N214: =+M214*19% -> 17727 | O214: =+M214+N214 -> 111027 | P214: =+O214*F214 -> 222054 | Q214: 75600 | R214: =+Q214*19% -> 14364 | S214: =+Q214+R214 -> 89964 | T214: =+S214*F214 -> 179928 | U214: =+AVERAGE(K214,O214,S214) -> 100317 | V214: =+U214*F214 -> 200634
A215: 213 | B215: 42152003 | C215: Líquido revelador de radiografías | D215: Líquido revelador de radiografías para preparar. | E215: Galon de 1.5 litros | F215: 2 | H215: Salud Oral Regular | I215: 84000 | J215: =+I215*19% -> 15960 | K215: =+I215+J215 -> 99960 | L215: =+K215*F215 -> 199920 | M215: 93300 | N215: =+M215*19% -> 17727 | O215: =+M215+N215 -> 111027 | P215: =+O215*F215 -> 222054 | Q215: 75600 | R215: =+Q215*19% -> 14364 | S215: =+Q215+R215 -> 89964 | T215: =+S215*F215 -> 179928 | U215: =+AVERAGE(K215,O215,S215) -> 100317 | V215: =+U215*F215 -> 200634
...

Sheet Consolidado
B1: Valor | D1: Items | E1: Código UNSPC | H1: Código UNSPC | I1: CLASE
A2: LOTE 1. LABORATORIO | B2: =+'Lote 1. Laboratorio '!S47 -> 93507288 | C2: 93507288 | D2: 44 | E2: =+G11 -> 9 | G2: Lote 1. Laboratorio
A3: LOTE 2. LOGISTICA | B3: =+'Lote 2. Logistica '!U18 -> 18946545 | C3: 18946545 | D3: =+'Lote 2. Logistica '!A17 -> 15 | E3: =+G17 -> 5 | G3: 1 | H3: 12161500 | I3: Indicadores y Reactivos
A4: LOTE 3. ALOJAMIENTO Y LIMPIEZA | B4: =+'Lote 3. Alojamiento y Limpieza'!W17 -> 4203794 | C4: 4203794 | D4: =+'Lote 3. Alojamiento y Limpieza'!B16 -> 14 | E4: =+G23 -> 5 | G4: 2 | H4: 14111700 | I4: Productos de papel para uso personal
A5: LOTE 4. ARTESANIAS | B5: =+'Lote 4. Artesanias'!U63 -> 93807065 | C5: 93807065 | D5: =+'Lote 4. Artesanias'!A62 -> 60 | E5: =+G31 -> 7 | G5: 3 | H5: 27112100 | I5: Herramientas de sujecion y fijación
A6: LOTE 5. ORGANIZACIÓN DE EVENTOS | B6: =+'Lote 5. Organizacion de eventos'!V40 -> 28551472 | C6: 28551472 | D6: =+'Lote 5. Organizacion de eventos'!A39 -> 37 | E6: =+G36 -> 4 | G6: 4 | H6: 39101600 | I6: Lamparas y bombillas
A7: LOTE 6. COSMETOLOGIA | B7: =+'Lote 6. Cosmetologia '!V94 -> 78612590 | C7: 78612590 | D7: =+'Lote 6. Cosmetologia '!A93 -> 91 | E7: =+G42 -> 5 | G7: 5 | H7: 41103200 | I7: Equipo de lavado de laboratorio
A8: LOTE 7. PAPELERIA | B8: =+'Lote 7. Papeleria'!T86 -> 68044795 | C8: 68044795 | D8: =+'Lote 7. Papeleria'!A85 -> 83 | E8: =+G52 -> 9 | G8: 6 | H8: 41111900 | I8: Instrumentos indicadores y de registro
A9: LOTE 8. SALUD | B9: =+'Lote 8. Salud'!V236 -> 34659226 | C9: 34659226 | D9: =+'Lote 8. Salud'!A235 -> 233 | E9: =+G63 -> 10 | G9: 7 | H9: 41121700 | I9: Tubos de ensayo
A10: Presupuesto Total | B10: =SUM(B2:B9) -> 4.2033278e+08 | C10: =SUM(C2:C9) -> 420332775 | G10: 8 | H10: 41121800 | I10: Articulos de vidrio o plastico y suministros generales de laboratorio
A11: CDP | B11: 421497131 | G11: 9 | H11: 42131600 | I11: Vestuario para el personal sanitario y articulos relacionados
G12: Lote 2. Logistica
G13: 1 | H13: 23153000 | I13: Dispositivos y sistemas de guia, posicionamiento y sujecion
C14: 401386230 | G14: 2 | H14: 24111500 | I14: Bolsas
C15: =+C10-C14 -> 18946545 | G15: 3 | H15: 24112700 | I15: Estibas
G16: 4 | H16: 24121500 | I16: Cajas, bolsas y sacos para empaquetado
G17: 5 | H17: 31181700 | I17: Embalajes y empaquetaduras
G18: Lote 3. Alojamiento y Limpieza
G19: 1 | H19: 26111700 | I19: Baterías, pilas y accesorios
G20: 2 | H20: 39111500 | I20: Iluminación de interiores y artefactos
G21: 3 | H21: 52121500 | I21: Ropa de cama
G22: 4 | H22: 53102500 | I22: Accesorios para vestir
G23: 5 | H23: 53131600 | I23: Baño y cuerpo
G24: Lote 4. Artesanias
G25: 1 | H25: 11151700 | I25: Hilos
G26: 2 | H26: 11161800 | I26: Tejidos sinteticos
G27: 3 | H27: 11162100 | I27: Tejidos o telas especiales
G28: 4 | H28: 31221500 | I28: Pinturas y tapa poros
G29: 5 | H29: 53141600 | I29: Suministros de costura variados
G30: 6 | H30: 54101600 | I30: Bisuteria
G31: 7 | H31: 60124100 | I31: Materiales de proyectos multicultural y accesorios
G32: Lote 5. Organización de Eventos
G33: 1 | H33: 24112600 | I33: Contenedores para liquidos
G34: 2 | H34: 48101900 | I34: Tazas para servicio de mesa
G35: 3 | H35: 52121600 | I35: Mantelerias de cocina y mesa y accesorios
G36: 4 | H36: 52152000 | I36: Platos, utensilios para servir y recipientes para almacenar
G37: Lote 6. Cosmetología
G38: 1 | H38: 11101500 | I38: Minerales
G39: 2 | H39: 12181600 | I39: Aceites
G40: 3 | H40: 51241200 | I40: Agentes dermatologicos
G41: 4 | H41: 53131600 | I41: Baño y cuerpo
G42: 5 | H42: 60121200 | I42: Pintura del aula y de bellas artes, medios, aplicadores y accesorios
G43: Lote 7. Papeleria
G44: 1 | H44: 12352300 | I44: Compuestos inorganicos
G45: 2 | H45: 14111500 | I45: Papel de imprenta y papel de escribir
G46: 3 | H46: 31162400 | I46: Fijadores varios
G47: 4 | H47: 31211500 | I47: Pinturas y tapa poros
G48: 5 | H48: 44121600 | I48: Suministros de escritorio
G49: 6 | H49: 44121700 | I49: Instrumentos de escritura
G50: 7 | H50: 44122000 | I50: Carpteas de archivo, carpetas y separadores
G51: 8 | H51: 45101500 | I51: Maquinaria y equipo de imprenta
G52: 9 | H52: 60141100 | I52: Juegos
G53: Lote 8. Salud
G54: 1 | H54: 12352100 | I54: Derivados orgánicos y compuestos sustituidos
G55: 2 | H55: 11121800 | I55: Fibras de plantas
G56: 3 | H56: 12141900 | I56: No- metales y gases elementos y puros
G57: 4 | H57: 41103200 | I57: Equipo de lavado de laboratorio
G58: 5 | H58: 41121800 | I58: Articulos de vidrio o plastico y suministros generales de laboratorio
G59: 6 | H59: 42142500 | I59: Agujas de inyeccion y aspiracion y accesorios
G60: 7 | H60: 51102700 | I60: Antisepticos
G61: 8 | H61: 51241200 | I61: Agentes dermatologicos
G62: 9 | H62: 42131600 | I62: Vestuario para el personal sanitario y artículos relacionados
G63: 10 | H63: 42151500 | I63: Suministros y equipos de odontología cosmética
